Workbook

Sheet MENU
B1: QUALIFICAÇÃO DE FORNECEDORES SUPPLIER QUALIFICATION | C1: RQ-COR-GQ-13
C3: Revisão 03
A8: FORNECEDORES DE PRODUTOS
A9: 2.1 FORNECEDORES DE PRODUTOS 2.1 PRODUCT SUPPLIER
A23: FORNECEDORES DE SERVIÇOS
A24: 2.2 FORNECEDORES DE SERVIÇOS 2.2 SERVICE SUPPLIER

Sheet ORIENTAÇÕES_GENERAL
B1: QUALIFICAÇÃO DE FORNECEDORES - ORIENTAÇÕES GERAIS SUPPLIER QUALIFICATION- GENERAL GUIDELINES | D1: RQ-COR-GQ-13
D3: Revisão 03
A6: Prezado Fornecedor / Dear Supplier
A8: Este Questionário de Avaliação faz parte do Sistema de Qualificação de Fornecedores da ICC Brazil.
A9: This questionnaire is part of ICC Brazil Supplier Qualification Process
A11: Este questionário deve ser preenchido para cada planta fornecedora /fabricante. Quando a empresa fornecer mais de um produto, deve ser enviado um questionário para cada produto fornecido.
A12: This questionnaire must be filled out to each supplier plant / When the company supplies more than one product, it must be filled ou to each product.
A14: Se a empresa for fornecedora de produtos: preencha alguma das categorias do itens 2.1 no menu inicial
A15: If the company supplies products: Fill the related category of item 2.1 in the main menu
A17: NOTA: As questões devem ser preenchidas pela empresa fabricante do produto, estas informações não são de responsabilidade do distrubuidor. Portanto, o distribuidor precisa direcionar estas documento para o fabricante.
A18: NOTE: These questions must be filled out by the manufacturer company, these information are not responsibility of the distributor. Therefore the distributor have to send this document to the manufacturer.
A20: Se a empresa for fornecedora de serviço: preencha alguma das categorias do item do itens 2.2 no menu inicial
A21: If the company supplies a service: Fill the related category of the item 2.2 in the main menu
A23: A devolução deste questionário preenchido e dos documentos solicitados deve ocorrem no prazo de até 10 dias úteis após o recebimento.
... A32: We are available for any clarification and appreciate the collaboration in advance.
C37: Departamento de Qualidade ICC Brazil
C38: Quality Department ICC Brazil

Sheet MATÉRIA-PRIMA_RAW MATERIAL
C1: QUALIFICAÇÃO DE FORNECEDORES - MATERIA-PRIMA (LEVEDURA) E PRODUTOS IMPORTADOS QUALIFICATION OF SUPPLIERS - RAW MATERIAL (YEAST) AND IMPORTED PRODUCTS | J1: RQ-COR-GQ-13
J3: Revisão 03
B5: Para efetuar o preenchimento do formulário em inglês, solicitamos que selecione o botão abaixo./To fill out the form in English, we kindly request that you select the button below.
J10: FALSE
B11: =IF($J$10=TRUE,"Corporate Name:","Razão Social:") -> Razão Social:
B12: =IF($J$10=TRUE,"Fantasy Name:","Nome Fantasia:") -> Nome Fantasia:
B13: =IF($J$10=TRUE,"TIN:","CNPJ:") -> CNPJ:
B14: =IF($J$10=TRUE,"Adress:","Endereço:") -> Endereço:
B15: =IF($J$10=TRUE,"Product supplied to ICC Brazil:","Produto (s) fornecido (s) para a ICC:") -> Produto (s) fornecido (s) para a ICC:
B16: =IF($J$10=TRUE,"Yeast species and strain","Código da CEPA:") -> Código da CEPA:
B17: =IF($J$10=TRUE,"CEO:","Responsável Técnico:") -> Responsável Técnico:
C23: =IF($J$10=TRUE,"Please select the submitted documents below","Selecione abaixo os documentos enviados.") -> Selecione abaixo os documentos enviados.
C24: =IF($J$10=TRUE,"REQUIREMENT","REQUISITO") -> REQUISITO | D24: =IF($J$10=TRUE,"SENT","ENVIADO") -> ENVIADO | F24: =IF($J$10=TRUE,"DOCUMENTS","DOCUMENTOS") -> DOCUMENTOS
C25: =IF($J$10=TRUE,"Mandatory","Obrigatório") -> Obrigatório | F25: =IF($J$10=TRUE,"Product registration with the Responsible Organ of the country of origin","Registro do produto junto ao órgão responsável") -> Registro do produto junto ao órgão responsável
C26: =IF($J$10=TRUE,"Mandatory","Obrigatório") -> Obrigatório | F26: =IF($J$10=TRUE,"Proof of company registration with regulatory agencies","Comprovante de registro da empresa junto aos órgãos reguladores") -> Comprovante de registro da empresa junto aos órgãos reguladores
C27: =IF($J$10=TRUE,"Mandatory","Obrigatório") -> Obrigatório | F27: =IF($J$10=TRUE,"Technical Specification Sheet (TS)","Ficha de Especificações Técnicas") -> Ficha de Especificações Técnicas
C28: =IF($J$10=TRUE,"Mandatory","Obrigatório") -> Obrigatório | F28: =IF($J$10=TRUE,"Material Safety Data Sheet (MSDS)","FISPQ") -> FISPQ
C29: =IF($J$10=TRUE,"Mandatory","Obrigatório") -> Obrigatório | F29: =IF($J$10=TRUE,"Product Flowchart (including PCCs)","Fluxograma do Produto (incluindo PCCs)") -> Fluxograma do Produto (incluindo PCCs)
C30: =IF($J$10=TRUE,"Mandatory","Obrigatório") -> Obrigatório | F30: =IF($J$10=TRUE,"GMP (Good Manufacturer Practices) Plan","Plano BPF (Boas Práticas de Fabricação)") -> Plano BPF (Boas Práticas de Fabricação)
C31: =IF($J$10=TRUE,"Mandatory","Obrigatório") -> Obrigatório | F31: =IF($J$10=TRUE,"HACCP Plan","Plano APPCC") -> Plano APPCC
C32: =IF($J$10=TRUE,"Mandatory","Obrigatório") -> Obrigatório | F32: =IF($J$10=TRUE,"Allergenic Declaration","Declaração de produto livre de alergênicos") -> Declaração de produto livre de alergênicos
C33: =IF($J$10=TRUE,"Mandatory","Obrigatório") -> Obrigatório | F33: =IF($J$10=TRUE,"Declaration of absence of products of animal origin","Declaração de ausência de produtos de origem animal;") -> Declaração de ausência de produtos de origem animal;
C34: =IF($J$10=TRUE,"Mandatory","Obrigatório") -> Obrigatório | F34: =IF($J$10=TRUE,"Vegetable Origin - Statement","Declaração de origem vegetal") -> Declaração de origem vegetal
C35: =IF($J$10=TRUE,"Mandatory","Obrigatório") -> Obrigatório | F35: =IF($J$10=TRUE,"GMO Absecence/Presence - Statement","Declaração de ausência de GMO;") -> Declaração de ausência de GMO;
C36: =IF($J$10=TRUE,"Mandatory","Obrigatório") -> Obrigatório | F36: =IF($J$10=TRUE,"Coccidiostats last report","Declaração de produto livre de coccidiostáticos") -> Declaração de produto livre de coccidiostáticos
C37: =IF($J$10=TRUE,"Mandatory","Obrigatório") -> Obrigatório | F37: =IF($J$10=TRUE,"Ractopamin absence/presence - Statement","Declaração de ausência de ractopamina") -> Declaração de ausência de ractopamina
C38: =IF($J$10=TRUE,"Mandatory","Obrigatório") -> Obrigatório | F38: =IF($J$10=TRUE,"Etoxiquim absecece/presence - Statement","Declaração de Ausência/presença de etoxiquim") -> Declaração de Ausência/presença de etoxiquim
C39: =IF($J$10=TRUE,"Mandatory","Obrigatório") -> Obrigatório | F39: =IF($J$10=TRUE,"Quality plan of the product provided describing the analysis performed, frequency, specifications, methodology used (reference)","Plano da qualidade para o produto acabado fornecido descrevendo as análises realizadas, frequência, especificações, Metodologia (referência)") -> Plano da qualidade para o produto acabado fornecido descrevendo as análises realizadas, frequência, especificações, Metodologia (referência)
C40: =IF($J$10=TRUE,"Mandatory","Obrigatório") -> Obrigatório | F40: =IF($J$10=TRUE,"Microbiology last report (mesophilic bacteria, enterobacteriaceae, molds and yeasts, E.coli and Salmonella)","Último laudo de microbiologia (bactérias mesófilas, enterobactérias, bolores e leveduras, E.coli e Salmonella)") -> Último laudo de microbiologia (bactérias mesófilas, enterobactérias, bolores e leveduras, E.coli e Salmonella)
C41: =IF($J$10=TRUE,"Mandatory","Obrigatório") -> Obrigatório | F41: =IF($J$10=TRUE,"Heavy Metals last report (Arsenio, lead, mercury and cadmium)","Último laudo de metais pesados (arsênio, chumbo, mercúrio e cádmio)") -> Último laudo de metais pesados (arsênio, chumbo, mercúrio e cádmio)
C42: =IF($J$10=TRUE,"Mandatory","Obrigatório") -> Obrigatório | F42: =IF($J$10=TRUE," Dioxins, Furans and PCBs last report","Último laudo de dioxinas, furanos e PCBs") -> Último laudo de dioxinas, furanos e PCBs
C43: =IF($J$10=TRUE,"Mandatory","Obrigatório") -> Obrigatório | F43: =IF($J$10=TRUE,"Mycotoxins last report (aflatoxins B1, B2 and G1, G2)","Último relatório de micotoxinas (aflatoxinas B1, B2 e G1, G2)") -> Último relatório de micotoxinas (aflatoxinas B1, B2 e G1, G2)
C44: =IF($J$10=TRUE,"Mandatory","Obrigatório") -> Obrigatório | F44: =IF($J$10=TRUE,"Melamine last report","Último laudo de melamina") -> Último laudo de melamina
C45: =IF($J$10=TRUE,"Mandatory","Obrigatório") -> Obrigatório | F45: =IF($J$10=TRUE,"Pesticides last report (organochlorines, organophosphates and carbamates)","Último laudo de pesticidas (organoclorados, organofosforados e carbamatos)") -> Último laudo de pesticidas (organoclorados, organofosforados e carbamatos)
C46: =IF($J$10=TRUE,"Differencial","Diferencial") -> Diferencial | F46: =IF($J$10=TRUE,"Food Safety Certificates (e.g., GMP+FSA, FSSC 22000, FAMI QS, BRC...)","Certificados de Segurança de Alimentos (por exemplo, GMP+FSA, FSSC 22000, FAMI QS, BRC...)") -> Certificados de Segurança de Alimentos (por exemplo, GMP+FSA, FSSC 22000, FAMI QS, BRC...)
B53: =IF($J$10=TRUE,"Product Information","Informação do Produto ") -> Informação do Produto
B54: =IF($J$10=TRUE,"Composition:","Composição:") -> Composição:
B55: =IF($J$10=TRUE,"Origin:","Origem:") -> Origem:
B56: =IF($J$10=TRUE,"Shelf Life and Storage Conditions:","Prazo de validade e condições de armazenamento:") -> Prazo de validade e condições de armazenamento:
B57: =IF($J$10=TRUE,"Requisitos regulamentares:","")
B58: =IF($J$10=TRUE,"Read each statement and mark with an X in the column according to the company's service in the item.","Por favor, leia cada enunciado e assinale com um X na coluna correspondente ao atendimento da empresa para o respectivo item.") -> Por favor, leia cada enunciado e assinale com um X na coluna correspondente ao atendimento da empresa para o respectivo item.
B59: =IF($J$10=TRUE,"Organizational Data","Dados Organizacionais") -> Dados Organizacionais
B60: =IF($J$10=TRUE,"Items (Answer the question with an X. If the answer is NA, please justify the answer at the Observation field.","Itens (Selecione a resposta com X) / Se NA, justificar em Observações") -> Itens (Selecione a resposta com X) / Se NA, justificar em Observações | D60: =IF($J$10=TRUE,"Yes","Sim") -> Sim | E60: =IF($J$10=TRUE,"No","Não") -> Não | F60: =IF($J$10=TRUE,"In progress","Em andamento") -> Em andamento | G60: =IF($J$10=TRUE,"NA (not applicable)","NA") -> NA | H60: =IF($J$10=TRUE,"Observation","Observações") -> Observações
B61: 1 | C61: =IF($J$10=TRUE,"Does the company have a contract with its employees?","A empresa possui contrato com seus funcionários?") -> A empresa possui contrato com seus funcionários?
B62: 2 | C62: =IF($J$10=TRUE,"Is the working hours according to the current legislation of your country?","O horário de trabalho está de acordo com a legislação?") -> O horário de trabalho está de acordo com a legislação?
B63: 3 | C63: =IF($J$10=TRUE,"Does the company collect charges and taxes defined in the legislation ?","A empresa recolhe encargos e impostos definidos na legislação?") -> A empresa recolhe encargos e impostos definidos na legislação?
B64: 4 | C64: =IF($J$10=TRUE,"Does the company use any electronic managerial/administrative tool? Which?","A empresa utiliza alguma ferramenta gerencial/administrativa eletrônica? Qual?") -> A empresa utiliza alguma ferramenta gerencial/administrativa eletrônica? Qual?
B65: =IF($J$10=TRUE,"Training Information","Informações de Treinamento") -> Informações de Treinamento
B66: =IF($J$10=TRUE,"Items (Answer the question with an X. If the answer is NA, please justify the answer at the Observation field.","Itens (Selecione a resposta com X) / Se NA, justificar em Observações") -> Itens (Selecione a resposta com X) / Se NA, justificar em Observações | D66: =IF($J$10=TRUE,"Yes","Sim") -> Sim | E66: =IF($J$10=TRUE,"No","Não") -> Não | F66: =IF($J$10=TRUE,"In progress","Em andamento") -> Em andamento | G66: =IF($J$10=TRUE,"NA (not applicable)","NA") -> NA | H66: =IF($J$10=TRUE,"Observation","Observações") -> Observações
B67: 5 | C67: =IF($J$10=TRUE,"Are there written training programs?","Existem programas de treinamento escritos?") -> Existem programas de treinamento escritos?
B68: 6 | C68: =IF($J$10=TRUE,"Are the employes qualified?","Os funcionários são qualificados?") -> Os funcionários são qualificados?
B69: 7 | C69: =IF($J$10=TRUE,"Are there training records kept in controlled files?","Há registros de treinamento mantidos em arquivos controlados?") -> Há registros de treinamento mantidos em arquivos controlados?
B70: =IF($J$10=TRUE,"Safety, Ocupational Health and Environment","Segurança, Saúde Ocupacional e Meio Ambiente") -> Segurança, Saúde Ocupacional e Meio Ambiente
B71: =IF($J$10=TRUE,"Items (Answer the question with an X. If the answer is NA, please justify the answer at the Observation field.","Itens (Selecione a resposta com X) / Se NA, justificar em Observações") -> Itens (Selecione a resposta com X) / Se NA, justificar em Observações | D71: =IF($J$10=TRUE,"Yes","Sim") -> Sim | E71: =IF($J$10=TRUE,"No","Não") -> Não | F71: =IF($J$10=TRUE,"In progress","Em andamento") -> Em andamento | G71: =IF($J$10=TRUE,"NA (not applicable)","NA") -> NA | H71: =IF($J$10=TRUE,"Observation","Observações") -> Observações
B72: 8 | C72: =IF($J$10=TRUE,"Are there written security procedures?","Existem procedimentos de segurança escritos?") -> Existem procedimentos de segurança escritos?
B73: 9 | C73: =IF($J$10=TRUE,"Are there written procedures for recording and investigating accidents?","Existem procedimentos escritos para registrar e investigar acidentes?") -> Existem procedimentos escritos para registrar e investigar acidentes?
B74: 10 | C74: =IF($J$10=TRUE,"Are work safety training carried out for emplyees?","São realizados treinamentos de segurança do trabalho para os funcionários?") -> São realizados treinamentos de segurança do trabalho para os funcionários?
B75: 11 | C75: =IF($J$10=TRUE,"Is the Environmental Risk Prevention Program (ERPP) implemented?","O Programa de Prevenção de Riscos Ambientais (PPRA) está implementado?") -> O Programa de Prevenção de Riscos Ambientais (PPRA) está implementado?
B76: 12 | C76: =IF($J$10=TRUE,"Does the company have a waste management program?","A empresa possui um programa de gerenciamento de resíduos?") -> A empresa possui um programa de gerenciamento de resíduos?
B77: 13 | C77: =IF($J$10=TRUE,"Is the implemented Program for Medical Control and Occupational Health – PCMSO?","O Programa de Controle Médico e Saúde Ocupacional – PCMSO está implantado?") -> O Programa de Controle Médico e Saúde Ocupacional – PCMSO está implantado?
B78: 14 | C78: =IF($J$10=TRUE,"Do you comply with current legislation on occupational health and safety?","Você cumpre a legislação vigente sobre saúde e segurança ocupacional?") -> Você cumpre a legislação vigente sobre saúde e segurança ocupacional?
B79: 15 | C79: =IF($J$10=TRUE,"Do you have an environment license? Please send a copy","Você possui licença ambiental? Por favor envie uma cópia") -> Você possui licença ambiental? Por favor envie uma cópia
B80: =IF($J$10=TRUE,"Manufacturer Information / Process Information","Informações do fabricante/Informações do Processo") -> Informações do fabricante/Informações do Processo
B81: =IF($J$10=TRUE,"Items (Answer the question with an X. If the answer is NA, please justify the answer at the Observation field.","Itens (Selecione a resposta com X) / Se NA, justificar em Observações") -> Itens (Selecione a resposta com X) / Se NA, justificar em Observações | D81: =IF($J$10=TRUE,"Yes","Sim") -> Sim | E81: =IF($J$10=TRUE,"No","Não") -> Não | F81: =IF($J$10=TRUE,"In progress","Em andamento") -> Em andamento | G81: =IF($J$10=TRUE,"NA (not applicable)","NA") -> NA | H81: =IF($J$10=TRUE,"Observation","Observações") -> Observações
B82: 16 | C82: =IF($J$10=TRUE,"Does the company have a quality system and / or food safety management system, properly implemented and disseminated to all employees?","A empresa dispõe de um sistema de qualidade e/ou sistema de gestão de segurança alimentar, devidamente implementado e divulgado a todos os colaboradores?") -> A empresa dispõe de um sistema de qualidade e/ou sistema de gestão de segurança alimentar, devidamente implementado e divulgado a todos os colaboradores?
B83: 17 | C83: =IF($J$10=TRUE,"Is a drying system used? What are?","É utilizado sistema de secagem? Qual?") -> É utilizado sistema de secagem? Qual?
B84: 18 | C84: =IF($J$10=TRUE," Is the quality management system and / or food safety management system submitted at regular intervals to internal and external audits? What is the frequency?","O sistema de gestão da qualidade e/ou sistema de gestão da segurança alimentar é submetido regularmente a auditorias internas e externas? Qual é a frequência?") -> O sistema de gestão da qualidade e/ou sistema de gestão da segurança alimentar é submetido regularmente a auditorias internas e externas? Qual é a frequência?
B85: 19 | C85: =IF($J$10=TRUE,"Is quality control done internally? If external what is the certification of the performer?","O controle de qualidade é feito internamente? Se externo, qual é a empresa? É certificada?") -> O controle de qualidade é feito internamente? Se externo, qual é a empresa? É certificada?
B86: 20 | C86: =IF($J$10=TRUE,"Does the company have Good Manufacturing Practices and/or 5S implanted?","A empresa possui Boas Práticas de Fabricação e/ou 5S implantados?") -> A empresa possui Boas Práticas de Fabricação e/ou 5S implantados?
B87: 21 | C87: =IF($J$10=TRUE,"Are there procedures for the processes?","Existem procedimentos para os processos?") -> Existem procedimentos para os processos?
B88: 22 | C88: =IF($J$10=TRUE,"Are there procedures for receiving and inspecting raw materials?","Existem procedimentos para recebimento e inspeção de matérias-primas?") -> Existem procedimentos para recebimento e inspeção de matérias-primas?
B89: 23 | C89: =IF($J$10=TRUE,"Are there procedures for handling nonconformities?","Existem procedimentos para lidar com não conformidades?") -> Existem procedimentos para lidar com não conformidades?
B90: 24 | C90: =IF($J$10=TRUE,"Is there a procedure for stocking the raw material and the final product?","Existe procedimento para estocagem da matéria-prima e do produto final?") -> Existe procedimento para estocagem da matéria-prima e do produto final?
B91: 25 | C91: =IF($J$10=TRUE,"Are raw materials and final products released according to specifications?","As matérias-primas e os produtos finais são liberados de acordo com as especificações?") -> As matérias-primas e os produtos finais são liberados de acordo com as especificações?
B92: 26 | C92: =IF($J$10=TRUE,"Is there technical assistance defined under formal procedures for your clients?","Existe assistência técnica definida em procedimentos formais para seus clientes?") -> Existe assistência técnica definida em procedimentos formais para seus clientes?
B93: 27 | C93: =IF($J$10=TRUE,"Are there procedures for traceability of raw materials and finished products?","Existem procedimentos de rastreabilidade de matérias-primas e produtos acabados?") -> Existem procedimentos de rastreabilidade de matérias-primas e produtos acabados?
B94: 28 | C94: =IF($J$10=TRUE,"Is there a raw material collection plan and analyze of raw material and final product documented?","Existe um plano de coleta de matéria-prima e análise documentada da matéria-prima e do produto final?") -> Existe um plano de coleta de matéria-prima e análise documentada da matéria-prima e do produto final?
B95: 29 | C95: =IF($J$10=TRUE,"Does the company adopt a sample collection procedure for the finished product? What is the retention time?","A empresa adota procedimento de coleta de amostras do produto acabado? Qual é o tempo de retenção?") -> A empresa adota procedimento de coleta de amostras do produto acabado? Qual é o tempo de retenção?
B96: 30 | C96: =IF($J$10=TRUE,"Does the company have a policy of breaking glass and hard plastic implemented? Indicate monitoring frequency.","A empresa possui uma política de quebra de vidros e plásticos rígidos implementada? Indique a frequência de monitoramento.") -> A empresa possui uma política de quebra de vidros e plásticos rígidos implementada? Indique a frequência de monitoramento.
B97: 31 | C97: =IF($J$10=TRUE,"Does the company use any ingredient of animal origin, such as antifoams, dispersants, amino acids, etc.?","A empresa utiliza algum ingrediente de origem animal, como antiespumantes, dispersantes, aminoácidos, etc.?") -> A empresa utiliza algum ingrediente de origem animal, como antiespumantes, dispersantes, aminoácidos, etc.?
B98: 32 | C98: =IF($J$10=TRUE,"Does the company have procedures and integrated pest control system implemented? Indicate the monitoring frequency.","A empresa possui procedimentos e sistema integrado de controle de pragas implementados? Indique a frequência de monitoramento.") -> A empresa possui procedimentos e sistema integrado de controle de pragas implementados? Indique a frequência de monitoramento.
B99: 33 | C99: =IF($J$10=TRUE,"Is there procedure to avoid cross-contamination?","Existe procedimento para evitar contaminação cruzada?") -> Existe procedimento para evitar contaminação cruzada?
B100: 34 | C100: =IF($J$10=TRUE,"Are there adequate storage locations for raw materials and finished products?","Existem locais de armazenamento adequados para matérias-primas e produtos acabados?") -> Existem locais de armazenamento adequados para matérias-primas e produtos acabados?
B101: 35 | C101: =IF($J$10=TRUE,"Are there written procedures for the storage of final products?","Existem procedimentos escritos para o armazenamento dos produtos finais?") -> Existem procedimentos escritos para o armazenamento dos produtos finais?
B102: 36 | C102: =IF($J$10=TRUE,"Are there written procedures for inspection of final products?","Existem procedimentos escritos para inspeção de produtos finais?") -> Existem procedimentos escritos para inspeção de produtos finais?
B103: 37 | C103: =IF($J$10=TRUE,"Is there a systematic and a control of product withdrawal (FIFO - First In, First out)?","Existe uma sistemática e controle de retirada de produtos (FIFO – First In, First out)?") -> Existe uma sistemática e controle de retirada de produtos (FIFO – First In, First out)?
B104: 38 | C104: =IF($J$10=TRUE,"Are stored products identified according to batch number or some other criterion? Inform the model used.","Os produtos armazenados são identificados de acordo com o número do lote ou algum outro critério? Informe o modelo utilizado.") -> Os produtos armazenados são identificados de acordo com o número do lote ou algum outro critério? Informe o modelo utilizado.
B105: 39 | C105: =IF($J$10=TRUE,"Is there a secure system for controlling the shipment of products that have been released by quality warranty?","Existe um sistema seguro para controle do envio de produtos liberados pela garantia de qualidade?") -> Existe um sistema seguro para controle do envio de produtos liberados pela garantia de qualidade?
B106: 40 | C106: =IF($J$10=TRUE,"Are materials that require specific storage conditions stored properly? Are these conditions monitored?","Os materiais que requerem condições específicas de armazenamento são armazenados adequadamente? Essas condições são monitoradas?") -> Os materiais que requerem condições específicas de armazenamento são armazenados adequadamente? Essas condições são monitoradas?
B107: 41 | C107: =IF($J$10=TRUE," Is the efficiency of the Recall system regularly checked? What is the frequency?","A eficiência do sistema Recall é verificada regularmente? Qual é a frequência?") -> A eficiência do sistema Recall é verificada regularmente? Qual é a frequência?
B108: 42 | C108: =IF($J$10=TRUE,"Are there products from different sources stored in the same place, or is the warehouse unique to the same product type?","Existem produtos de diferentes origens armazenados no mesmo local ou o armazém é exclusivo para o mesmo tipo de produto?") -> Existem produtos de diferentes origens armazenados no mesmo local ou o armazém é exclusivo para o mesmo tipo de produto?
B109: =IF($J$10=TRUE,"Manufacturer Information / Process Information","Informações do fabricante/Informações do Processo") -> Informações do fabricante/Informações do Processo
B110: =IF($J$10=TRUE,"Items (Answer the question with an X. If the answer is NA, please justify the answer at the Observation field.","Itens (Selecione a resposta com X) / Se NA, justificar em Observações") -> Itens (Selecione a resposta com X) / Se NA, justificar em Observações | D110: =IF($J$10=TRUE,"Yes","Sim") -> Sim | E110: =IF($J$10=TRUE,"No","Não") -> Não | F110: =IF($J$10=TRUE,"In progress","Em andamento") -> Em andamento | G110: =IF($J$10=TRUE,"NA (not applicable)","NA") -> NA | H110: =IF($J$10=TRUE,"Observation","Observações") -> Observações
B111: 43 | C111: =IF($J$10=TRUE,"Are there control for microbiological/biological contaminants contaminants? Cite which contaminants are contolled and the frequency of monitoring","Há controle de contaminantes microbiológicos/biológicos? Citar quais contaminantes são controlados e a frequência do monitoramento.") -> Há controle de contaminantes microbiológicos/biológicos? Citar quais contaminantes são controlados e a frequência do monitoramento.
B112: 44 | C112: =IF($J$10=TRUE,"Are there control for quimical contaminants? Cite which contaminants are contolled and the frequency of monitoring","Existe controle para contaminantes químicos? Cite quais contaminantes são controlados e a frequência de monitoramento") -> Existe controle para contaminantes químicos? Cite quais contaminantes são controlados e a frequência de monitoramento
B113: 45 | C113: =IF($J$10=TRUE,"Are there control for physical contaminants? Are there procedures to prevent the occurence of foreing body ? Cite which controlls and the frequency of monitoring.","Existe controle para contaminantes físicos? Existem procedimentos para prevenir a ocorrência de corpo estranho? Cite quais controles e a frequência do monitoramento.") -> Existe controle para contaminantes físicos? Existem procedimentos para prevenir a ocorrência de corpo estranho? Cite quais controles e a frequência do monitoramento.
B114: 46 | C114: =IF($J$10=TRUE,"Are there residual antibiotic or antimicrobial controls? If they are used in the company, indicate what they are.","Existem controles residuais de antibióticos ou antimicrobianos? Se forem utilizados na empresa, indique quais são.") -> Existem controles residuais de antibióticos ou antimicrobianos? Se forem utilizados na empresa, indique quais são.
B115: 47 | C115: =IF($J$10=TRUE,"Are used lubricants of food grade in installations in contact with the product?","São utilizados lubrificantes de qualidade alimentar nas instalações em contato com o produto?") -> São utilizados lubrificantes de qualidade alimentar nas instalações em contato com o produto?
B116: 48 | C116: =IF($J$10=TRUE,"During production, ingredients are added to prevent agglomeration (Anti-Caking / Anticaking). If yes, indicate what they are.","Durante a produção são adicionados ingredientes para evitar aglomeração (Antiaglomerante/Antiaglomerante). Se sim, indique quais são.") -> Durante a produção são adicionados ingredientes para evitar aglomeração (Antiaglomerante/Antiaglomerante). Se sim, indique quais são.
B118: =IF($J$10=TRUE,"I declare that all information is true and that any changes in the manufacturing process, specification, or any other changes that impact the quality and/or traceability of the product supplied will be duly communicated to ICC Brazil.","Declaro que todas as informações são verídicas e que qualquer alteração no processo de fabricação, especificação, ou quaisquer outras mudanças que impactem na qualidade e/ou rastreabilidade do produto fornecido serão devidamente comunicados a ICC Brazil.") -> Declaro que todas as informações são verídicas e que qualquer alteração no processo de fabricação, especificação, ou quaisquer outras mudanças que impactem na qualidade e/ou rastreabilidade do produto fornecido serão devidamente comunicados a ICC Brazil.
...

Sheet MATERIA-PRIMA (OUTROS) 
C1: QUALIFICAÇÃO DE FORNECEDORES - MATERIA-PRIMA (OUTROS) QUALIFICATION OF SUPPLIERS - RAW MATERIALS (OTHERS) | J1: RQ-COR-GQ-13
J3: Revisão 03
B5: Para efetuar o preenchimento do formulário em inglês, solicitamos que selecione o botão abaixo./To fill out the form in English, we kindly request that you select the button below.
J10: TRUE
B11: =IF($J$10=TRUE,"Corporate Name:","Razão Social:") -> Corporate Name:
B12: =IF($J$10=TRUE,"Fantasy Name:","Nome Fantasia:") -> Fantasy Name:
B13: =IF($J$10=TRUE,"TIN:","CNPJ:") -> TIN:
B14: =IF($J$10=TRUE,"Adress:","Endereço:") -> Adress:
B15: =IF($J$10=TRUE,"Product supplied to ICC Brazil:","Produto (s) fornecido (s) para a ICC:") -> Product supplied to ICC Brazil:
B16: =IF($J$10=TRUE,"Yeast species and strain","Código da CEPA:") -> Yeast species and strain
B17: =IF($J$10=TRUE,"CEO:","Responsável Técnico:") -> CEO:
C22: =IF($J$10=TRUE,"Please select the submitted documents below","Selecione abaixo os documentos enviados.") -> Please select the submitted documents below
C23: =IF($J$10=TRUE,"REQUIREMENT","REQUISITO") -> REQUIREMENT | D23: =IF($J$10=TRUE,"SENT","ENVIADO") -> SENT | F23: =IF($J$10=TRUE,"DOCUMENTS","DOCUMENTOS") -> DOCUMENTS
C24: =IF($J$10=TRUE,"Mandatory","Obrigatório") -> Mandatory | F24: =IF($J$10=TRUE,"Product registration with the Responsible Organ of the country of origin","Registro do produto junto ao órgão responsável") -> Product registration with the Responsible Organ of the country of origin
C25: =IF($J$10=TRUE,"Mandatory","Obrigatório") -> Mandatory | F25: =IF($J$10=TRUE,"Proof of company registration with regulatory agencies","Comprovante de registro da empresa junto aos órgãos reguladores") -> Proof of company registration with regulatory agencies
C26: =IF($J$10=TRUE,"Mandatory","Obrigatório") -> Mandatory | F26: =IF($J$10=TRUE,"Technical Specification Sheet (TS)","Ficha de Especificações Técnicas") -> Technical Specification Sheet (TS)
C27: =IF($J$10=TRUE,"Mandatory","Obrigatório") -> Mandatory | F27: =IF($J$10=TRUE,"Material Safety Data Sheet (MSDS)","FISPQ") -> Material Safety Data Sheet (MSDS)
C28: =IF($J$10=TRUE,"Mandatory","Obrigatório") -> Mandatory | F28: =IF($J$10=TRUE,"Product Flowchart (including PCCs)","Fluxograma do Produto (incluindo PCCs)") -> Product Flowchart (including PCCs)
C29: =IF($J$10=TRUE,"Mandatory","Obrigatório") -> Mandatory | F29: =IF($J$10=TRUE,"GMP (Good Manufacturer Practices) Plan","Plano BPF (Boas Práticas de Fabricação)") -> GMP (Good Manufacturer Practices) Plan
C30: =IF($J$10=TRUE,"Mandatory","Obrigatório") -> Mandatory | F30: =IF($J$10=TRUE,"Heavy Metals last report (Arsenio, lead, mercury and cadmium)","Último relatório de metais pesados (arsênio, chumbo, mercúrio e cádmio)") -> Heavy Metals last report (Arsenio, lead, mercury and cadmium)
C31: =IF($J$10=TRUE,"Mandatory","Obrigatório") -> Mandatory | F31: =IF($J$10=TRUE,"Declaration of absence of products of animal origin","Declaração de ausência de produtos de origem animal (português e inglês);") -> Declaration of absence of products of animal origin
C32: =IF($J$10=TRUE,"Mandatory","Obrigatório") -> Mandatory | F32: =IF($J$10=TRUE,"GMO Absecence/Presence - Statement","Declaração de ausência de GMO;") -> GMO Absecence/Presence - Statement
C33: =IF($J$10=TRUE,"Mandatory","Obrigatório") -> Mandatory | F33: =IF($J$10=TRUE,"Coccidiostats last report","Declaração de produto livre de coccidiostáticos") -> Coccidiostats last report
C34: =IF($J$10=TRUE,"Mandatory","Obrigatório") -> Mandatory | F34: =IF($J$10=TRUE,"Ractopamin absence/presence - Statement","Declaração de ausência de ractopamina") -> Ractopamin absence/presence - Statement
C35: =IF($J$10=TRUE,"Mandatory","Obrigatório") -> Mandatory | F35: =IF($J$10=TRUE,"Allergenic Declaration","Declaração de produto livre de alergênicos") -> Allergenic Declaration
C36: =IF($J$10=TRUE,"Mandatory","Obrigatório") -> Mandatory | F36: =IF($J$10=TRUE,"Declaration of non-toxicity on the packaging used;","Laudo ou declaração de atoxidade nas embalagens utilizadas;") -> Declaration of non-toxicity on the packaging used;
C37: =IF($J$10=TRUE,"Mandatory","Obrigatório") -> Mandatory | F37: =IF($J$10=TRUE,"Quality plan of the product provided describing the analysis performed, frequency, specifications, methodology used (reference)","Plano da qualidade para o produto acabado fornecido descrevendo as análises realizadas, frequência, especificações, Metodologia (referência)") -> Quality plan of the product provided describing the analysis performed, frequency, specifications, methodology used (reference)
C38: =IF($J$10=TRUE,"Mandatory","Obrigatório") -> Mandatory | F38: =IF($J$10=TRUE," Dioxins, Furans and PCBs last report","Último relatório sobre dioxinas, furanos e PCBs") -> Dioxins, Furans and PCBs last report
C39: =IF($J$10=TRUE,"Mandatory","Obrigatório") -> Mandatory | F39: =IF($J$10=TRUE,"Mycotoxins last report (aflatoxins B1, B2 and G1, G2)","Último relatório de micotoxinas (aflatoxinas B1, B2 e G1, G2)") -> Mycotoxins last report (aflatoxins B1, B2 and G1, G2)
C40: =IF($J$10=TRUE,"Mandatory","Obrigatório") -> Mandatory | F40: =IF($J$10=TRUE,"Microbiology last report (mesophilic bacteria, enterobacteriaceae, molds and yeasts, E.coli and Salmonella)","Último relatório de microbiologia (bactérias mesófilas, enterobactérias, bolores e leveduras, E.coli e Salmonella)") -> Microbiology last report (mesophilic bacteria, enterobacteriaceae, molds and yeasts, E.coli and Salmonella)
C41: =IF(F41="","","Obrigatório") | F41: =IF($J$10=TRUE,"","Licença IBAMA")
C42: =IF($J$10=TRUE,"Differencial","Diferencial") -> Differencial | F42: =IF($J$10=TRUE,"Food Safety Certificates (e.g., GMP+FSA, FSSC 22000, FAMI QS, BRC...)","Certificados de Segurança de Alimentos (por exemplo, GMP+FSA, FSSC 22000, FAMI QS, BRC...)") -> Food Safety Certificates (e.g., GMP+FSA, FSSC 22000, FAMI QS, BRC...)
B51: =IF($J$10=TRUE,"MANUFACTURING COMPANY QUESTIONNAIRE","QUESTIONÁRIO DA EMPRESA FABRICANTE") -> MANUFACTURING COMPANY QUESTIONNAIRE
B52: =IF($J$10=TRUE,"Read each statement and mark with an X in the column according to the company's service in the item.","Por favor, leia cada enunciado e assinale com um X na coluna correspondente ao atendimento da empresa para o respectivo item.") -> Read each statement and mark with an X in the column according to the company's service in the item.
B53: =IF($J$10=TRUE,"Organizational Data","Dados Organizacionais") -> Organizational Data
B54: =IF($J$10=TRUE,"Items (Answer the question with an X. If the answer is NA, please justify the answer at the Observation field.","Itens (Selecione a resposta com X) / Se NA, justificar em Observações") -> Items (Answer the question with an X. If the answer is NA, please justify the answer at the Observation field. | D54: =IF($J$10=TRUE,"Yes","Sim") -> Yes | E54: =IF($J$10=TRUE,"No","Não") -> No | F54: =IF($J$10=TRUE,"In progress","Em andamento") -> In progress | G54: =IF($J$10=TRUE,"NA (not applicable)","NA") -> NA (not applicable) | H54: =IF($J$10=TRUE,"Observation","Observações") -> Observation
B55: 1 | C55: =IF($J$10=TRUE,"Does the company have a contract with its employees?","A empresa possui contrato com seus funcionários?") -> Does the company have a contract with its employees?
B56: 2 | C56: =IF($J$10=TRUE,"Is the working hours according to the current legislation of your country?","O horário de trabalho está de acordo com a legislação?") -> Is the working hours according to the current legislation of your country?
B57: 3 | C57: =IF($J$10=TRUE,"Does the company collect charges and taxes defined in the legislation ?","A empresa recolhe encargos e impostos definidos na legislação?") -> Does the company collect charges and taxes defined in the legislation ?
B58: 4 | C58: =IF($J$10=TRUE,"Does the company use any electronic managerial/administrative tool? Which?","A empresa utiliza alguma ferramenta gerencial/administrativa eletrônica? Qual?") -> Does the company use any electronic managerial/administrative tool? Which?
B59: =IF($J$10=TRUE,"Training Information","Informações de Treinamento") -> Training Information
B60: =IF($J$10=TRUE,"Items (Answer the question with an X. If the answer is NA, please justify the answer at the Observation field.","Itens (Selecione a resposta com X) / Se NA, justificar em Observações") -> Items (Answer the question with an X. If the answer is NA, please justify the answer at the Observation field. | D60: =IF($J$10=TRUE,"Yes","Sim") -> Yes | E60: =IF($J$10=TRUE,"No","Não") -> No | F60: =IF($J$10=TRUE,"In progress","Em andamento") -> In progress | G60: =IF($J$10=TRUE,"NA (not applicable)","NA") -> NA (not applicable) | H60: =IF($J$10=TRUE,"Observation","Observações") -> Observation
B61: 5 | C61: =IF($J$10=TRUE,"Are there written training programs?","Existem programas de treinamento escritos?") -> Are there written training programs?
B62: 6 | C62: =IF($J$10=TRUE,"Are the employes qualified?","Os funcionários são qualificados?") -> Are the employes qualified?
B63: 7 | C63: =IF($J$10=TRUE,"Are there training records kept in controlled files?","Há registros de treinamento mantidos em arquivos controlados?") -> Are there training records kept in controlled files?
B64: =IF($J$10=TRUE,"Safety, Ocupational Health and Environment","Segurança, Saúde Ocupacional e Meio Ambiente") -> Safety, Ocupational Health and Environment
B65: =IF($J$10=TRUE,"Items (Answer the question with an X. If the answer is NA, please justify the answer at the Observation field.","Itens (Selecione a resposta com X) / Se NA, justificar em Observações") -> Items (Answer the question with an X. If the answer is NA, please justify the answer at the Observation field. | D65: =IF($J$10=TRUE,"Yes","Sim") -> Yes | E65: =IF($J$10=TRUE,"No","Não") -> No | F65: =IF($J$10=TRUE,"In progress","Em andamento") -> In progress | G65: =IF($J$10=TRUE,"NA (not applicable)","NA") -> NA (not applicable) | H65: =IF($J$10=TRUE,"Observation","Observações") -> Observation
B66: 8 | C66: =IF($J$10=TRUE,"Are there written security procedures?","Existem procedimentos de segurança escritos?") -> Are there written security procedures?
B67: 9 | C67: =IF($J$10=TRUE,"Are there written procedures for recording and investigating accidents?","Existem procedimentos escritos para registrar e investigar acidentes?") -> Are there written procedures for recording and investigating accidents?
B68: 10 | C68: =IF($J$10=TRUE,"Are work safety training carried out for emplyees?","São realizados treinamentos de segurança do trabalho para os funcionários?") -> Are work safety training carried out for emplyees?
B69: 11 | C69: =IF($J$10=TRUE,"Is the Environmental Risk Prevention Program (ERPP) implemented?","O Programa de Prevenção de Riscos Ambientais (PPRA) está implementado?") -> Is the Environmental Risk Prevention Program (ERPP) implemented?
B70: 12 | C70: =IF($J$10=TRUE,"Does the company have a waste management program?","A empresa possui um programa de gerenciamento de resíduos?") -> Does the company have a waste management program?
B71: 13 | C71: =IF($J$10=TRUE,"Is the implemented Program for Medical Control and Occupational Health – PCMSO?","O Programa de Controle Médico e Saúde Ocupacional – PCMSO está implantado?") -> Is the implemented Program for Medical Control and Occupational Health – PCMSO?
B72: 14 | C72: =IF($J$10=TRUE,"Do you comply with current legislation on occupational health and safety?","Você cumpre a legislação vigente sobre saúde e segurança ocupacional?") -> Do you comply with current legislation on occupational health and safety?
B73: 15 | C73: =IF($J$10=TRUE,"Do you have an environment license? Please send a copy","Você possui licença ambiental? Por favor envie uma cópia") -> Do you have an environment license? Please send a copy
B74: =IF($J$10=TRUE,"Manufacturer Information / Process Information","Informações do fabricante/Informações do Processo") -> Manufacturer Information / Process Information
B75: =IF($J$10=TRUE,"Items (Answer the question with an X. If the answer is NA, please justify the answer at the Observation field.","Itens (Selecione a resposta com X) / Se NA, justificar em Observações") -> Items (Answer the question with an X. If the answer is NA, please justify the answer at the Observation field. | D75: =IF($J$10=TRUE,"Yes","Sim") -> Yes | E75: =IF($J$10=TRUE,"No","Não") -> No | F75: =IF($J$10=TRUE,"In progress","Em andamento") -> In progress | G75: =IF($J$10=TRUE,"NA (not applicable)","NA") -> NA (not applicable) | H75: =IF($J$10=TRUE,"Observation","Observações") -> Observation
B76: 16 | C76: =IF($J$10=TRUE,"Does the company have a quality system and / or food safety management system, properly implemented and disseminated to all employees?","A empresa dispõe de um sistema de qualidade e/ou sistema de gestão de segurança alimentar, devidamente implementado e divulgado a todos os colaboradores?") -> Does the company have a quality system and / or food safety management system, properly implemented and disseminated to all employees?
B77: 17 | C77: =IF($J$10=TRUE,"Have been the company already qualified by other customers? What are?","A empresa já foi qualificada por outros clientes? Quais?") -> Have been the company already qualified by other customers? What are?
B78: 18 | C78: =IF($J$10=TRUE," Is the quality management system and / or food safety management system submitted at regular intervals to internal and external audits? What is the frequency?","O sistema de gestão da qualidade e/ou sistema de gestão da segurança alimentar é submetido regularmente a auditorias internas e externas? Qual é a frequência?") -> Is the quality management system and / or food safety management system submitted at regular intervals to internal and external audits? What is the frequency?
B79: 19 | C79: =IF($J$10=TRUE,"Is quality control done internally? If external what is the certification of the performer?","O controle de qualidade é feito internamente? Se externo, qual é a empresa? É certificada?") -> Is quality control done internally? If external what is the certification of the performer?
B80: 20 | C80: =IF($J$10=TRUE,"Does the company have Good Manufacturing Practices and/or 5S implanted?","A empresa possui Boas Práticas de Fabricação e/ou 5S implantados?") -> Does the company have Good Manufacturing Practices and/or 5S implanted?
B81: 21 | C81: =IF($J$10=TRUE,"Are there procedures for the processes?","Existem os processo têm procedimento documentado?") -> Are there procedures for the processes?
B82: 22 | C82: =IF($J$10=TRUE,"Are there procedures for receiving and inspecting raw materials?","Existem procedimentos para recebimento e inspeção de matérias-primas?") -> Are there procedures for receiving and inspecting raw materials?
B83: 23 | C83: =IF($J$10=TRUE,"Are there procedures for handling nonconformities?","Existem procedimentos para lidar com não conformidades?") -> Are there procedures for handling nonconformities?
B84: 24 | C84: =IF($J$10=TRUE,"Is there a procedure for stocking the raw material and the final product?","Existe procedimento para estocagem da matéria-prima e do produto final?") -> Is there a procedure for stocking the raw material and the final product?
B85: 25 | C85: =IF($J$10=TRUE,"Are raw materials and final products released according to specifications?","As matérias-primas e os produtos finais são liberados de acordo com as especificações?") -> Are raw materials and final products released according to specifications?
B86: 27 | C86: =IF($J$10=TRUE,"Are there procedures for traceability of raw materials and finished products?","Existem procedimentos de rastreabilidade de matérias-primas e produtos acabados?") -> Are there procedures for traceability of raw materials and finished products?
B87: 28 | C87: =IF($J$10=TRUE,"Is there a raw material collection plan and analyze of raw material and final product documented?","Existe um plano de coleta de matéria-prima e análise documentada da matéria-prima e do produto final?") -> Is there a raw material collection plan and analyze of raw material and final product documented?
B88: 29 | C88: =IF($J$10=TRUE,"Does the company adopt a sample collection procedure for the finished product? What is the retention time?","A empresa adota procedimento de coleta de amostras do produto acabado? Qual é o tempo de retenção?") -> Does the company adopt a sample collection procedure for the finished product? What is the retention time?
B89: 30 | C89: =IF($J$10=TRUE,"Does the company have a policy of breaking glass and hard plastic implemented? Indicate monitoring frequency.","A empresa possui uma política de quebra de vidros e plásticos rígidos implementada? Indique a frequência de monitoramento.") -> Does the company have a policy of breaking glass and hard plastic implemented? Indicate monitoring frequency.
B90: 31 | C90: =IF($J$10=TRUE,"Does the company use any ingredient of animal origin, such as antifoams, dispersants, amino acids, etc.?","A empresa utiliza algum ingrediente de origem animal, como antiespumantes, dispersantes, aminoácidos, etc.?") -> Does the company use any ingredient of animal origin, such as antifoams, dispersants, amino acids, etc.?
B91: 32 | C91: =IF($J$10=TRUE,"Does the company have procedures and integrated pest control system implemented? Indicate the monitoring frequency.","A empresa possui procedimentos e sistema integrado de controle de pragas implementados? Indique a frequência de monitoramento.") -> Does the company have procedures and integrated pest control system implemented? Indicate the monitoring frequency.
B92: 33 | C92: =IF($J$10=TRUE,"Is there procedure to avoid cross-contamination?","Existe procedimento para evitar contaminação cruzada?") -> Is there procedure to avoid cross-contamination?
B93: 34 | C93: =IF($J$10=TRUE,"Are there adequate storage locations for raw materials and finished products?","Existem locais de armazenamento adequados para matérias-primas e produtos acabados?") -> Are there adequate storage locations for raw materials and finished products?
B94: 35 | C94: =IF($J$10=TRUE,"Are there written procedures for the storage of final products?","Existem procedimentos escritos para o armazenamento dos produtos finais?") -> Are there written procedures for the storage of final products?
B95: 36 | C95: =IF($J$10=TRUE,"Are there written procedures for inspection of final products?","Existem procedimentos escritos para inspeção de produtos finais?") -> Are there written procedures for inspection of final products?
B96: 37 | C96: =IF($J$10=TRUE,"Is there a systematic and a control of product withdrawal (FIFO - First In, First out)?","Existe uma sistemática e controle de retirada de produtos (FIFO – First In, First out)?") -> Is there a systematic and a control of product withdrawal (FIFO - First In, First out)?
B97: 38 | C97: =IF($J$10=TRUE,"Are stored products identified according to batch number or some other criterion? Inform the model used.","Os produtos armazenados são identificados de acordo com o número do lote ou algum outro critério? Informe o modelo utilizado.") -> Are stored products identified according to batch number or some other criterion? Inform the model used.
B98: 39 | C98: =IF($J$10=TRUE,"Is there a secure system for controlling the shipment of products that have been released by quality warranty?","Existe um sistema seguro para controle do envio de produtos liberados pela garantia de qualidade?") -> Is there a secure system for controlling the shipment of products that have been released by quality warranty?
B99: 40 | C99: =IF($J$10=TRUE,"Are materials that require specific storage conditions stored properly? Are these conditions monitored?","Os materiais que requerem condições específicas de armazenamento são armazenados adequadamente? Essas condições são monitoradas?") -> Are materials that require specific storage conditions stored properly? Are these conditions monitored?
B100: 41 | C100: =IF($J$10=TRUE," Is the efficiency of the Recall system regularly checked? What is the frequency?","A eficiência do sistema Recall é verificada regularmente? Qual é a frequência?") -> Is the efficiency of the Recall system regularly checked? What is the frequency?
B101: 42 | C101: =IF($J$10=TRUE,"Are there products from different sources stored in the same place, or is the warehouse unique to the same product type?","Existem produtos de diferentes origens armazenados no mesmo local ou o armazém é exclusivo para o mesmo tipo de produto?") -> Are there products from different sources stored in the same place, or is the warehouse unique to the same product type?
B102: 43 | C102: =IF($J$10=TRUE,"Is there a customer complaint handling system? Are complaints recorded and handled?","Existe um sistema de tratamento de reclamação de clientes? As reclamações são registradas e tratadas?") -> Is there a customer complaint handling system? Are complaints recorded and handled?
B103: =IF($J$10=TRUE,"Manufacturer Information / Process Information","Informações do fabricante/Informações do Processo") -> Manufacturer Information / Process Information
B104: =IF($J$10=TRUE,"Items (Answer the question with an X. If the answer is NA, please justify the answer at the Observation field.","Itens (Selecione a resposta com X) / Se NA, justificar em Observações") -> Items (Answer the question with an X. If the answer is NA, please justify the answer at the Observation field. | D104: =IF($J$10=TRUE,"Yes","Sim") -> Yes | E104: =IF($J$10=TRUE,"No","Não") -> No | F104: =IF($J$10=TRUE,"In progress","Em andamento") -> In progress | G104: =IF($J$10=TRUE,"NA (not applicable)","NA") -> NA (not applicable) | H104: =IF($J$10=TRUE,"Observation","Observações") -> Observation
B105: 43 | C105: =IF($J$10=TRUE,"Are there control for microbiological/biological contaminants? Cite which contaminants are contolled and the frequency of monitoring","Há controle de contaminantes microbiológicos/biológicos? Citar quais contaminantes são controlados e a frequência do monitoramento.") -> Are there control for microbiological/biological contaminants? Cite which contaminants are contolled and the frequency of monitoring
B106: 44 | C106: =IF($J$10=TRUE,"Are there control for quimical contaminants? Cite which contaminants are contolled and the frequency of monitoring","Existe controle para contaminantes químicos? Cite quais contaminantes são controlados e a frequência de monitoramento") -> Are there control for quimical contaminants? Cite which contaminants are contolled and the frequency of monitoring
B107: 45 | C107: =IF($J$10=TRUE,"Are there control for physical contaminants? Are there procedures to prevent the occurence of foreing body ? Cite which controlls and the frequency of monitoring.","Existe controle para contaminantes físicos? Existem procedimentos para prevenir a ocorrência de corpo estranho? Cite quais controles e a frequência do monitoramento.") -> Are there control for physical contaminants? Are there procedures to prevent the occurence of foreing body ? Cite which controlls and the frequency of monitoring.
B108: 46 | C108: =IF($J$10=TRUE,"Are there residual antibiotic or antimicrobial controls? If they are used in the company, indicate what they are.","Existem controles residuais de antibióticos ou antimicrobianos? Se forem utilizados na empresa, indique quais são.") -> Are there residual antibiotic or antimicrobial controls? If they are used in the company, indicate what they are.
B109: 47 | C109: =IF($J$10=TRUE,"Are used lubricants of food grade in installations in contact with the product?","São utilizados lubrificantes de qualidade alimentar nas instalações em contato com o produto?") -> Are used lubricants of food grade in installations in contact with the product?
B111: =IF($J$10=TRUE,"DISTRIBUTION COMPANY QUESTIONNAIRE (FILL ONLY IF IT IS DIFFERENT FROM THE MANUFACTURING COMPANY)","QUESTIONÁRIO DA EMPRESA DISTRIBUIDORA (PRRENCHER SOMENTE SE FOR DIFERENTE DA EMPRESA FABRICANTE)") -> DISTRIBUTION COMPANY QUESTIONNAIRE (FILL ONLY IF IT IS DIFFERENT FROM THE MANUFACTURING COMPANY)
B113: =IF($J$10=TRUE,"QUALITY AND FOOD SAFETY MANAGEMENT SYSTEM","SISTEMA DE GESTÃO DA QUALIDADE E SEGURANÇA DE ALIMENTOS") -> QUALITY AND FOOD SAFETY MANAGEMENT SYSTEM
B114: =IF($J$10=TRUE,"Items (Answer the question with an X. If the answer is NA, please justify the answer at the Observation field.","Itens (Selecione a resposta com X) / Se NA, justificar em Observações") -> Items (Answer the question with an X. If the answer is NA, please justify the answer at the Observation field. | D114: =IF($J$10=TRUE,"Yes","Sim") -> Yes | E114: =IF($J$10=TRUE,"No","Não") -> No | F114: =IF($J$10=TRUE,"In progress","Em andamento") -> In progress | G114: =IF($J$10=TRUE,"NA (not applicable)","NA") -> NA (not applicable) | H114: =IF($J$10=TRUE,"Observation","Observações") -> Observation
B115: 1 | C115: =IF($J$10=TRUE,"Are incoming and outgoing materials inspected? Are there registrations?","Os materiais recebidos e expedidos são inspecionados? Existem registro?") -> Are incoming and outgoing materials inspected? Are there registrations?
B116: 2 | C116: =IF($J$10=TRUE,"Does the product supplied come in the manufacturer's original packaging?","O produto fornecido vem na embalagem original do fabricante?") -> Does the product supplied come in the manufacturer's original packaging?
B117: 3 | C117: =IF($J$10=TRUE,"Are inspections/tests carried out on the product supplied?","São feitas inpeções/ensaios no produto fornecido?") -> Are inspections/tests carried out on the product supplied?
B118: 4 | C118: =IF($J$10=TRUE,"Is pest control implemented?","Existe controle de pragas implementado?") -> Is pest control implemented?
B119: 5 | C119: =IF($J$10=TRUE,"Is there a customer complaint handling system?","Existe um sistema de tratativa de reclamação de cliente?") -> Is there a customer complaint handling system?
B120: 6 | C120: =IF($J$10=TRUE,"Are there procedures for product traceability?","Existem procedimentos para rastreabilidade de produtos?") -> Are there procedures for product traceability?
...

Sheet QUIMICO
C1: QUALIFICAÇÃO DE FORNECEDORES - QUÍMICO QUALIFICATION OF SUPPLIERS - CHEMICAL | J1: RQ-COR-GQ-13
J3: Revisão 03
B5: Para efetuar o preenchimento do formulário em inglês, solicitamos que selecione o botão abaixo./To fill out the form in English, we kindly request that you select the button below.
B10: =IF($J$10=TRUE,"Corporate Name:","Razão Social:") -> Razão Social: | J10: FALSE
B11: =IF($J$10=TRUE,"Fantasy Name:","Nome Fantasia:") -> Nome Fantasia:
B12: =IF($J$10=TRUE,"TIN:","CNPJ:") -> CNPJ:
B13: =IF($J$10=TRUE,"Adress:","Endereço:") -> Endereço:
B14: =IF($J$10=TRUE,"Product supplied to ICC Brazil:","Produto (s) fornecido (s) para a ICC:") -> Produto (s) fornecido (s) para a ICC:
B15: =IF($J$10=TRUE,"CEO:","Responsável Técnico:") -> Responsável Técnico:
C20: =IF($J$10=TRUE,"Please select the submitted documents below","Selecione abaixo os documentos enviados.") -> Selecione abaixo os documentos enviados.
C21: =IF($J$10=TRUE,"REQUIREMENT","REQUISITO") -> REQUISITO | D21: =IF($J$10=TRUE,"SENT","ENVIADO") -> ENVIADO | F21: =IF($J$10=TRUE,"DOCUMENTS","DOCUMENTOS") -> DOCUMENTOS
C22: =IF($J$10=TRUE,"Mandatory","Obrigatório") -> Obrigatório | F22: =IF($J$10=TRUE,"Government-issued operating license","Alvará da Prefeitura") -> Alvará da Prefeitura
C23: =IF($J$10=TRUE,"Mandatory","Obrigatório") -> Obrigatório | F23: =IF($J$10=TRUE,"License issued by the environmental agency","Licença de Operação ou Dispensa do órgão ambiental estadual") -> Licença de Operação ou Dispensa do órgão ambiental estadual
C24: =IF($J$10=TRUE,"Mandatory","Obrigatório") -> Obrigatório | F24: =IF($J$10=TRUE,"License issued by the health agency","Licença da Vigilância Sanitária") -> Licença da Vigilância Sanitária
C25: =IF($J$10=TRUE,"Mandatory","Obrigatório") -> Obrigatório | F25: =IF($J$10=TRUE,"Declaration of technical responsibility of CEO","Anotação do Responsável Técnico (ART)") -> Anotação do Responsável Técnico (ART)
C26: =IF($J$10=TRUE,"Mandatory","Obrigatório") -> Obrigatório | F26: =IF($J$10=TRUE,"Technical Specification Sheet (TS)","Ficha de Especificações Técnicas") -> Ficha de Especificações Técnicas
C27: =IF($J$10=TRUE,"Mandatory","Obrigatório") -> Obrigatório | F27: =IF($J$10=TRUE,"Material Safety Data Sheet (MSDS)","FISPQ") -> FISPQ
C28: =IF($J$10=TRUE,"Mandatory","Obrigatório") -> Obrigatório | F28: =IF($J$10=TRUE,"Fire department license, if applicable","Auto de Vistoria do Corpo de Bombeiros (AVCB)") -> Auto de Vistoria do Corpo de Bombeiros (AVCB)
C29: =IF($J$10=TRUE,"","Obrigatório") -> Obrigatório | F29: =IF($J$10=TRUE,"","Licença IBAMA") -> Licença IBAMA
C30: =IF($J$10=TRUE,"","Obrigatório") -> Obrigatório | F30: =IF($J$10=TRUE,"","Licença da Polícia Federal (Se aplicável)") -> Licença da Polícia Federal (Se aplicável)
C31: =IF($J$10=TRUE,"","Obrigatório") -> Obrigatório | F31: =IF($J$10=TRUE,"","Licença e Certificado de Vistoria da Polícia Civil (Se aplicável)") -> Licença e Certificado de Vistoria da Polícia Civil (Se aplicável)
C32: =IF($J$10=TRUE,"Differencial","Diferencial") -> Diferencial | F32: =IF($J$10=TRUE,"Food Safety Certificates (e.g., GMP+FSA, FSSC 22000, FAMI QS, BRC...)","Certificados de Segurança Alimentar (por exemplo, GMP+FSA, FSSC 22000, FAMI QS, BRC...)") -> Certificados de Segurança Alimentar (por exemplo, GMP+FSA, FSSC 22000, FAMI QS, BRC...)
C33: =IF($J$10=TRUE,"Differencial","Diferencial") -> Diferencial | F33: =IF($J$10=TRUE,"Certificate of ISO 14001 or similar or Environmental Responsibility Policy signed by the legal representative","Certificado de ISO 14001 ou similar ou Política de Responsabilidade Ambiental assinada pelo representante legal") -> Certificado de ISO 14001 ou similar ou Política de Responsabilidade Ambiental assinada pelo representante legal
B39: =IF($J$10=TRUE,"Read each statement and mark with an X in the column according to the company's service in the item.","Por favor, leia cada enunciado e assinale com um X na coluna correspondente ao atendimento da empresa para o respectivo item.") -> Por favor, leia cada enunciado e assinale com um X na coluna correspondente ao atendimento da empresa para o respectivo item.
B40: =IF($J$10=TRUE,"QUALITY AND FOOD SAFETY MANAGEMENT SYSTEM","SISTEMA DE GESTÃO DA QUALIDADE E SEGURANÇA DE ALIMENTOS") -> SISTEMA DE GESTÃO DA QUALIDADE E SEGURANÇA DE ALIMENTOS
B41: =IF($J$10=TRUE,"Items (Answer the question with an X. If the answer is NA, please justify the answer at the Observation field.","Itens (Selecione a resposta com X) / Se NA, justificar em Observações") -> Itens (Selecione a resposta com X) / Se NA, justificar em Observações | D41: =IF($J$10=TRUE,"Yes","Sim") -> Sim | E41: =IF($J$10=TRUE,"No","Não") -> Não | F41: =IF($J$10=TRUE,"In progress","Em andamento") -> Em andamento | G41: =IF($J$10=TRUE,"NA (not applicable)","NA") -> NA | H41: =IF($J$10=TRUE,"Observation","Observações") -> Observações
B42: 1 | C42: =IF($J$10=TRUE,"Does the company establish procedures for preparing, issuing, circulating and controlling documentation?","A empresa estabelece procedimentos para elaboração, emissão, circulação e controle da documentação?") -> A empresa estabelece procedimentos para elaboração, emissão, circulação e controle da documentação?
B43: =B42+1 -> 2 | C43: =IF($J$10=TRUE,"Is there a supplier management procedure?","Há procedimento de gestão de fornecedores?") -> Há procedimento de gestão de fornecedores?
B44: =B43+1 -> 3 | C44: =IF($J$10=TRUE,"Do you have a product traceability and recall program? Are simulations carried out?","Possui programa de rastreabilidade e recolhimento de produtos? São realizado simulados?") -> Possui programa de rastreabilidade e recolhimento de produtos? São realizado simulados?
B45: =B44+1 -> 4 | C45: =IF($J$10=TRUE,"Is there a documented preventative maintenance program for equipment?","Existe um programa documentado para manutenção preventiva dos equipamentos?") -> Existe um programa documentado para manutenção preventiva dos equipamentos?
B46: =B45+1 -> 5 | C46: =IF($J$10=TRUE,"Do you perform equipment and instrument calibration?","Realiza calibração de equipamento e instrumentos?") -> Realiza calibração de equipamento e instrumentos?
B47: =B46+1 -> 6 | C47: =IF($J$10=TRUE,"Are customers notified when there are changes to relevant information? How?","Quando há mudanças nos pertinentes os clientes são comunicados? Como?") -> Quando há mudanças nos pertinentes os clientes são comunicados? Como?
B48: =B47+1 -> 7 | C48: =IF($J$10=TRUE,"Is there a customer complaint handling system? Are complaints recorded and handled?","Existe um sistema de tratamento de reclamação de clientes? As reclamações são registradas e tratadas?") -> Existe um sistema de tratamento de reclamação de clientes? As reclamações são registradas e tratadas?
B49: =B48+1 -> 8 | C49: =IF($J$10=TRUE,"Does the company have liquid and solid waste treatments?","A empresa possuí tratamentos de resíduos líquidos e sólidos?") -> A empresa possuí tratamentos de resíduos líquidos e sólidos?
B50: =B49+1 -> 9 | C50: =IF($J$10=TRUE,"Are the manufactured products biodegradable, resulting in no changes to the effluent treatment system?","Os produtos fabricados são biodegradáveis não conferindo alteração em sistema de tratamento de efluentes?") -> Os produtos fabricados são biodegradáveis não conferindo alteração em sistema de tratamento de efluentes?
B51: =B50+1 -> 10 | C51: =IF($J$10=TRUE,"Does the company have an environmental responsibility policy?","A empresa possui política de responsabilidade ambiental?") -> A empresa possui política de responsabilidade ambiental?
B52: =B51+1 -> 11 | C52: =IF($J$10=TRUE,"Does the company separate organic waste from recyclable waste?","A empresa separar o lixo orgânico do lixo reciclável?") -> A empresa separar o lixo orgânico do lixo reciclável?
B53: =B52+1 -> 12 | C53: =IF($J$10=TRUE,"Do employee employees dress appropriately for their role?","Os colaboradores prestadores vestem-se adequadamente para o exercício do cargo?") -> Os colaboradores prestadores vestem-se adequadamente para o exercício do cargo?
B54: =B53+1 -> 13 | C54: =IF($J$10=TRUE,"Do provider employees use PPE when necessary?","Os colaboradores prestadores usam EPI'S quando necessário?") -> Os colaboradores prestadores usam EPI'S quando necessário?
B55: =B54+1 -> 14 | C55: =IF($J$10=TRUE,"Do employees undergo admission and periodic exams?","Os funcionários fazem exames admissionais e periódicos?") -> Os funcionários fazem exames admissionais e periódicos?
B56: =B55+1 -> 15 | C56: =IF($J$10=TRUE,"Do all employees receive training on their activities?","Todos os funcionários recebem treinamento sobre as suas atividades?") -> Todos os funcionários recebem treinamento sobre as suas atividades?
B57: =B56+1 -> 16 | C57: =IF($J$10=TRUE,"Is the company committed to sending documents for Provider Qualification when requested?","A empresa está comprometida no envio de documentos para Qualificação de Prestadores quando solicitados?") -> A empresa está comprometida no envio de documentos para Qualificação de Prestadores quando solicitados?
B58: =B57+1 -> 17 | C58: =IF($J$10=TRUE,"Does the company develop activities that optimize the use of natural resources (e.g.: control of consumption of water, energy, materials/inputs, etc.)?","A empresa desenvolve atividades que otimiza a utilização de recursos naturais (p.ex.: controle do consumo de água, energia, materiais/insumos, etc.)?") -> A empresa desenvolve atividades que otimiza a utilização de recursos naturais (p.ex.: controle do consumo de água, energia, materiais/insumos, etc.)?
B60: =IF($J$10=TRUE,"I declare that all information is true and that any changes in the manufacturing process, specification, or any other changes that impact the quality and/or traceability of the product supplied will be duly communicated to ICC Brazil.","Declaro que todas as informações são verídicas e que qualquer alteração no processo de fabricação, especificação, ou quaisquer outras mudanças que impactem na qualidade e/ou rastreabilidade do produto fornecido serão devidamente comunicados a ICC Brazil.") -> Declaro que todas as informações são verídicas e que qualquer alteração no processo de fabricação, especificação, ou quaisquer outras mudanças que impactem na qualidade e/ou rastreabilidade do produto fornecido serão devidamente comunicados a ICC Brazil.
C62: =IF($J$10=TRUE,"Responsible for completing:","Responsável pelo preenchimento:") -> Responsável pelo preenchimento:
C63: =IF($J$10=TRUE,"Job Title:","Cargo:") -> Cargo:
C64: =IF($J$10=TRUE,"Date:","Data:") -> Data:
C69: =IF($J$10=TRUE,"Signature","Assinatura") -> Assinatura

Sheet EMBALAGEM PRIMÁRIA 
C1: QUALIFICAÇÃO DE FORNECEDORES - EMBALAGEM PRIMÁRIA QUALIFICATION OF SUPPLIERS - PRIMARY PACKAGE | J1: RQ-COR-GQ-13
J3: Revisão 03
B5: Para efetuar o preenchimento do formulário em inglês, solicitamos que selecione o botão abaixo./To fill out the form in English, we kindly request that you select the button below.
B10: =IF($J$10=TRUE,"Corporate Name:","Razão Social:") -> Razão Social: | J10: FALSE
B11: =IF($J$10=TRUE,"Fantasy Name:","Nome Fantasia:") -> Nome Fantasia:
B12: =IF($J$10=TRUE,"TIN:","CNPJ:") -> CNPJ:
B13: =IF($J$10=TRUE,"Adress:","Endereço:") -> Endereço:
B14: =IF($J$10=TRUE,"Product supplied to ICC Brazil:","Produto (s) fornecido (s) para a ICC:") -> Produto (s) fornecido (s) para a ICC:
B15: =IF($J$10=TRUE,"CEO:","Responsável Técnico:") -> Responsável Técnico:
C20: =IF($J$10=TRUE,"Please select the submitted documents below","Selecione abaixo os documentos enviados.") -> Selecione abaixo os documentos enviados.
C21: =IF($J$10=TRUE,"REQUIREMENT","REQUISITO") -> REQUISITO | D21: =IF($J$10=TRUE,"SENT","ENVIADO") -> ENVIADO | F21: =IF($J$10=TRUE,"DOCUMENTS","DOCUMENTOS") -> DOCUMENTOS
C22: =IF($J$10=TRUE,"Mandatory","Obrigatório") -> Obrigatório | F22: =IF($J$10=TRUE,"Licença de operação emitida pelo governo","Alvará da Prefeitura") -> Alvará da Prefeitura
C23: =IF($J$10=TRUE,"Mandatory","Obrigatório") -> Obrigatório | F23: =IF($J$10=TRUE,"License issued by the health agency","Licença da Vigilância Sanitária") -> Licença da Vigilância Sanitária
C24: =IF($J$10=TRUE,"Mandatory","Obrigatório") -> Obrigatório | F24: =IF($J$10=TRUE,"License issued by the environmental agency","Licença de Operação ou Dispensa do órgão ambiental estadual") -> Licença de Operação ou Dispensa do órgão ambiental estadual
C25: =IF($J$10=TRUE,"Mandatory","Obrigatório") -> Obrigatório | F25: =IF($J$10=TRUE,"Proof of company registration with regulatory agencies","Comprovante de registro da empresa junto aos órgãos reguladores") -> Comprovante de registro da empresa junto aos órgãos reguladores
C26: =IF($J$10=TRUE,"Mandatory","Obrigatório") -> Obrigatório | F26: =IF($J$10=TRUE,"Product registration with the Responsible Organ of the country of origin","Registro do produto junto ao órgão responsável") -> Registro do produto junto ao órgão responsável
C27: =IF($J$10=TRUE,"Mandatory","Obrigatório") -> Obrigatório | F27: =IF($J$10=TRUE,"Technical Specification Sheet (TS)","Ficha de Especificações Técnicas") -> Ficha de Especificações Técnicas
C28: =IF($J$10=TRUE,"Mandatory","Obrigatório") -> Obrigatório | F28: =IF($J$10=TRUE,"Material Safety Data Sheet (MSDS)","FISPQ") -> FISPQ
C29: =IF($J$10=TRUE,"Mandatory","Obrigatório") -> Obrigatório | F29: =IF($J$10=TRUE,"ICC Technical Specification Acceptance","Aceite da Especificação Técnica ICC") -> Aceite da Especificação Técnica ICC
C30: =IF($J$10=TRUE,"Mandatory","Obrigatório") -> Obrigatório | F30: =IF($J$10=TRUE,"Analysis report in an external total migration laboratory","Laudo de análise em laboratório externo de migração total") -> Laudo de análise em laboratório externo de migração total
C31: =IF($J$10=TRUE,"Mandatory","Obrigatório") -> Obrigatório | F31: =IF($J$10=TRUE,"Specific migration report for packaging that contains dyes in accordance with Brazilian legislation RDC 52 of 11/26/2010","Laudo de migração específica para embalagens que possuem corantes de acordo com a RDC 52 de 26/11/2010.") -> Laudo de migração específica para embalagens que possuem corantes de acordo com a RDC 52 de 26/11/2010.
C32: =IF($J$10=TRUE,"Mandatory","Obrigatório") -> Obrigatório | F32: =IF($J$10=TRUE,"Report and declaration regarding the presence/absence of Bisphenol A.","Laudo e declaração referente a presença/ausência de Bisfenol A.") -> Laudo e declaração referente a presença/ausência de Bisfenol A.
C33: =IF($J$10=TRUE,"Differencial","Diferencial") -> Diferencial | F33: =IF($J$10=TRUE,"Permeability Report (if necessary)","Laudo de Permeabilidade (se necessário)") -> Laudo de Permeabilidade (se necessário)
C34: =IF($J$10=TRUE,"Differencial","Diferencial") -> Diferencial | F34: =IF($J$10=TRUE,"Food Safety Certificates (e.g., GMP+FSA, FSSC 22000, FAMI QS, BRC...)","Certificados de Segurança de Alimentos (por exemplo, GMP+FSA, FSSC 22000, FAMI QS, BRC...)") -> Certificados de Segurança de Alimentos (por exemplo, GMP+FSA, FSSC 22000, FAMI QS, BRC...)
B40: =IF($J$10=TRUE,"Read each statement and mark with an X in the column according to the company's service in the item.","Por favor, leia cada enunciado e assinale com um X na coluna correspondente ao atendimento da empresa para o respectivo item.") -> Por favor, leia cada enunciado e assinale com um X na coluna correspondente ao atendimento da empresa para o respectivo item.
B41: =IF($J$10=TRUE,"LEGISLATION","LEGISLAÇÃO") -> LEGISLAÇÃO
B42: =IF($J$10=TRUE,"Items (Answer the question with an X. If the answer is NA, please justify the answer at the Observation field.","Itens (Selecione a resposta com X) / Se NA, justificar em Observações") -> Itens (Selecione a resposta com X) / Se NA, justificar em Observações | D42: =IF($J$10=TRUE,"Yes","Sim") -> Sim | E42: =IF($J$10=TRUE,"No","Não") -> Não | F42: =IF($J$10=TRUE,"In progress","Em andamento") -> Em andamento | G42: =IF($J$10=TRUE,"NA (not applicable)","NA") -> NA | H42: =IF($J$10=TRUE,"Observation","Observações") -> Observações
B43: 1 | C43: =IF($J$10=TRUE,"Complies with Brazilian legislation RDC 88/2016","Atende a RDC 88/2016 da ANVISA") -> Atende a RDC 88/2016 da ANVISA
B44: 2 | C44: =IF($J$10=TRUE,"Complies with Brazilian legislation 105/1999","Atende a RDC 105/1999 da ANVISA ") -> Atende a RDC 105/1999 da ANVISA
B45: 3 | C45: =IF($J$10=TRUE,"Complies with Brazilian legislation RDC 91/2001","Atende a RDC 91/2001 da ANVISA") -> Atende a RDC 91/2001 da ANVISA
B46: 4 | C46: =IF($J$10=TRUE,"Complies with Brazilian legislation RDC 17/2008","Atende a RDC nº 17/2008 da ANVISA") -> Atende a RDC nº 17/2008 da ANVISA
B47: 5 | C47: =IF($J$10=TRUE,"Complies with Brazilian legislation RDC 51/2010","Atende a RDC 51/2010 da ANVISA") -> Atende a RDC 51/2010 da ANVISA
B48: 6 | C48: =IF($J$10=TRUE,"Complies with Brazilian legislation RDC 56/2012","Atende a RDC 56/2012 da ANVISA") -> Atende a RDC 56/2012 da ANVISA
B49: 7 | C49: =IF($J$10=TRUE,"Complies with Brazilian legislation RDC 326/2019","Atende a RDC 326/2019 da ANVISA") -> Atende a RDC 326/2019 da ANVISA
B50: 8 | C50: =IF($J$10=TRUE,"Complies with Brazilian legislation RDC 589/2021","Atende a RDC 589/2021 da ANVISA") -> Atende a RDC 589/2021 da ANVISA
B52: =IF($J$10=TRUE,"QUALITY AND FOOD SAFETY MANAGEMENT SYSTEM","SISTEMA DE GESTÃO DA QUALIDADE E SEGURANÇA DE ALIMENTOS") -> SISTEMA DE GESTÃO DA QUALIDADE E SEGURANÇA DE ALIMENTOS
B53: =IF($J$10=TRUE,"Items (Answer the question with an X. If the answer is NA, please justify the answer at the Observation field.","Itens (Selecione a resposta com X) / Se NA, justificar em Observações") -> Itens (Selecione a resposta com X) / Se NA, justificar em Observações | D53: =IF($J$10=TRUE,"Yes","Sim") -> Sim | E53: =IF($J$10=TRUE,"No","Não") -> Não | F53: =IF($J$10=TRUE,"In progress","Em andamento") -> Em andamento | G53: =IF($J$10=TRUE,"NA (not applicable)","NA") -> NA | H53: =IF($J$10=TRUE,"Observation","Observações") -> Observações
B54: =B50+1 -> 9 | C54: =IF($J$10=TRUE,"Does the company establish procedures for preparing, issuing, circulating and controlling documentation?","A empresa estabelece procedimentos para elaboração, emissão, circulação e controle da documentação?") -> A empresa estabelece procedimentos para elaboração, emissão, circulação e controle da documentação?
B55: =B54+1 -> 10 | C55: =IF($J$10=TRUE,"Does the company establish and implement Good Manufacturing Practices following current legislation?","A empresa estabelecer e implantar as Boas Práticas de Fabricação seguindo a Legislação vigente?") -> A empresa estabelecer e implantar as Boas Práticas de Fabricação seguindo a Legislação vigente?
B56: =B55+1 -> 11 | C56: =IF($J$10=TRUE,"Is there a Quality Manual or Good Manufacturing Practices Manual? (GMP)","Existe um Manual de Qualidade ou Manual de Boas Práticas de Fabricação?") -> Existe um Manual de Qualidade ou Manual de Boas Práticas de Fabricação?
B57: =B56+1 -> 12 | C57: =IF($J$10=TRUE,"Are periodic inspections/audits of the food quality and safety management system carried out?","São realizadas inspeções/auditorias periódicas do sistema de gestão da qualidade e segurança de alimentos?") -> São realizadas inspeções/auditorias periódicas do sistema de gestão da qualidade e segurança de alimentos?
B58: =B57+1 -> 13 | C58: =IF($J$10=TRUE,"Is there a supplier management procedure?","Há procedimento de gestão de fornecedores?") -> Há procedimento de gestão de fornecedores?
B59: =B58+1 -> 14 | C59: =IF($J$10=TRUE,"Do you have a product traceability and recall program? Are simulations carried out?","Possui programa de rastreabilidade e recolhimento de produtos? São realizado simulados?") -> Possui programa de rastreabilidade e recolhimento de produtos? São realizado simulados?
B60: =B59+1 -> 15 | C60: =IF($J$10=TRUE,"Is there a customer complaint handling system? Are complaints recorded and handled?","Existe um sistema de tratamento de reclamação de clientes? As reclamações são registradas e tratadas?") -> Existe um sistema de tratamento de reclamação de clientes? As reclamações são registradas e tratadas?
B61: =B60+1 -> 16 | C61: =IF($J$10=TRUE,"Is there an effective pest control program in place?","Existe um programa de controle de pragas implementado e eficaz?") -> Existe um programa de controle de pragas implementado e eficaz?
B63: =IF($J$10=TRUE,"BUILDING AND FACILITIES","EDIFICAÇÃO E INSTALAÇÕES") -> EDIFICAÇÃO E INSTALAÇÕES
B64: =IF($J$10=TRUE,"Items (Answer the question with an X. If the answer is NA, please justify the answer at the Observation field.","Itens (Selecione a resposta com X) / Se NA, justificar em Observações") -> Itens (Selecione a resposta com X) / Se NA, justificar em Observações | D64: =IF($J$10=TRUE,"Yes","Sim") -> Sim | E64: =IF($J$10=TRUE,"No","Não") -> Não | F64: =IF($J$10=TRUE,"In progress","Em andamento") -> Em andamento | G64: =IF($J$10=TRUE,"NA (not applicable)","NA") -> NA | H64: =IF($J$10=TRUE,"Observation","Observações") -> Observações
B65: =IF(B62="",(B61+1),(B62+1)) -> 17 | C65: =IF($J$10=TRUE,"Are the facilities adequate (location, floor, wall, lighting, production volume, maintenance and cleaning) to maintain Good Manufacturing Practices?","Existe um programa de controle de pragas implementado e eficaz?") -> Existe um programa de controle de pragas implementado e eficaz?
B66: =B65+1 -> 18 | C66: =IF($J$10=TRUE,"Were the facilities designed to follow a linear flow to avoid cross-contamination?","As instalações foram projetadas para seguir um fluxo linear, de modo a evitar a contaminação cruzada?") -> As instalações foram projetadas para seguir um fluxo linear, de modo a evitar a contaminação cruzada?
B67: =B66+1 -> 19 | C67: =IF($J$10=TRUE,"Does it have water potability control through analysis at an appropriate frequency?","Possui controle de potabilidade de água através de análises em freência adequada?") -> Possui controle de potabilidade de água através de análises em freência adequada?
B68: =B67+1 -> 20 | C68: =IF($J$10=TRUE,"Is the water tank cleaned frequently?","É realizada a limpeza do reservatório de água em frequência adequada? ") -> É realizada a limpeza do reservatório de água em frequência adequada?
B70: =IF($J$10=TRUE,"ENVIRONMENTAL MANAGEMENT SYSTEM","SISTEMA DE GESTÃO AMBIENTAL") -> SISTEMA DE GESTÃO AMBIENTAL
B71: =IF($J$10=TRUE,"Items (Answer the question with an X. If the answer is NA, please justify the answer at the Observation field.","Itens (Selecione a resposta com X) / Se NA, justificar em Observações") -> Itens (Selecione a resposta com X) / Se NA, justificar em Observações | D71: =IF($J$10=TRUE,"Yes","Sim") -> Sim | E71: =IF($J$10=TRUE,"No","Não") -> Não | F71: =IF($J$10=TRUE,"In progress","Em andamento") -> Em andamento | G71: =IF($J$10=TRUE,"NA (not applicable)","NA") -> NA | H71: =IF($J$10=TRUE,"Observation","Observações") -> Observações
B72: =B68+1 -> 21 | C72: =IF($J$10=TRUE,"Does the company have liquid and solid waste treatments?","A empresa possuí tratamentos de resíduos líquidos e sólidos?") -> A empresa possuí tratamentos de resíduos líquidos e sólidos?
B73: =B72+1 -> 22 | C73: =IF($J$10=TRUE,"Are the manufactured products biodegradable, resulting in no changes to the effluent treatment system?","Os produtos fabricados são biodegradáveis não conferindo alteração em sistema de tratamento de efluentes?") -> Os produtos fabricados são biodegradáveis não conferindo alteração em sistema de tratamento de efluentes?
B74: =B73+1 -> 23 | C74: =IF($J$10=TRUE,"Does the company undergo fire inspection?","A empresa está vigente com a vistoria dos bombeiros?") -> A empresa está vigente com a vistoria dos bombeiros?
B75: =B74+1 -> 24 | C75: =IF($J$10=TRUE,"Are there catchment wells? Do they have authorization from the competent bodies?","Existem poços de captação? Os mesmos possuem outorga emitida pelo DAEE/ANA?") -> Existem poços de captação? Os mesmos possuem outorga emitida pelo DAEE/ANA?
B77: =IF($J$10=TRUE,"RECEIPT, STORAGE AND DISPATCH OF PRODUCTS","RECEBIMENTO, ARMAZENAMENTO E EXPEDIÇÃO DE PRODUTOS") -> RECEBIMENTO, ARMAZENAMENTO E EXPEDIÇÃO DE PRODUTOS
B78: =IF($J$10=TRUE,"Items (Answer the question with an X. If the answer is NA, please justify the answer at the Observation field.","Itens (Selecione a resposta com X) / Se NA, justificar em Observações") -> Itens (Selecione a resposta com X) / Se NA, justificar em Observações | D78: =IF($J$10=TRUE,"Yes","Sim") -> Sim | E78: =IF($J$10=TRUE,"No","Não") -> Não | F78: =IF($J$10=TRUE,"In progress","Em andamento") -> Em andamento | G78: =IF($J$10=TRUE,"NA (not applicable)","NA") -> NA | H78: =IF($J$10=TRUE,"Observation","Observações") -> Observações
B79: =B75+1 -> 25 | C79: =IF($J$10=TRUE,"Are the vehicles that transport products in good hygiene conditions, covered, and free from pests and other contaminants? Are vehicles inspected during receipt and dispatch?","Veiculos que fazem o transporte dos produtos apresentadam boas condições de higiene, são cobertos, ausentes de pragas e outros contaminantes? Os veículos são inspecionados durante o recebimento e expedição?") -> Veiculos que fazem o transporte dos produtos apresentadam boas condições de higiene, são cobertos, ausentes de pragas e outros contaminantes? Os veículos são inspecionados durante o recebimento e expedição?
B80: =B79+1 -> 26 | C80: =IF($J$10=TRUE,"Are products stored in appropriate conditions, regarding temperature, humidity, absence of sunlight and away from walls?","Produtos estão armazenados em condições adequadas, quanto à temperatura, umidade, ausência de luz solar e distantes das paredes?") -> Produtos estão armazenados em condições adequadas, quanto à temperatura, umidade, ausência de luz solar e distantes das paredes?
B82: =IF($J$10=TRUE,"CROSS CONTAMINATION","CONTAMINAÇÃO CRUZADA") -> CONTAMINAÇÃO CRUZADA
B83: =IF($J$10=TRUE,"Items (Answer the question with an X. If the answer is NA, please justify the answer at the Observation field.","Itens (Selecione a resposta com X) / Se NA, justificar em Observações") -> Itens (Selecione a resposta com X) / Se NA, justificar em Observações | D83: =IF($J$10=TRUE,"Yes","Sim") -> Sim | E83: =IF($J$10=TRUE,"No","Não") -> Não | F83: =IF($J$10=TRUE,"In progress","Em andamento") -> Em andamento | G83: =IF($J$10=TRUE,"NA (not applicable)","NA") -> NA | H83: =IF($J$10=TRUE,"Observation","Observações") -> Observações
B84: =B80+1 -> 27 | C84: =IF($J$10=TRUE,"Are all stages of the process carried out to ensure the safety and integrity of the final product?","Todas as etapas do processo são realizadas de forma a garantir a inocuidade e integridade do produto final?") -> Todas as etapas do processo são realizadas de forma a garantir a inocuidade e integridade do produto final?
B85: =B84+1 -> 28 | C85: =IF($J$10=TRUE,"Are measures implemented to prevent cross-contamination?","São implementadas medidas para prevenir contaminação cruzada?") -> São implementadas medidas para prevenir contaminação cruzada?
B86: =B85+1 -> 29 | C86: =IF($J$10=TRUE,"Are the chemical and cleaning products used suitable, approved for use by the competent body and stored in a separate location with controlled access?","Os produtos quimicos e de limpeza que são utilizados são adequados, estão aprovados para uso pelo órgão competente e são armazenado em local separado com acesso controlado?") -> Os produtos quimicos e de limpeza que são utilizados são adequados, estão aprovados para uso pelo órgão competente e são armazenado em local separado com acesso controlado?
B87: =B86+1 -> 30 | C87: =IF($J$10=TRUE,"When lubricants are used in contact areas with the product, are they food grade?","Quando utilizado lubrificantes em locais de contato com o produto, estes são de grau alimentício?") -> Quando utilizado lubrificantes em locais de contato com o produto, estes são de grau alimentício?
B89: =IF($J$10=TRUE,"MAINTENANCE AND CALIBRATION","MANUTENÇÃO E CALIBRAÇÃO") -> MANUTENÇÃO E CALIBRAÇÃO
B90: =IF($J$10=TRUE,"Items (Answer the question with an X. If the answer is NA, please justify the answer at the Observation field.","Itens (Selecione a resposta com X) / Se NA, justificar em Observações") -> Itens (Selecione a resposta com X) / Se NA, justificar em Observações | D90: =IF($J$10=TRUE,"Yes","Sim") -> Sim | E90: =IF($J$10=TRUE,"No","Não") -> Não | F90: =IF($J$10=TRUE,"In progress","Em andamento") -> Em andamento | G90: =IF($J$10=TRUE,"NA (not applicable)","NA") -> NA | H90: =IF($J$10=TRUE,"Observation","Observações") -> Observações
B91: =B87+1 -> 31 | C91: =IF($J$10=TRUE,"Is there a documented preventative maintenance program for equipment?","Existe um programa documentado para manutenção preventiva dos equipamentos?") -> Existe um programa documentado para manutenção preventiva dos equipamentos?
B92: =B91+1 -> 32 | C92: =IF($J$10=TRUE,"Do you perform equipment and instrument calibration?","Realiza calibração de equipamento e instrumentos?") -> Realiza calibração de equipamento e instrumentos?
B94: =IF($J$10=TRUE,"PRODUCTION PROCESS","PROCESSO DE PRODUÇÃO") -> PROCESSO DE PRODUÇÃO
B95: =IF($J$10=TRUE,"Items (Answer the question with an X. If the answer is NA, please justify the answer at the Observation field.","Itens (Selecione a resposta com X) / Se NA, justificar em Observações") -> Itens (Selecione a resposta com X) / Se NA, justificar em Observações | D95: =IF($J$10=TRUE,"Yes","Sim") -> Sim | E95: =IF($J$10=TRUE,"No","Não") -> Não | F95: =IF($J$10=TRUE,"In progress","Em andamento") -> Em andamento | G95: =IF($J$10=TRUE,"NA (not applicable)","NA") -> NA | H95: =IF($J$10=TRUE,"Observation","Observações") -> Observações
B96: =B92+1 -> 33 | C96: =IF($J$10=TRUE,"Are records kept of all controls carried out at all stages of processing, from the arrival of raw materials to the dispatch of the finished product?","São mantidos registros de todas os controles realizados em todas as etapas do processamento, desde a chegada da matéria-prima até a expedição do produto acabado?") -> São mantidos registros de todas os controles realizados em todas as etapas do processamento, desde a chegada da matéria-prima até a expedição do produto acabado?
B98: =IF($J$10=TRUE,"EMPLOYEES","COLABORADORES") -> COLABORADORES
B99: =IF($J$10=TRUE,"Items (Answer the question with an X. If the answer is NA, please justify the answer at the Observation field.","Itens (Selecione a resposta com X) / Se NA, justificar em Observações") -> Itens (Selecione a resposta com X) / Se NA, justificar em Observações | D99: =IF($J$10=TRUE,"Yes","Sim") -> Sim | E99: =IF($J$10=TRUE,"No","Não") -> Não | F99: =IF($J$10=TRUE,"In progress","Em andamento") -> Em andamento | G99: =IF($J$10=TRUE,"NA (not applicable)","NA") -> NA | H99: =IF($J$10=TRUE,"Observation","Observações") -> Observações
B100: =B96+1 -> 34 | C100: =IF($J$10=TRUE,"Do employees maintain adequate physical hygiene? Protected hair, clean uniforms, absence of adornments, etc.","Os funcionários matêm o asseio corporal adequado? cabelo protegidos, uniformes limpos, ausência de adornos, etc..") -> Os funcionários matêm o asseio corporal adequado? cabelo protegidos, uniformes limpos, ausência de adornos, etc..
B101: =B100+1 -> 35 | C101: =IF($J$10=TRUE,"Do employees undergo admission and periodic exams?","Os funcionários fazem exames admissionais e periódicos?") -> Os funcionários fazem exames admissionais e periódicos?
B102: =B101+1 -> 36 | C102: =IF($J$10=TRUE,"Do all employees receive training regarding GMP and work instructions relating to their activities?","Todos os funcionários recebem treinamento relativo à BPF e as instruções de trabalho relativas as suas atividades?") -> Todos os funcionários recebem treinamento relativo à BPF e as instruções de trabalho relativas as suas atividades?
B104: FOOD DEFENSE
B105: =IF($J$10=TRUE,"Items (Answer the question with an X. If the answer is NA, please justify the answer at the Observation field.","Itens (Selecione a resposta com X) / Se NA, justificar em Observações") -> Itens (Selecione a resposta com X) / Se NA, justificar em Observações | D105: =IF($J$10=TRUE,"Yes","Sim") -> Sim | E105: =IF($J$10=TRUE,"No","Não") -> Não | F105: =IF($J$10=TRUE,"In progress","Em andamento") -> Em andamento | G105: =IF($J$10=TRUE,"NA (not applicable)","NA") -> NA | H105: =IF($J$10=TRUE,"Observation","Observações") -> Observações
B106: =B102+1 -> 37 | C106: =IF($J$10=TRUE,"Is there an implemented and effective FOOD DEFENSE program? If not, what are the preventative measures against sabotage?","Existe um programa de FOOD DEFENSE implementado e eficaz? Caso não tenha, quais a medidas preventivas contra sabotagens?") -> Existe um programa de FOOD DEFENSE implementado e eficaz? Caso não tenha, quais a medidas preventivas contra sabotagens?
B108: =IF($J$10=TRUE,"I declare that all information is true and that any changes in the manufacturing process, specification, or any other changes that impact the quality and/or traceability of the product supplied will be duly communicated to ICC Brazil.","Declaro que todas as informações são verídicas e que qualquer alteração no processo de fabricação, especificação, ou quaisquer outras mudanças que impactem na qualidade e/ou rastreabilidade do produto fornecido serão devidamente comunicados a ICC Brazil.") -> Declaro que todas as informações são verídicas e que qualquer alteração no processo de fabricação, especificação, ou quaisquer outras mudanças que impactem na qualidade e/ou rastreabilidade do produto fornecido serão devidamente comunicados a ICC Brazil.
C110: =IF($J$10=TRUE,"Responsible for completing:","Responsável pelo preenchimento:") -> Responsável pelo preenchimento:
C111: =IF($J$10=TRUE,"Job Title:","Cargo:") -> Cargo:
C112: =IF($J$10=TRUE,"Date:","Data:") -> Data:
C117: =IF($J$10=TRUE,"Signature","Assinatura") -> Assinatura

Sheet EMBALAGEM SEGUNDÁRIA
C1: QUALIFICAÇÃO DE FORNECEDORES - EMBALAGEM SEGUNDÁRIA QUALIFICATION OF SUPPLIERS - SECONDARY PACKAGING | J1: RQ-COR-GQ-13
J3: Revisão 03
B5: Para efetuar o preenchimento do formulário em inglês, solicitamos que selecione o botão abaixo./To fill out the form in English, we kindly request that you select the button below.
B10: =IF($J$10=TRUE,"Corporate Name:","Razão Social:") -> Razão Social: | J10: FALSE
B11: =IF($J$10=TRUE,"Fantasy Name:","Nome Fantasia:") -> Nome Fantasia:
B12: =IF($J$10=TRUE,"TIN:","CNPJ:") -> CNPJ:
B13: =IF($J$10=TRUE,"Adress:","Endereço:") -> Endereço:
B14: =IF($J$10=TRUE,"Product supplied to ICC Brazil:","Produto (s) fornecido (s) para a ICC:") -> Produto (s) fornecido (s) para a ICC:
B15: =IF($J$10=TRUE,"CEO:","Responsável Técnico:") -> Responsável Técnico:
C20: =IF($J$10=TRUE,"Please select the submitted documents below","Selecione abaixo os documentos enviados.") -> Selecione abaixo os documentos enviados.
C21: =IF($J$10=TRUE,"REQUIREMENT","REQUISITO") -> REQUISITO | D21: =IF($J$10=TRUE,"SENT","ENVIADO") -> ENVIADO | F21: =IF($J$10=TRUE,"DOCUMENTS","DOCUMENTOS") -> DOCUMENTOS
C22: =IF($J$10=TRUE,"Mandatory","Obrigatório") -> Obrigatório | F22: =IF($J$10=TRUE,"Licença de operação emitida pelo governo","Alvará da Prefeitura") -> Alvará da Prefeitura
C23: =IF($J$10=TRUE,"Mandatory","Obrigatório") -> Obrigatório | F23: =IF($J$10=TRUE,"License issued by the health agency","Licença da Vigilância Sanitária") -> Licença da Vigilância Sanitária
C24: =IF($J$10=TRUE,"Mandatory","Obrigatório") -> Obrigatório | F24: =IF($J$10=TRUE,"License issued by the environmental agency","Licença de Operação ou Dispensa do órgão ambiental estadual") -> Licença de Operação ou Dispensa do órgão ambiental estadual
C25: =IF($J$10=TRUE,"Mandatory","Obrigatório") -> Obrigatório | F25: =IF($J$10=TRUE,"Technical Specification Sheet (TS)","Ficha de Especificações Técnicas") -> Ficha de Especificações Técnicas
C26: =IF($J$10=TRUE,"Mandatory","Obrigatório") -> Obrigatório | F26: =IF($J$10=TRUE,"ICC Technical Specification Acceptance","Aceite da Especificação Técnica ICC") -> Aceite da Especificação Técnica ICC
C27: =IF($J$10=TRUE,"Differencial","Diferencial") -> Diferencial | F27: =IF($J$10=TRUE,"Material Safety Data Sheet (MSDS)","FISPQ") -> FISPQ
C28: =IF($J$10=TRUE,"Differencial","Diferencial") -> Diferencial | F28: =IF($J$10=TRUE,"Food Safety Certificates (e.g., GMP+FSA, FSSC 22000, FAMI QS, BRC...)","Certificados de Segurança de Alimentos (por exemplo, GMP+FSA, FSSC 22000, FAMI QS, BRC...)") -> Certificados de Segurança de Alimentos (por exemplo, GMP+FSA, FSSC 22000, FAMI QS, BRC...)
B36: =IF($J$10=TRUE,"Read each statement and mark with an X in the column according to the company's service in the item.","Por favor, leia cada enunciado e assinale com um X na coluna correspondente ao atendimento da empresa para o respectivo item.") -> Por favor, leia cada enunciado e assinale com um X na coluna correspondente ao atendimento da empresa para o respectivo item.
B37: =IF($J$10=TRUE,"QUALITY AND FOOD SAFETY MANAGEMENT SYSTEM","SISTEMA DE GESTÃO DA QUALIDADE E SEGURANÇA DE ALIMENTOS") -> SISTEMA DE GESTÃO DA QUALIDADE E SEGURANÇA DE ALIMENTOS
B38: =IF($J$10=TRUE,"Items (Answer the question with an X. If the answer is NA, please justify the answer at the Observation field.","Itens (Selecione a resposta com X) / Se NA, justificar em Observações") -> Itens (Selecione a resposta com X) / Se NA, justificar em Observações | D38: =IF($J$10=TRUE,"Yes","Sim") -> Sim | E38: =IF($J$10=TRUE,"No","Não") -> Não | F38: =IF($J$10=TRUE,"In progress","Em andamento") -> Em andamento | G38: =IF($J$10=TRUE,"NA (not applicable)","NA") -> NA | H38: =IF($J$10=TRUE,"Observation","Observações") -> Observações
B39: 1 | C39: =IF($J$10=TRUE,"Does the company establish procedures for preparing, issuing, circulating and controlling documentation?","A empresa estabelece procedimentos para elaboração, emissão, circulação e controle da documentação?") -> A empresa estabelece procedimentos para elaboração, emissão, circulação e controle da documentação?
B40: 2 | C40: =IF($J$10=TRUE,"Is there a supplier management procedure?","Há procedimento de gestão de fornecedores?") -> Há procedimento de gestão de fornecedores?
B41: 3 | C41: =IF($J$10=TRUE,"Do you have a product traceability and recall program? Are simulations carried out?","Possui programa de rastreabilidade e recolhimento de produtos? São realizado simulados?") -> Possui programa de rastreabilidade e recolhimento de produtos? São realizado simulados?
B43: =IF($J$10=TRUE,"MAINTENANCE AND CALIBRATION","MANUTENÇÃO E CALIBRAÇÃO") -> MANUTENÇÃO E CALIBRAÇÃO
B44: =IF($J$10=TRUE,"Items (Answer the question with an X. If the answer is NA, please justify the answer at the Observation field.","Itens (Selecione a resposta com X) / Se NA, justificar em Observações") -> Itens (Selecione a resposta com X) / Se NA, justificar em Observações | D44: =IF($J$10=TRUE,"Yes","Sim") -> Sim | E44: =IF($J$10=TRUE,"No","Não") -> Não | F44: =IF($J$10=TRUE,"In progress","Em andamento") -> Em andamento | G44: =IF($J$10=TRUE,"NA (not applicable)","NA") -> NA | H44: =IF($J$10=TRUE,"Observation","Observações") -> Observações
B45: 4 | C45: =IF($J$10=TRUE,"Is there a documented preventative maintenance program for equipment?","Existe um programa documentado para manutenção preventiva dos equipamentos?") -> Existe um programa documentado para manutenção preventiva dos equipamentos?
B46: 5 | C46: =IF($J$10=TRUE,"Do you perform equipment and instrument calibration?","Realiza calibração de equipamento e instrumentos?") -> Realiza calibração de equipamento e instrumentos?
B48: =IF($J$10=TRUE,"RECEIPT, STORAGE AND DISPATCH OF PRODUCTS","RECEBIMENTO, ARMAZENAMENTO E EXPEDIÇÃO DE PRODUTOS") -> RECEBIMENTO, ARMAZENAMENTO E EXPEDIÇÃO DE PRODUTOS
B49: =IF($J$10=TRUE,"Items (Answer the question with an X. If the answer is NA, please justify the answer at the Observation field.","Itens (Selecione a resposta com X) / Se NA, justificar em Observações") -> Itens (Selecione a resposta com X) / Se NA, justificar em Observações | D49: =IF($J$10=TRUE,"Yes","Sim") -> Sim | E49: =IF($J$10=TRUE,"No","Não") -> Não | F49: =IF($J$10=TRUE,"In progress","Em andamento") -> Em andamento | G49: =IF($J$10=TRUE,"NA (not applicable)","NA") -> NA | H49: =IF($J$10=TRUE,"Observation","Observações") -> Observações
B50: 6 | C50: =IF($J$10=TRUE,"Are the vehicles that transport products in good hygiene conditions, covered, and free from pests and other contaminants? Are vehicles inspected during receipt and dispatch?","Veiculos que fazem o transporte dos produtos apresentadam boas condições de higiene, são cobertos, ausentes de pragas e outros contaminantes? Os veículos são inspecionados durante o recebimento e expedição?") -> Veiculos que fazem o transporte dos produtos apresentadam boas condições de higiene, são cobertos, ausentes de pragas e outros contaminantes? Os veículos são inspecionados durante o recebimento e expedição?
B51: 7 | C51: =IF($J$10=TRUE,"Are products stored in appropriate conditions, regarding temperature, humidity, absence of sunlight and away from walls?","Produtos estão armazenados em condições adequadas, quanto à temperatura, umidade, ausência de luz solar e distantes das paredes?") -> Produtos estão armazenados em condições adequadas, quanto à temperatura, umidade, ausência de luz solar e distantes das paredes?
B53: =IF($J$10=TRUE,"PRODUCTION PROCESS","PROCESSO DE PRODUÇÃO") -> PROCESSO DE PRODUÇÃO
B54: =IF($J$10=TRUE,"Items (Answer the question with an X. If the answer is NA, please justify the answer at the Observation field.","Itens (Selecione a resposta com X) / Se NA, justificar em Observações") -> Itens (Selecione a resposta com X) / Se NA, justificar em Observações | D54: =IF($J$10=TRUE,"Yes","Sim") -> Sim | E54: =IF($J$10=TRUE,"No","Não") -> Não | F54: =IF($J$10=TRUE,"In progress","Em andamento") -> Em andamento | G54: =IF($J$10=TRUE,"NA (not applicable)","NA") -> NA | H54: =IF($J$10=TRUE,"Observation","Observações") -> Observações
B55: 8 | C55: =IF($J$10=TRUE,"Are there criteria for each process and product acceptance? Are these parameters controlled and recorded?","Existem critérios para cada processo e aceitação do produto? Estes parametros são controlados e registrados?") -> Existem critérios para cada processo e aceitação do produto? Estes parametros são controlados e registrados?
B57: =IF($J$10=TRUE,"CUSTOMER COMMUNICATION","COMUNICAÇÃO COM O CLIENTE") -> COMUNICAÇÃO COM O CLIENTE
B58: =IF($J$10=TRUE,"Items (Answer the question with an X. If the answer is NA, please justify the answer at the Observation field.","Itens (Selecione a resposta com X) / Se NA, justificar em Observações") -> Itens (Selecione a resposta com X) / Se NA, justificar em Observações | D58: =IF($J$10=TRUE,"Yes","Sim") -> Sim | E58: =IF($J$10=TRUE,"No","Não") -> Não | F58: =IF($J$10=TRUE,"In progress","Em andamento") -> Em andamento | G58: =IF($J$10=TRUE,"NA (not applicable)","NA") -> NA | H58: =IF($J$10=TRUE,"Observation","Observações") -> Observações
B59: 9 | C59: =IF($J$10=TRUE,"Does the company ensure that customer requirements for products are being followed? How?","A empresa assegura que os requisitos dos clientes para produtos estão sendo seguidos? Como?") -> A empresa assegura que os requisitos dos clientes para produtos estão sendo seguidos? Como?
B60: 10 | C60: =IF($J$10=TRUE,"Are customers notified when there are changes to relevant information? How?","Quando há mudanças nos pertinentes os clientes são comunicados? Como?") -> Quando há mudanças nos pertinentes os clientes são comunicados? Como?
B61: 11 | C61: =IF($J$10=TRUE,"Is there a customer complaint handling system? Are complaints recorded and handled?","Existe um sistema de tratamento de reclamação de clientes? As reclamações são registradas e tratadas?") -> Existe um sistema de tratamento de reclamação de clientes? As reclamações são registradas e tratadas?
B63: =IF($J$10=TRUE,"PRODUCT","PRODUTO") -> PRODUTO
B64: =IF($J$10=TRUE,"Items (Answer the question with an X. If the answer is NA, please justify the answer at the Observation field.","Itens (Selecione a resposta com X) / Se NA, justificar em Observações") -> Itens (Selecione a resposta com X) / Se NA, justificar em Observações | D64: =IF($J$10=TRUE,"Yes","Sim") -> Sim | E64: =IF($J$10=TRUE,"No","Não") -> Não | F64: =IF($J$10=TRUE,"In progress","Em andamento") -> Em andamento | G64: =IF($J$10=TRUE,"NA (not applicable)","NA") -> NA | H64: =IF($J$10=TRUE,"Observation","Observações") -> Observações
B65: 12 | C65: =IF($J$10=TRUE,"Does the company manage non-conforming products that have already left the company? How?","A empresa faz a gestão de produtos não conformes que já sairam da empresa? Como?") -> A empresa faz a gestão de produtos não conformes que já sairam da empresa? Como?
B66: 13 | C66: =IF($J$10=TRUE,"Are analyzes and tests carried out on each batch? Which?","São realizados análises e testes de cada lote? Quais?") -> São realizados análises e testes de cada lote? Quais?
B67: 14 | C67: =IF($J$10=TRUE,"Is there a separation in the company for non-conforming products? How is done?","Existe uma separação na empresa para produtos não conformes? Como é feito?") -> Existe uma separação na empresa para produtos não conformes? Como é feito?
B69: =IF($J$10=TRUE,"EMPLOYEES","COLABORADORES") -> COLABORADORES
B70: =IF($J$10=TRUE,"Items (Answer the question with an X. If the answer is NA, please justify the answer at the Observation field.","Itens (Selecione a resposta com X) / Se NA, justificar em Observações") -> Itens (Selecione a resposta com X) / Se NA, justificar em Observações | D70: =IF($J$10=TRUE,"Yes","Sim") -> Sim | E70: =IF($J$10=TRUE,"No","Não") -> Não | F70: =IF($J$10=TRUE,"In progress","Em andamento") -> Em andamento | G70: =IF($J$10=TRUE,"NA (not applicable)","NA") -> NA | H70: =IF($J$10=TRUE,"Observation","Observações") -> Observações
B71: 15 | C71: =IF($J$10=TRUE,"Do employees undergo admission and periodic exams?","Os funcionários fazem exames admissionais e periódicos?") -> Os funcionários fazem exames admissionais e periódicos?
B72: 16 | C72: =IF($J$10=TRUE,"Do all employees receive training on their activities?","Todos os funcionários recebem treinamento sobre as suas atividades?") -> Todos os funcionários recebem treinamento sobre as suas atividades?
B74: FOOD DEFENSE
B75: =IF($J$10=TRUE,"Items (Answer the question with an X. If the answer is NA, please justify the answer at the Observation field.","Itens (Selecione a resposta com X) / Se NA, justificar em Observações") -> Itens (Selecione a resposta com X) / Se NA, justificar em Observações | D75: =IF($J$10=TRUE,"Yes","Sim") -> Sim | E75: =IF($J$10=TRUE,"No","Não") -> Não | F75: =IF($J$10=TRUE,"In progress","Em andamento") -> Em andamento | G75: =IF($J$10=TRUE,"NA (not applicable)","NA") -> NA | H75: =IF($J$10=TRUE,"Observation","Observações") -> Observações
B76: 17 | C76: =IF($J$10=TRUE,"Is there an implemented and effective FOOD DEFENSE program? If not, what are the preventative measures against sabotage?","Existe um programa de FOOD DEFENSE implementado e eficaz? Caso não tenha, quais a medidas preventivas contra sabotagens?") -> Existe um programa de FOOD DEFENSE implementado e eficaz? Caso não tenha, quais a medidas preventivas contra sabotagens?
B78: =IF($J$10=TRUE,"I declare that all information is true and that any changes in the manufacturing process, specification, or any other changes that impact the quality and/or traceability of the product supplied will be duly communicated to ICC Brazil.","Declaro que todas as informações são verídicas e que qualquer alteração no processo de fabricação, especificação, ou quaisquer outras mudanças que impactem na qualidade e/ou rastreabilidade do produto fornecido serão devidamente comunicados a ICC Brazil.") -> Declaro que todas as informações são verídicas e que qualquer alteração no processo de fabricação, especificação, ou quaisquer outras mudanças que impactem na qualidade e/ou rastreabilidade do produto fornecido serão devidamente comunicados a ICC Brazil.
C80: =IF($J$10=TRUE,"Responsible for completing:","Responsável pelo preenchimento:") -> Responsável pelo preenchimento:
C81: =IF($J$10=TRUE,"Job Title:","Cargo:") -> Cargo:
C82: =IF($J$10=TRUE,"Date:","Data:") -> Data:
C87: =IF($J$10=TRUE,"Signature","Assinatura") -> Assinatura

Sheet PRODUTO DE LIMPEZA
C1: QUALIFICAÇÃO DE FORNECEDORES - PRODUTO DE LIMPEZA QUALIFICATION OF SUPPLIERS - CLEANING PRODUCT | J1: RQ-COR-GQ-13
J3: Revisão 03
B5: Para efetuar o preenchimento do formulário em inglês, solicitamos que selecione o botão abaixo./To fill out the form in English, we kindly request that you select the button below.
B10: =IF($J$10=TRUE,"Corporate Name:","Razão Social:") -> Razão Social: | J10: FALSE
B11: =IF($J$10=TRUE,"Fantasy Name:","Nome Fantasia:") -> Nome Fantasia:
B12: =IF($J$10=TRUE,"TIN:","CNPJ:") -> CNPJ:
B13: =IF($J$10=TRUE,"Adress:","Endereço:") -> Endereço:
B14: =IF($J$10=TRUE,"Product supplied to ICC Brazil:","Produto (s) fornecido (s) para a ICC:") -> Produto (s) fornecido (s) para a ICC:
B15: =IF($J$10=TRUE,"CEO:","Responsável Técnico:") -> Responsável Técnico:
C20: =IF($J$10=TRUE,"Please select the submitted documents below","Selecione abaixo os documentos enviados.") -> Selecione abaixo os documentos enviados.
C21: =IF($J$10=TRUE,"REQUIREMENT","REQUISITO") -> REQUISITO | D21: =IF($J$10=TRUE,"SENT","ENVIADO") -> ENVIADO | F21: =IF($J$10=TRUE,"DOCUMENTS","DOCUMENTOS") -> DOCUMENTOS
C22: =IF($J$10=TRUE,"Mandatory","Obrigatório") -> Obrigatório | F22: =IF($J$10=TRUE,"Licença de operação emitida pelo governo","Alvará da Prefeitura") -> Alvará da Prefeitura
C23: =IF($J$10=TRUE,"Mandatory","Obrigatório") -> Obrigatório | F23: =IF($J$10=TRUE,"License issued by the health agency","Licença da Vigilância Sanitária") -> Licença da Vigilância Sanitária
C24: =IF($J$10=TRUE,"Mandatory","Obrigatório") -> Obrigatório | F24: =IF($J$10=TRUE,"License issued by the environmental agency","Licença de Operação ou Dispensa do órgão ambiental estadual") -> Licença de Operação ou Dispensa do órgão ambiental estadual
C25: =IF($J$10=TRUE,"Mandatory","Obrigatório") -> Obrigatório | F25: =IF($J$10=TRUE,"Product registration with the Responsible Organ of the country of origin","Registro do produto junto ao órgão responsável") -> Registro do produto junto ao órgão responsável
C26: =IF($J$10=TRUE,"Mandatory","Obrigatório") -> Obrigatório | F26: =IF($J$10=TRUE,"Technical Specification Sheet (TS)","Ficha de Especificações Técnicas") -> Ficha de Especificações Técnicas
C27: =IF($J$10=TRUE,"Mandatory","Obrigatório") -> Obrigatório | F27: =IF($J$10=TRUE,"Material Safety Data Sheet (MSDS)","FISPQ") -> FISPQ
C28: =IF($J$10=TRUE,"Mandatory","Obrigatório") -> Obrigatório | F28: =IF($J$10=TRUE,"Desirable Antimicrobial efficacy assessment report, when necessary","Desejável Laudo / Relatório de avaliação da eficácia antimicrobiana, quando necessário") -> Desejável Laudo / Relatório de avaliação da eficácia antimicrobiana, quando necessário
C29: =IF($J$10=TRUE,"Differencial","Diferencial") -> Diferencial | F29: =IF($J$10=TRUE,"Certificate or Declaration of Waste Movement","Certificado de Movimentação de resíduo de interesse ambiental (CADRI)") -> Certificado de Movimentação de resíduo de interesse ambiental (CADRI)
C30: =IF($J$10=TRUE,"Differencial","Diferencial") -> Diferencial | F30: =IF($J$10=TRUE,"Food Safety Certificates (e.g., GMP+FSA, FSSC 22000, FAMI QS, BRC...)","Certificados de Segurança de Alimentos (por exemplo, GMP+FSA, FSSC 22000, FAMI QS, BRC...)") -> Certificados de Segurança de Alimentos (por exemplo, GMP+FSA, FSSC 22000, FAMI QS, BRC...)
B37: =IF($J$10=TRUE,"Read each statement and mark with an X in the column according to the company's service in the item.","Por favor, leia cada enunciado e assinale com um X na coluna correspondente ao atendimento da empresa para o respectivo item.") -> Por favor, leia cada enunciado e assinale com um X na coluna correspondente ao atendimento da empresa para o respectivo item.
B38: =IF($J$10=TRUE,"GENERAL ITEMS","ITENS GERAIS") -> ITENS GERAIS
B39: =IF($J$10=TRUE,"Items (Answer the question with an X. If the answer is NA, please justify the answer at the Observation field.","Itens (Selecione a resposta com X) / Se NA, justificar em Observações") -> Itens (Selecione a resposta com X) / Se NA, justificar em Observações | D39: =IF($J$10=TRUE,"Yes","Sim") -> Sim | E39: =IF($J$10=TRUE,"No","Não") -> Não | F39: =IF($J$10=TRUE,"In progress","Em andamento") -> Em andamento | G39: =IF($J$10=TRUE,"NA (not applicable)","NA") -> NA | H39: =IF($J$10=TRUE,"Observation","Observações") -> Observações
B40: 1 | C40: =IF($J$10=TRUE,"Does the company follow current legislation regarding its products and/or services offered? Describe the number and date of the legislation","A empresa segue as legislações vigentes aos seus produtos e/ou serviços oferecidos? Descreva o n° e data da legislação/ portaria/RDC vigente para o seu estabelecimento") -> A empresa segue as legislações vigentes aos seus produtos e/ou serviços oferecidos? Descreva o n° e data da legislação/ portaria/RDC vigente para o seu estabelecimento
B41: =B40+1 -> 2 | C41: =IF($J$10=TRUE,"Are non-conforming products identified, separated and discarded?","Produtos não-conformes são identificados, separados e descartados?") -> Produtos não-conformes são identificados, separados e descartados?
B42: =B41+1 -> 3 | C42: =IF($J$10=TRUE," Water supply network connected to the public system or a system with certified potability?","Rede de abastecimento de água ligada à rede pública ou sistema com potabilidade atestada?") -> Rede de abastecimento de água ligada à rede pública ou sistema com potabilidade atestada?
B43: =B42+1 -> 4 | C43: =IF($J$10=TRUE,"Operational procedures and controls described and implemented. Comment on the supplier's process/activity flow/controls.","Procedimentos e controles operacionais descritos e implementados. Comente sobre o processo/ fluxo de atividade/ controles do fornecedor.") -> Procedimentos e controles operacionais descritos e implementados. Comente sobre o processo/ fluxo de atividade/ controles do fornecedor.
B44: =B43+1 -> 5 | C44: =IF($J$10=TRUE,"Do you have a procedure and system in place to deal with customer complaints? What methodology is used to investigate the root cause of deviations? Is it considered effective?","Possui procedimento e sistemática implementada para tratativa de reclamações de clientes? Qual a metodologia utilizada para investigação de causa raíz dos desvios? É considerada eficaz?") -> Possui procedimento e sistemática implementada para tratativa de reclamações de clientes? Qual a metodologia utilizada para investigação de causa raíz dos desvios? É considerada eficaz?
B45: =B44+1 -> 6 | C45: =IF($J$10=TRUE,"Are there criteria established for the selection/receipt of raw materials and other materials based on product safety? What criteria?","Existem critérios estabelecidos para a seleção/recebimento das matérias-primas e demais materiais baseados na segurança do produto? Quais critérios?") -> Existem critérios estabelecidos para a seleção/recebimento das matérias-primas e demais materiais baseados na segurança do produto? Quais critérios? | H45: Resposta obrigatória/Required answer:
B46: =B45+1 -> 7 | C46: =IF($J$10=TRUE,"Is countertest samples stored? For how long?","É realizado o armazenamento de amostras contraprova? Por quanto tempo?") -> É realizado o armazenamento de amostras contraprova? Por quanto tempo? | H46: Resposta obrigatória/Required answer:
B48: =IF($J$10=TRUE,"GOOD MANUFACTURING PRACTICES AND QUALITY AND FOOD SAFETY MANAGEMENT SYSTEM","BOAS PRÁTICAS DE FABRICAÇÃO E SISTEMA DE GESTÃO DE QUALIDADE E SEGURANÇA DE ALIMENTOS ") -> BOAS PRÁTICAS DE FABRICAÇÃO E SISTEMA DE GESTÃO DE QUALIDADE E SEGURANÇA DE ALIMENTOS
B49: =IF($J$10=TRUE,"Items (Answer the question with an X. If the answer is NA, please justify the answer at the Observation field.","Itens (Selecione a resposta com X) / Se NA, justificar em Observações") -> Itens (Selecione a resposta com X) / Se NA, justificar em Observações | D49: =IF($J$10=TRUE,"Yes","Sim") -> Sim | E49: =IF($J$10=TRUE,"No","Não") -> Não | F49: =IF($J$10=TRUE,"In progress","Em andamento") -> Em andamento | G49: =IF($J$10=TRUE,"NA (not applicable)","NA") -> NA | H49: =IF($J$10=TRUE,"Observation","Observações") -> Observações
B50: =B46+1 -> 8 | C50: =IF($J$10=TRUE,"Is there a Good Manufacturing Practices (GMP) program in place?","Existe um programa de Boas Práticas de Fabricação (BPF) implantado?") -> Existe um programa de Boas Práticas de Fabricação (BPF) implantado?
B51: =B50+1 -> 9 | C51: =IF($J$10=TRUE,"Does the company have a Good Manufacturing Practices Manual?","A empresa possui Manual de Boas Práticas de Fabricação?") -> A empresa possui Manual de Boas Práticas de Fabricação?
B52: =B51+1 -> 10 | C52: =IF($J$10=TRUE,"Existence and use of PPE?","Existência e uso de EPIs?") -> Existência e uso de EPIs?
B53: =B52+1 -> 11 | C53: =IF($J$10=TRUE,"Does the company have a formalized system for retaining and releasing raw materials, products in process and finished products, based on the results of their analysis?","A empresa possui sistemática formalizada para retenção e liberação de matérias primas, produtos em processo e produtos acabados, com base nos resultados de análises dos mesmos?") -> A empresa possui sistemática formalizada para retenção e liberação de matérias primas, produtos em processo e produtos acabados, com base nos resultados de análises dos mesmos?
B54: =B53+1 -> 12 | C54: =IF($J$10=TRUE,"Does the company have a Glass Policy defined? Inventory carried out in the areas, and frequent monitoring established?","A empresa tem definida uma Política de Vidros? Inventário realizado nas áreas, e monitoramento com frequência estabelecida?") -> A empresa tem definida uma Política de Vidros? Inventário realizado nas áreas, e monitoramento com frequência estabelecida?
B55: =B54+1 -> 13 | C55: =IF($J$10=TRUE,"The company has a documented preventive and corrective maintenance program. It includes a list of production equipment, frequency and responsibility for maintenance.","A empresa possui um programa de manutenção preventiva e corretiva documentado. Ele inclui uma lista de equipamentos de produção, frequência e responsabilidade pela manutenção.") -> A empresa possui um programa de manutenção preventiva e corretiva documentado. Ele inclui uma lista de equipamentos de produção, frequência e responsabilidade pela manutenção.
B56: =B55+1 -> 14 | C56: =IF($J$10=TRUE,"Is there a calibration plan for equipment considered critical? Validated reports/information?","Existe plano de calibração dos equipamentos considerados críticos? Laudos/ informações validadas?") -> Existe plano de calibração dos equipamentos considerados críticos? Laudos/ informações validadas?
B57: =B56+1 -> 15 | C57: =IF($J$10=TRUE,"Does the specialized company collect any waste arising from its activities?","A empresa especializada recolhe qualquer resíduo oriundo de suas atividades?") -> A empresa especializada recolhe qualquer resíduo oriundo de suas atividades?
B58: =B57+1 -> 16 | C58: =IF($J$10=TRUE,"Do all employees receive training on their activities?","Todos os funcionários recebem treinamento sobre as suas atividades?") -> Todos os funcionários recebem treinamento sobre as suas atividades?
B60: =IF($J$10=TRUE,"HEALTH AND SAFETY, ENVIRONMENT AND SOCIAL RESPONSIBILITY","SAÚDE E SEGURANÇA, MEIO AMBIENTE E RESPONSABILIDADE SOCIAL") -> SAÚDE E SEGURANÇA, MEIO AMBIENTE E RESPONSABILIDADE SOCIAL
B61: =IF($J$10=TRUE,"Items (Answer the question with an X. If the answer is NA, please justify the answer at the Observation field.","Itens (Selecione a resposta com X) / Se NA, justificar em Observações") -> Itens (Selecione a resposta com X) / Se NA, justificar em Observações | D61: =IF($J$10=TRUE,"Yes","Sim") -> Sim | E61: =IF($J$10=TRUE,"No","Não") -> Não | F61: =IF($J$10=TRUE,"In progress","Em andamento") -> Em andamento | G61: =IF($J$10=TRUE,"NA (not applicable)","NA") -> NA | H61: =IF($J$10=TRUE,"Observation","Observações") -> Observações
B62: =B58+1 -> 17 | C62: =IF($J$10=TRUE,"Does the company have a formally defined social responsibility policy, implemented and understood at all levels of the organization?","A empresa possui política de responsabilidade social formalmente definida, implementada e compreendida em todos os níveis da organização?") -> A empresa possui política de responsabilidade social formalmente definida, implementada e compreendida em todos os níveis da organização?
B63: =B62+1 -> 18 | C63: =IF($J$10=TRUE,"Does the company have a certified social responsibility system? If so, please forward a copy of the certificate.","A empresa possui sistema de responsabilidade social certificado? Em caso afirmativo, por favor, encaminhar a cópia do certificado.") -> A empresa possui sistema de responsabilidade social certificado? Em caso afirmativo, por favor, encaminhar a cópia do certificado.
B64: =B63+1 -> 19 | C64: =IF($J$10=TRUE,"Does the company comply with current labor and tax legislation applicable to all company activities and locations where it operates?","A empresa cumpre as legislações vigentes, trabalhistas, tributárias, aplicáveis em todas as atividades da empresa e locais onde ela atua?") -> A empresa cumpre as legislações vigentes, trabalhistas, tributárias, aplicáveis em todas as atividades da empresa e locais onde ela atua?
B65: =B64+1 -> 20 | C65: =IF($J$10=TRUE,"Do all employees receive training on their activities?","A empresa possui política para saúde e segurança formalmente definida, implementada e compreendida em todos os níveis da organização?") -> A empresa possui política para saúde e segurança formalmente definida, implementada e compreendida em todos os níveis da organização?
B66: =B65+1 -> 21 | C66: =IF($J$10=TRUE,"Does the company have a health and safety policy that is formally defined, implemented and understood at all levels of the organization?","A empresa possui sistema de gestão de saúde e segurança implementado? Caso seja certificado, por favor, encaminhar a cópia.") -> A empresa possui sistema de gestão de saúde e segurança implementado? Caso seja certificado, por favor, encaminhar a cópia.
B67: =B66+1 -> 22 | C67: =IF($J$10=TRUE,"Does the company comply with applicable laws related to health and safety?","A empresa cumpre com as leis aplicáveis relacionadas à saúde e segurança?") -> A empresa cumpre com as leis aplicáveis relacionadas à saúde e segurança?
B68: =B67+1 -> 23 | C68: =IF($J$10=TRUE,"Does the company have an environmental policy formally defined, implemented and understood at all levels of the organization?","A empresa possui uma política ambiental formalmente definida, implementada e compreendida em todos os níveis da organização?") -> A empresa possui uma política ambiental formalmente definida, implementada e compreendida em todos os níveis da organização?
B69: =B68+1 -> 24 | C69: =IF($J$10=TRUE,"Does the company have an environmental management system implemented? If certified, please forward a copy."," A empresa possui sistema de gestão de meio ambiente implementado? Caso seja certificado, por favor, encaminhar a cópia.") -> A empresa possui sistema de gestão de meio ambiente implementado? Caso seja certificado, por favor, encaminhar a cópia.
B70: =B69+1 -> 25 | C70: =IF($J$10=TRUE,"Are environmental laws applicable to your company being complied with?","As leis ambientais aplicáveis à sua empresa estão sendo cumpridas?") -> As leis ambientais aplicáveis à sua empresa estão sendo cumpridas?
B71: =B70+1 -> 26 | C71: =IF($J$10=TRUE,"Is the waste generated properly treated, in accordance with current legislation? If yes, describe the treatments.","Os resíduos gerados têm o devido tratamento, de acordo com a legislação vigente? Se sim, descreva os tratamentos.") -> Os resíduos gerados têm o devido tratamento, de acordo com a legislação vigente? Se sim, descreva os tratamentos.
B72: =B71+1 -> 27 | C72: =IF($J$10=TRUE,"Are aspects and parameters related to the environment measured, monitored and analyzed with the aim of improving them?","Os aspectos e parâmetros relacionados ao meio ambiente são medidos, monitorados e analisados objetivando a sua melhoria?") -> Os aspectos e parâmetros relacionados ao meio ambiente são medidos, monitorados e analisados objetivando a sua melhoria?
B74: =IF($J$10=TRUE,"I declare that all information is true and that any changes in the manufacturing process, specification, or any other changes that impact the quality and/or traceability of the product supplied will be duly communicated to ICC Brazil.","Declaro que todas as informações são verídicas e que qualquer alteração no processo de fabricação, especificação, ou quaisquer outras mudanças que impactem na qualidade e/ou rastreabilidade do produto fornecido serão devidamente comunicados a ICC Brazil.") -> Declaro que todas as informações são verídicas e que qualquer alteração no processo de fabricação, especificação, ou quaisquer outras mudanças que impactem na qualidade e/ou rastreabilidade do produto fornecido serão devidamente comunicados a ICC Brazil.
C76: =IF($J$10=TRUE,"Responsible for completing:","Responsável pelo preenchimento:") -> Responsável pelo preenchimento:
C77: =IF($J$10=TRUE,"Job Title:","Cargo:") -> Cargo:
C78: =IF($J$10=TRUE,"Date:","Data:") -> Data:
C83: =IF($J$10=TRUE,"Signature","Assinatura") -> Assinatura

Sheet EPI
C1: QUALIFICAÇÃO DE FORNECEDORES - EPI QUALIFICATION OF SUPPLIERS - PPE | J1: RQ-COR-GQ-13
J3: Revisão 03
B5: Para efetuar o preenchimento do formulário em inglês, solicitamos que selecione o botão abaixo./To fill out the form in English, we kindly request that you select the button below.
B10: =IF($J$10=TRUE,"Corporate Name:","Razão Social:") -> Razão Social: | J10: FALSE
B11: =IF($J$10=TRUE,"Fantasy Name:","Nome Fantasia:") -> Nome Fantasia:
B12: =IF($J$10=TRUE,"TIN:","CNPJ:") -> CNPJ:
B13: =IF($J$10=TRUE,"Adress:","Endereço:") -> Endereço:
B14: =IF($J$10=TRUE,"Product supplied to ICC Brazil:","Produto (s) fornecido (s) para a ICC:") -> Produto (s) fornecido (s) para a ICC:
B15: =IF($J$10=TRUE,"CEO:","Responsável Técnico:") -> Responsável Técnico:
C20: =IF($J$10=TRUE,"Please select the submitted documents below","Selecione abaixo os documentos enviados.") -> Selecione abaixo os documentos enviados.
C21: =IF($J$10=TRUE,"REQUIREMENT","REQUISITO") -> REQUISITO | D21: =IF($J$10=TRUE,"SENT","ENVIADO") -> ENVIADO | F21: =IF($J$10=TRUE,"DOCUMENTS","DOCUMENTOS") -> DOCUMENTOS
C22: =IF($J$10=TRUE,"Mandatory","Obrigatório") -> Obrigatório | F22: =IF($J$10=TRUE,"Licença de operação emitida pelo governo","Alvará da Prefeitura") -> Alvará da Prefeitura
C23: =IF($J$10=TRUE,"Mandatory","Obrigatório") -> Obrigatório | F23: =IF($J$10=TRUE,"Product registration with the Responsible Organ of the country of origin","Registro do produto junto ao órgão responsável") -> Registro do produto junto ao órgão responsável
C24: =IF($J$10=TRUE,"Mandatory","Obrigatório") -> Obrigatório | F24: =IF($J$10=TRUE,"License issued by the health agency","Certificado do Registro no MS/ANVISA do produto") -> Certificado do Registro no MS/ANVISA do produto
C25: =IF($J$10=TRUE,"Mandatory","Obrigatório") -> Obrigatório | F25: =IF($J$10=TRUE,"Company statement when the product is not registered with the health agency","Declaração da empresa quando o produto não registrado no MS/ANVISA") -> Declaração da empresa quando o produto não registrado no MS/ANVISA
C26: =IF($J$10=TRUE,"Mandatory","Obrigatório") -> Obrigatório | F26: =IF($J$10=TRUE,"Authorization to operate the establishment of the manufacturer and distributor by the public body","Autorização de funcionamento de estabelecimento (AFE) do fabricante e do distribuidor - MS/ANVISA- Facultativo para produtos não regulamentados pelo MS/ANVISA") -> Autorização de funcionamento de estabelecimento (AFE) do fabricante e do distribuidor - MS/ANVISA- Facultativo para produtos não regulamentados pelo MS/ANVISA
C27: =IF($J$10=TRUE,"Mandatory","Obrigatório") -> Obrigatório | F27: =IF($J$10=TRUE,"Product use instruction","Instrução de uso do produto") -> Instrução de uso do produto
C28: =IF($J$10=TRUE,"Mandatory","Obrigatório") -> Obrigatório | F28: =IF($J$10=TRUE,"Manufacturer's Good Manufacturing Practices Procedure","Procedimento de boas práticas de fabricação do fabricante") -> Procedimento de boas práticas de fabricação do fabricante
C29: =IF($J$10=TRUE,"Mandatory","Obrigatório") -> Obrigatório | F29: =IF($J$10=TRUE,"Material Safety Data Sheet (MSDS)","FISPQ") -> FISPQ
C30: =IF($J$10=TRUE,"Mandatory","Obrigatório") -> Obrigatório | F30: =IF($J$10=TRUE,"Technical Specification Sheet (TS)","Ficha de Especificações Técnicas") -> Ficha de Especificações Técnicas
C31: =IF($J$10=TRUE,"Mandatory","Obrigatório") -> Obrigatório | F31: =IF($J$10=TRUE,"Dermal and ocular irritability test report from a qualified laboratory.","Laudo de teste de irritabilidade dérmica e ocular de laboratorio com habilitação.") -> Laudo de teste de irritabilidade dérmica e ocular de laboratorio com habilitação.
C32: =IF($J$10=TRUE,"","Obrigatório") -> Obrigatório | F32: =IF($J$10=TRUE,"","Certificado de Aprovação - CA - Emitido pelo Ministerio do Trabalho") -> Certificado de Aprovação - CA - Emitido pelo Ministerio do Trabalho
C33: =IF($J$10=TRUE,"Differencial","Diferencial") -> Diferencial | F33: =IF($J$10=TRUE,"Accredited laboratory reports - In case of grammage/adhesiveness/sanitisers","Laudos de laboratorio Credenciados do MC e/o INMETRO - Em caso de gramatura/adesividade/saneantes") -> Laudos de laboratorio Credenciados do MC e/o INMETRO - Em caso de gramatura/adesividade/saneantes
B40: =IF($J$10=TRUE,"Read each statement and mark with an X in the column according to the company's service in the item.","Por favor, leia cada enunciado e assinale com um X na coluna correspondente ao atendimento da empresa para o respectivo item.") -> Por favor, leia cada enunciado e assinale com um X na coluna correspondente ao atendimento da empresa para o respectivo item.
B41: =IF($J$10=TRUE,"QUALITY AND FOOD SAFETY MANAGEMENT SYSTEM","SISTEMA DE GESTÃO DA QUALIDADE E SEGURANÇA DE ALIMENTOS") -> SISTEMA DE GESTÃO DA QUALIDADE E SEGURANÇA DE ALIMENTOS
B42: =IF($J$10=TRUE,"Items (Answer the question with an X. If the answer is NA, please justify the answer at the Observation field.","Itens (Selecione a resposta com X) / Se NA, justificar em Observações") -> Itens (Selecione a resposta com X) / Se NA, justificar em Observações | D42: =IF($J$10=TRUE,"Yes","Sim") -> Sim | E42: =IF($J$10=TRUE,"No","Não") -> Não | F42: =IF($J$10=TRUE,"In progress","Em andamento") -> Em andamento | G42: =IF($J$10=TRUE,"NA (not applicable)","NA") -> NA | H42: =IF($J$10=TRUE,"Observation","Observações") -> Observações
B43: 1 | C43: =IF($J$10=TRUE,"Does the company establish procedures for preparing, issuing, circulating and controlling documentation?","A empresa estabelece procedimentos para elaboração, emissão, circulação e controle da documentação?") -> A empresa estabelece procedimentos para elaboração, emissão, circulação e controle da documentação?
B44: 2 | C44: =IF($J$10=TRUE,"Is there a supplier management procedure?","Há procedimento de gestão de fornecedores?") -> Há procedimento de gestão de fornecedores?
B45: 3 | C45: =IF($J$10=TRUE,"Do you have a product traceability and recall program? Are simulations carried out?","Possui programa de rastreabilidade e recolhimento de produtos? São realizado simulados?") -> Possui programa de rastreabilidade e recolhimento de produtos? São realizado simulados?
B46: 4 | C46: =IF($J$10=TRUE,"Does the company have a quality policy?","A empresa possui política de qualidade?") -> A empresa possui política de qualidade?
B48: =IF($J$10=TRUE,"MAINTENANCE AND CALIBRATION","MANUTENÇÃO E CALIBRAÇÃO") -> MANUTENÇÃO E CALIBRAÇÃO
B49: =IF($J$10=TRUE,"Items (Answer the question with an X. If the answer is NA, please justify the answer at the Observation field.","Itens (Selecione a resposta com X) / Se NA, justificar em Observações") -> Itens (Selecione a resposta com X) / Se NA, justificar em Observações | D49: =IF($J$10=TRUE,"Yes","Sim") -> Sim | E49: =IF($J$10=TRUE,"No","Não") -> Não | F49: =IF($J$10=TRUE,"In progress","Em andamento") -> Em andamento | G49: =IF($J$10=TRUE,"NA (not applicable)","NA") -> NA | H49: =IF($J$10=TRUE,"Observation","Observações") -> Observações
B50: 4 | C50: =IF($J$10=TRUE,"Is there a documented preventative maintenance program for equipment?","Existe um programa documentado para manutenção preventiva dos equipamentos?") -> Existe um programa documentado para manutenção preventiva dos equipamentos?
B51: 5 | C51: =IF($J$10=TRUE,"Do you perform equipment and instrument calibration?","Realiza calibração de equipamento e instrumentos?") -> Realiza calibração de equipamento e instrumentos?
B53: =IF($J$10=TRUE,"CUSTOMER COMMUNICATION","COMUNICAÇÃO COM O CLIENTE") -> COMUNICAÇÃO COM O CLIENTE
B54: =IF($J$10=TRUE,"Items (Answer the question with an X. If the answer is NA, please justify the answer at the Observation field.","Itens (Selecione a resposta com X) / Se NA, justificar em Observações") -> Itens (Selecione a resposta com X) / Se NA, justificar em Observações | D54: =IF($J$10=TRUE,"Yes","Sim") -> Sim | E54: =IF($J$10=TRUE,"No","Não") -> Não | F54: =IF($J$10=TRUE,"In progress","Em andamento") -> Em andamento | G54: =IF($J$10=TRUE,"NA (not applicable)","NA") -> NA | H54: =IF($J$10=TRUE,"Observation","Observações") -> Observações
B55: 9 | C55: =IF($J$10=TRUE,"Does the company ensure that customer requirements for products are being followed? How?","A empresa assegura que os requisitos dos clientes para produtos estão sendo seguidos? Como?") -> A empresa assegura que os requisitos dos clientes para produtos estão sendo seguidos? Como?
B56: 10 | C56: =IF($J$10=TRUE,"Are customers notified when there are changes to relevant information? How?","Quando há mudanças nos pertinentes os clientes são comunicados? Como?") -> Quando há mudanças nos pertinentes os clientes são comunicados? Como?
B57: 11 | C57: =IF($J$10=TRUE,"Is there a customer complaint handling system? Are complaints recorded and handled?","Existe um sistema de tratamento de reclamação de clientes? As reclamações são registradas e tratadas?") -> Existe um sistema de tratamento de reclamação de clientes? As reclamações são registradas e tratadas?
B59: =IF($J$10=TRUE,"ENVIRONMENTAL MANAGEMENT SYSTEM","SISTEMA DE GESTÃO AMBIENTAL") -> SISTEMA DE GESTÃO AMBIENTAL
B60: =IF($J$10=TRUE,"Items (Answer the question with an X. If the answer is NA, please justify the answer at the Observation field.","Itens (Selecione a resposta com X) / Se NA, justificar em Observações") -> Itens (Selecione a resposta com X) / Se NA, justificar em Observações | D60: =IF($J$10=TRUE,"Yes","Sim") -> Sim | E60: =IF($J$10=TRUE,"No","Não") -> Não | F60: =IF($J$10=TRUE,"In progress","Em andamento") -> Em andamento | G60: =IF($J$10=TRUE,"NA (not applicable)","NA") -> NA | H60: =IF($J$10=TRUE,"Observation","Observações") -> Observações
B61: =B57+1 -> 12 | C61: =IF($J$10=TRUE,"Does the company have liquid and solid waste treatments?","A empresa possuí tratamentos de resíduos líquidos e sólidos?") -> A empresa possuí tratamentos de resíduos líquidos e sólidos?
B62: =B61+1 -> 13 | C62: =IF($J$10=TRUE,"Are the manufactured products biodegradable, resulting in no changes to the effluent treatment system?","Os produtos fabricados são biodegradáveis não conferindo alteração em sistema de tratamento de efluentes?") -> Os produtos fabricados são biodegradáveis não conferindo alteração em sistema de tratamento de efluentes?
B63: =B62+1 -> 14 | C63: =IF($J$10=TRUE,"Does the company have an environmental responsibility policy?","A empresa possui política de responsabilidade ambiental?") -> A empresa possui política de responsabilidade ambiental?
B64: =B63+1 -> 15 | C64: =IF($J$10=TRUE,"Does the company separate organic waste from recyclable waste?","A empresa separar o lixo orgânico do lixo reciclável?") -> A empresa separar o lixo orgânico do lixo reciclável?
B66: =IF($J$10=TRUE,"EMPLOYEES","COLABORADORES") -> COLABORADORES
B67: =IF($J$10=TRUE,"Items (Answer the question with an X. If the answer is NA, please justify the answer at the Observation field.","Itens (Selecione a resposta com X) / Se NA, justificar em Observações") -> Itens (Selecione a resposta com X) / Se NA, justificar em Observações | D67: =IF($J$10=TRUE,"Yes","Sim") -> Sim | E67: =IF($J$10=TRUE,"No","Não") -> Não | F67: =IF($J$10=TRUE,"In progress","Em andamento") -> Em andamento | G67: =IF($J$10=TRUE,"NA (not applicable)","NA") -> NA | H67: =IF($J$10=TRUE,"Observation","Observações") -> Observações
B68: =B64+1 -> 16 | C68: =IF($J$10=TRUE,"Do employees undergo admission and periodic exams?","Os funcionários fazem exames admissionais e periódicos?") -> Os funcionários fazem exames admissionais e periódicos?
B69: =B68+1 -> 17 | C69: =IF($J$10=TRUE,"Do all employees receive training on their activities?","Todos os funcionários recebem treinamento sobre as suas atividades?") -> Todos os funcionários recebem treinamento sobre as suas atividades?
B70: =B69+1 -> 18 | C70: =IF($J$10=TRUE,"Does the company have a socio-environmental responsibility policy?","A empresa possui política de responsabilidade socioambiental?") -> A empresa possui política de responsabilidade socioambiental?
B72: =IF($J$10=TRUE,"I declare that all information is true and that any changes in the manufacturing process, specification, or any other changes that impact the quality and/or traceability of the product supplied will be duly communicated to ICC Brazil.","Declaro que todas as informações são verídicas e que qualquer alteração no processo de fabricação, especificação, ou quaisquer outras mudanças que impactem na qualidade e/ou rastreabilidade do produto fornecido serão devidamente comunicados a ICC Brazil.") -> Declaro que todas as informações são verídicas e que qualquer alteração no processo de fabricação, especificação, ou quaisquer outras mudanças que impactem na qualidade e/ou rastreabilidade do produto fornecido serão devidamente comunicados a ICC Brazil.
C74: =IF($J$10=TRUE,"Responsible for completing:","Responsável pelo preenchimento:") -> Responsável pelo preenchimento:
C75: =IF($J$10=TRUE,"Job Title:","Cargo:") -> Cargo:
C76: =IF($J$10=TRUE,"Date:","Data:") -> Data:
C81: =IF($J$10=TRUE,"Signature","Assinatura") -> Assinatura

Sheet DESCARTE DE RESÍDUO
C1: QUALIFICAÇÃO DE FORNECEDORES - DESCARTE DE RESÍDUO QUALIFICATION OF SUPPLIERS - WASTE DISPOSAL | J1: RQ-COR-GQ-13
J3: Revisão 03
B5: Para efetuar o preenchimento do formulário em inglês, solicitamos que selecione o botão abaixo./To fill out the form in English, we kindly request that you select the button below.
B10: =IF($J$10=TRUE,"Corporate Name:","Razão Social:") -> Razão Social: | J10: FALSE
B11: =IF($J$10=TRUE,"Fantasy Name:","Nome Fantasia:") -> Nome Fantasia:
B12: =IF($J$10=TRUE,"TIN:","CNPJ:") -> CNPJ:
B13: =IF($J$10=TRUE,"Adress:","Endereço:") -> Endereço:
B14: =IF($J$10=TRUE,"Product supplied to ICC Brazil:","Produto (s) fornecido (s) para a ICC:") -> Produto (s) fornecido (s) para a ICC:
B15: =IF($J$10=TRUE,"CEO:","Responsável Técnico:") -> Responsável Técnico:
C20: =IF($J$10=TRUE,"Please select the submitted documents below","Selecione abaixo os documentos enviados.") -> Selecione abaixo os documentos enviados.
C21: =IF($J$10=TRUE,"REQUIREMENT","REQUISITO") -> REQUISITO | D21: =IF($J$10=TRUE,"SENT","ENVIADO") -> ENVIADO | F21: =IF($J$10=TRUE,"DOCUMENTS","DOCUMENTOS") -> DOCUMENTOS
C22: =IF($J$10=TRUE,"Mandatory","Obrigatório") -> Obrigatório | F22: =IF($J$10=TRUE,"Government-issued operating license","Alvará da Prefeitura") -> Alvará da Prefeitura
C23: =IF($J$10=TRUE,"Mandatory","Obrigatório") -> Obrigatório | F23: =IF($J$10=TRUE,"License issued by the environmental agency","Licença de Operação ou Dispensa do órgão ambiental estadual") -> Licença de Operação ou Dispensa do órgão ambiental estadual
C24: =IF($J$10=TRUE,"Mandatory","Obrigatório") -> Obrigatório | F24: =IF($J$10=TRUE,"License issued by the health agency","Licença da Vigilância Sanitária") -> Licença da Vigilância Sanitária
C25: =IF($J$10=TRUE,"Mandatory","Obrigatório") -> Obrigatório | F25: =IF($J$10=TRUE,"Certificate or Declaration of Waste Movement","Certificado de Movimentação de resíduo de interesse ambiental (CADRI)") -> Certificado de Movimentação de resíduo de interesse ambiental (CADRI)
C26: =IF($J$10=TRUE,"","Obrigatório") -> Obrigatório | F26: =IF($J$10=TRUE,"","Licença da Polícia Federal") -> Licença da Polícia Federal
C27: =IF($J$10=TRUE,"","Obrigatório") -> Obrigatório | F27: =IF($J$10=TRUE,"","Licença IBAMA") -> Licença IBAMA
C29: =IF($J$10=TRUE,"OBSERVATION:","OBSERVAÇÃO:") -> OBSERVAÇÃO: | D29: =IF($J$10=TRUE,"After collection, send the treatment certificate and proof of collection","Após a coleta enviar o certificado de tratamento e comprovante de coleta") -> Após a coleta enviar o certificado de tratamento e comprovante de coleta
B35: =IF($J$10=TRUE,"Read each statement and mark with an X in the column according to the company's service in the item.","Por favor, leia cada enunciado e assinale com um X na coluna correspondente ao atendimento da empresa para o respectivo item.") -> Por favor, leia cada enunciado e assinale com um X na coluna correspondente ao atendimento da empresa para o respectivo item.
B36: =IF($J$10=TRUE,"QUALITY AND FOOD SAFETY MANAGEMENT SYSTEM","SISTEMA DE GESTÃO DA QUALIDADE E SEGURANÇA DE ALIMENTOS") -> SISTEMA DE GESTÃO DA QUALIDADE E SEGURANÇA DE ALIMENTOS
B37: =IF($J$10=TRUE,"Items (Answer the question with an X. If the answer is NA, please justify the answer at the Observation field.","Itens (Selecione a resposta com X) / Se NA, justificar em Observações") -> Itens (Selecione a resposta com X) / Se NA, justificar em Observações | D37: =IF($J$10=TRUE,"Yes","Sim") -> Sim | E37: =IF($J$10=TRUE,"No","Não") -> Não | F37: =IF($J$10=TRUE,"In progress","Em andamento") -> Em andamento | G37: =IF($J$10=TRUE,"NA (not applicable)","NA") -> NA | H37: =IF($J$10=TRUE,"Observation","Observações") -> Observações
B38: 1 | C38: =IF($J$10=TRUE,"Does the company have regularization documents?","A empresa possui Documentos de regularização? ") -> A empresa possui Documentos de regularização?
B39: =B38+1 -> 2 | C39: =IF($J$10=TRUE,"Does the company have a written service procedure?","A empresa possui procedimento por escrito do serviço prestado?") -> A empresa possui procedimento por escrito do serviço prestado?
B40: =B39+1 -> 3 | C40: =IF($J$10=TRUE,"Are all personnel involved in the process properly qualified and are there internal records of this qualification?","Todo pessoal envolvido no processo é devidamente qualificado e existem registros internos dessa qualificação?") -> Todo pessoal envolvido no processo é devidamente qualificado e existem registros internos dessa qualificação?
B41: =B40+1 -> 4 | C41: =IF($J$10=TRUE,"Are periodic health checks carried out and recorded for employees?","São realizados e registrados exames periódicos para controle de saúde dos funcionários?") -> São realizados e registrados exames periódicos para controle de saúde dos funcionários?
B42: =B41+1 -> 5 | C42: =IF($J$10=TRUE,"Does the Company have a responsible person who is legally responsible for the services provided? Describe the category (Example: Chemist; Engineer, etc.)","A Empresa tem um responsável que responde legalmente pelos serviços prestados? Descrever a categoria (Exemplo: Químico ; Engenheiro, etc)") -> A Empresa tem um responsável que responde legalmente pelos serviços prestados? Descrever a categoria (Exemplo: Químico ; Engenheiro, etc)
B43: =B42+1 -> 6 | C43: =IF($J$10=TRUE,"Is the service provided as previously agreed?","O serviço prestado é conforme previamente acordado?") -> O serviço prestado é conforme previamente acordado?
B44: =B43+1 -> 7 | C44: =IF($J$10=TRUE,"Are there documented records of all services provided?","Há registros documentados de todo serviço prestado?") -> Há registros documentados de todo serviço prestado?
B45: =B44+1 -> 8 | C45: =IF($J$10=TRUE,"Is the deadline allowed for performing the service met?","É cumprido o prazo permitido para realização do serviço?") -> É cumprido o prazo permitido para realização do serviço?
B46: =B45+1 -> 9 | C46: =IF($J$10=TRUE,"Is there professional competence in performing the service?","Há competência profissional na execução do serviço?") -> Há competência profissional na execução do serviço?
B47: =B46+1 -> 10 | C47: =IF($J$10=TRUE,"Is there sufficient resource use? (people, tools, materials)","Há uso de recursos em quantidade suficiente? (pessoas, ferramentas, materiais)") -> Há uso de recursos em quantidade suficiente? (pessoas, ferramentas, materiais)
B48: =B47+1 -> 11 | C48: =IF($J$10=TRUE,"Are the employees of the providing company able to comply with the Contracting Company’s Standards?","Os colaboradores da empresa prestadora estão aptos a cumprir com as Normas da Empresa contratante?") -> Os colaboradores da empresa prestadora estão aptos a cumprir com as Normas da Empresa contratante?
B49: =B48+1 -> 12 | C49: =IF($J$10=TRUE,"Do employee employees dress appropriately for their role?","Os colaboradores prestadores vestem-se adequadamente para o exercício do cargo?") -> Os colaboradores prestadores vestem-se adequadamente para o exercício do cargo?
B50: =B49+1 -> 13 | C50: =IF($J$10=TRUE,"Do provider employees use PPE when necessary?","Os colaboradores prestadores usam EPI'S quando necessário?") -> Os colaboradores prestadores usam EPI'S quando necessário?
B51: =B50+1 -> 14 | C51: =IF($J$10=TRUE,"Is the company committed to sending documents for Provider Qualification when requested?","A empresa está comprometida no envio de documentos para Qualificação de Prestadores quando solicitados?") -> A empresa está comprometida no envio de documentos para Qualificação de Prestadores quando solicitados?
B52: =B51+1 -> 15 | C52: =IF($J$10=TRUE,"Is the company committed to sending update information when there are any changes to the process/service?","A empresa está comprometida em enviar informações de atualização quando houver qualquer alteração no processo/e ou serviço?") -> A empresa está comprometida em enviar informações de atualização quando houver qualquer alteração no processo/e ou serviço?
B53: =B52+1 -> 16 | C53: =IF($J$10=TRUE,"Does the company develop activities that optimize the use of natural resources (e.g.: control of consumption of water, energy, materials/inputs, etc.)?","A empresa desenvolve atividades que otimiza a utilização de recursos naturais (p.ex.: controle do consumo de água, energia, materiais/insumos, etc.)?") -> A empresa desenvolve atividades que otimiza a utilização de recursos naturais (p.ex.: controle do consumo de água, energia, materiais/insumos, etc.)?
B55: =IF($J$10=TRUE,"I declare that all information is true and that any changes in the manufacturing process, specification, or any other changes that impact the quality and/or traceability of the product supplied will be duly communicated to ICC Brazil.","Declaro que todas as informações são verídicas e que qualquer alteração no processo de fabricação, especificação, ou quaisquer outras mudanças que impactem na qualidade e/ou rastreabilidade do produto fornecido serão devidamente comunicados a ICC Brazil.") -> Declaro que todas as informações são verídicas e que qualquer alteração no processo de fabricação, especificação, ou quaisquer outras mudanças que impactem na qualidade e/ou rastreabilidade do produto fornecido serão devidamente comunicados a ICC Brazil.
C57: =IF($J$10=TRUE,"Responsible for completing:","Responsável pelo preenchimento:") -> Responsável pelo preenchimento:
C58: =IF($J$10=TRUE,"Job Title:","Cargo:") -> Cargo:
C59: =IF($J$10=TRUE,"Date:","Data:") -> Data:
C64: =IF($J$10=TRUE,"Signature","Assinatura") -> Assinatura

Sheet CALIBRAÇÃO_EQUIP
C1: QUALIFICAÇÃO DE FORNECEDORES - CALIBRAÇÃO E QUALIFICAÇÃO DE EQUIPAMENTOS QUALIFICATION OF SUPPLIERS - QUALIFICATION AND CALIBRATION OF EQUIPMENT | J1: RQ-COR-GQ-13
J3: Revisão 03
B5: Para efetuar o preenchimento do formulário em inglês, solicitamos que selecione o botão abaixo./To fill out the form in English, we kindly request that you select the button below.
B10: =IF($J$10=TRUE,"Corporate Name:","Razão Social:") -> Razão Social: | J10: FALSE
B11: =IF($J$10=TRUE,"Fantasy Name:","Nome Fantasia:") -> Nome Fantasia:
B12: =IF($J$10=TRUE,"TIN:","CNPJ:") -> CNPJ:
B13: =IF($J$10=TRUE,"Adress:","Endereço:") -> Endereço:
B14: =IF($J$10=TRUE,"Product supplied to ICC Brazil:","Produto (s) fornecido (s) para a ICC:") -> Produto (s) fornecido (s) para a ICC:
B15: =IF($J$10=TRUE,"CEO:","Responsável Técnico:") -> Responsável Técnico:
C20: =IF($J$10=TRUE,"Please select the submitted documents below","Selecione abaixo os documentos enviados.") -> Selecione abaixo os documentos enviados.
C21: =IF($J$10=TRUE,"REQUIREMENT","REQUISITO") -> REQUISITO | D21: =IF($J$10=TRUE,"SENT","ENVIADO") -> ENVIADO | F21: =IF($J$10=TRUE,"DOCUMENTS","DOCUMENTOS") -> DOCUMENTOS
C22: =IF($J$10=TRUE,"Mandatory","Obrigatório") -> Obrigatório | F22: =IF($J$10=TRUE,"Registration of the establishment with the competent body","Registro do estabelecimento no órgão competente") -> Registro do estabelecimento no órgão competente
C23: =IF($J$10=TRUE,"Mandatory","Obrigatório") -> Obrigatório | F23: =IF($J$10=TRUE,"Scope of supply","Escopo de fornecimento") -> Escopo de fornecimento
C24: =IF($J$10=TRUE,"Mandatory","Obrigatório") -> Obrigatório | F24: =IF($J$10=TRUE,"License issued by the environmental agency","Licença de Operação") -> Licença de Operação
C25: =IF($J$10=TRUE,"Mandatory","Obrigatório") -> Obrigatório | F25: =IF($J$10=TRUE,"ISO 17025 or traceable standards accreditation","ISO 17025 ou Acreditação à RBC/INMETRO ou utilização de padrões rastreáveis à RBC/INMETRO") -> ISO 17025 ou Acreditação à RBC/INMETRO ou utilização de padrões rastreáveis à RBC/INMETRO
B31: =IF($J$10=TRUE,"Read each statement and mark with an X in the column according to the company's service in the item.","Por favor, leia cada enunciado e assinale com um X na coluna correspondente ao atendimento da empresa para o respectivo item.") -> Por favor, leia cada enunciado e assinale com um X na coluna correspondente ao atendimento da empresa para o respectivo item.
B32: =IF($J$10=TRUE,"QUALITY AND FOOD SAFETY MANAGEMENT SYSTEM","SISTEMA DE GESTÃO DA QUALIDADE E SEGURANÇA DE ALIMENTOS") -> SISTEMA DE GESTÃO DA QUALIDADE E SEGURANÇA DE ALIMENTOS
B33: =IF($J$10=TRUE,"Items (Answer the question with an X. If the answer is NA, please justify the answer at the Observation field.","Itens (Selecione a resposta com X) / Se NA, justificar em Observações") -> Itens (Selecione a resposta com X) / Se NA, justificar em Observações | D33: =IF($J$10=TRUE,"Yes","Sim") -> Sim | E33: =IF($J$10=TRUE,"No","Não") -> Não | F33: =IF($J$10=TRUE,"In progress","Em andamento") -> Em andamento | G33: =IF($J$10=TRUE,"NA (not applicable)","NA") -> NA | H33: =IF($J$10=TRUE,"Observation","Observações") -> Observações
B34: 1 | C34: =IF($J$10=TRUE,"Does the company accept customer audits?","A empresa aceita auditoria de clientes?") -> A empresa aceita auditoria de clientes?
B35: 2 | C35: =IF($J$10=TRUE,"Is access control carried out to areas that affect the quality of calibrations?","É realizado o controle de acesso às áreas que afetam a qualidade das calibrações?") -> É realizado o controle de acesso às áreas que afetam a qualidade das calibrações?
B36: 3 | C36: =IF($J$10=TRUE,"Does the company have regularization documents?","A empresa possui documentos de regularização? ") -> A empresa possui documentos de regularização?
B37: =B36+1 -> 4 | C37: =IF($J$10=TRUE,"Does the company have a written service procedure?","A empresa possui procedimento por escrito do serviço prestado?") -> A empresa possui procedimento por escrito do serviço prestado?
B38: =B37+1 -> 5 | C38: =IF($J$10=TRUE,"Are all personnel involved in the process properly qualified and are there internal records of this qualification?","Todo pessoal envolvido no processo é devidamente qualificado e existem registros internos dessa qualificação?") -> Todo pessoal envolvido no processo é devidamente qualificado e existem registros internos dessa qualificação?
B39: =B38+1 -> 6 | C39: =IF($J$10=TRUE,"Are periodic health checks carried out and recorded for employees?","São realizados e registrados exames periódicos para controle de saúde dos funcionários?") -> São realizados e registrados exames periódicos para controle de saúde dos funcionários?
B40: =B39+1 -> 7 | C40: =IF($J$10=TRUE,"Does the Company have a responsible person who is legally responsible for the services provided? Describe the category (Example: Chemist; Engineer, etc.)","A Empresa tem um responsável que responde legalmente pelos serviços prestados? Descrever a categoria (Exemplo: Químico ; Engenheiro, etc)") -> A Empresa tem um responsável que responde legalmente pelos serviços prestados? Descrever a categoria (Exemplo: Químico ; Engenheiro, etc)
B41: =B40+1 -> 8 | C41: =IF($J$10=TRUE,"Are there documented records of all services provided?","Há registros documentados de todo serviço prestado?") -> Há registros documentados de todo serviço prestado?
B42: =B41+1 -> 9 | C42: =IF($J$10=TRUE,"Is the deadline allowed for performing the service met?","É cumprido o prazo permitido para realização do serviço?") -> É cumprido o prazo permitido para realização do serviço?
B43: =B42+1 -> 10 | C43: =IF($J$10=TRUE,"Is there professional competence in performing the service?","Há competência profissional na execução do serviço?") -> Há competência profissional na execução do serviço?
B44: =B43+1 -> 11 | C44: =IF($J$10=TRUE,"Is there sufficient resource use? (people, tools, materials)","Há uso de recursos em quantidade suficiente? (pessoas, ferramentas, materiais)") -> Há uso de recursos em quantidade suficiente? (pessoas, ferramentas, materiais)
B45: =B44+1 -> 12 | C45: =IF($J$10=TRUE,"Are the employees of the providing company able to comply with the Contracting Company’s Standards?","Os colaboradores da empresa prestadora estão aptos a cumprir com as Normas da Empresa contratante?") -> Os colaboradores da empresa prestadora estão aptos a cumprir com as Normas da Empresa contratante?
B46: =B45+1 -> 13 | C46: =IF($J$10=TRUE,"Do employee employees dress appropriately for their role?","Os colaboradores prestadores vestem-se adequadamente para o exercício do cargo?") -> Os colaboradores prestadores vestem-se adequadamente para o exercício do cargo?
B47: =B46+1 -> 14 | C47: =IF($J$10=TRUE,"Do provider employees use PPE when necessary?","Os colaboradores prestadores usam EPI'S quando necessário?") -> Os colaboradores prestadores usam EPI'S quando necessário?
B48: =B47+1 -> 15 | C48: =IF($J$10=TRUE,"Is the company committed to sending update information when there are any changes to the process/service?","A empresa está comprometida em enviar informações de atualização quando houver qualquer alteração no processo/e ou serviço?") -> A empresa está comprometida em enviar informações de atualização quando houver qualquer alteração no processo/e ou serviço?
B49: =B48+1 -> 16 | C49: =IF($J$10=TRUE,"Does the company develop activities that optimize the use of natural resources (e.g.: control of consumption of water, energy, materials/inputs, etc.)?","A empresa desenvolve atividades que otimiza a utilização de recursos naturais (p.ex.: controle do consumo de água, energia, materiais/insumos, etc.)?") -> A empresa desenvolve atividades que otimiza a utilização de recursos naturais (p.ex.: controle do consumo de água, energia, materiais/insumos, etc.)?
B50: =B49+1 -> 17 | C50: =IF($J$10=TRUE,"Does the company maintain activities, linked to production processes and/or services, that minimize impacts on the Environment? (e.g.: control of adequate waste disposal, reduction of noise generation, etc.)","A empresa mantém atividades, ligadas aos processos produtivos e/ou serviços, que minimizem os impactos ao Meio Ambiente? (p.ex.: controle do descarte adequado de resíduos, redução da geração de ruídos, etc.) ") -> A empresa mantém atividades, ligadas aos processos produtivos e/ou serviços, que minimizem os impactos ao Meio Ambiente? (p.ex.: controle do descarte adequado de resíduos, redução da geração de ruídos, etc.)
B51: =B50+1 -> 18 | C51: =IF($J$10=TRUE,"Supervision of the work performed? (problem detection and execution before service delivery)","Há supervisão do trabalho executado? (detecção e execução de problema antes da entrega do serviço)") -> Há supervisão do trabalho executado? (detecção e execução de problema antes da entrega do serviço)
B53: =IF($J$10=TRUE,"I declare that all information is true and that any changes in the manufacturing process, specification, or any other changes that impact the quality and/or traceability of the product supplied will be duly communicated to ICC Brazil.","Declaro que todas as informações são verídicas e que qualquer alteração no processo de fabricação, especificação, ou quaisquer outras mudanças que impactem na qualidade e/ou rastreabilidade do produto fornecido serão devidamente comunicados a ICC Brazil.") -> Declaro que todas as informações são verídicas e que qualquer alteração no processo de fabricação, especificação, ou quaisquer outras mudanças que impactem na qualidade e/ou rastreabilidade do produto fornecido serão devidamente comunicados a ICC Brazil.
C55: =IF($J$10=TRUE,"Responsible for completing:","Responsável pelo preenchimento:") -> Responsável pelo preenchimento:
C56: =IF($J$10=TRUE,"Job Title:","Cargo:") -> Cargo:
C57: =IF($J$10=TRUE,"Date:","Data:") -> Data:
C62: =IF($J$10=TRUE,"Signature","Assinatura") -> Assinatura

Sheet MANUTENÇÃO
C1: QUALIFICAÇÃO DE FORNECEDORES - MANUTENÇÃO QUALIFICATION OF SUPPLIERS - MAINTANANCE | J1: RQ-COR-GQ-13
J3: Revisão 03
B5: Para efetuar o preenchimento do formulário em inglês, solicitamos que selecione o botão abaixo./To fill out the form in English, we kindly request that you select the button below.
B10: =IF($J$10=TRUE,"Corporate Name:","Razão Social:") -> Razão Social: | J10: FALSE
B11: =IF($J$10=TRUE,"Fantasy Name:","Nome Fantasia:") -> Nome Fantasia:
B12: =IF($J$10=TRUE,"TIN:","CNPJ:") -> CNPJ:
B13: =IF($J$10=TRUE,"Adress:","Endereço:") -> Endereço:
B14: =IF($J$10=TRUE,"Product supplied to ICC Brazil:","Produto (s) fornecido (s) para a ICC:") -> Produto (s) fornecido (s) para a ICC:
B15: =IF($J$10=TRUE,"CEO:","Responsável Técnico:") -> Responsável Técnico:
C20: =IF($J$10=TRUE,"Please select the submitted documents below","Selecione abaixo os documentos enviados.") -> Selecione abaixo os documentos enviados.
C21: =IF($J$10=TRUE,"REQUIREMENT","REQUISITO") -> REQUISITO | D21: =IF($J$10=TRUE,"SENT","ENVIADO") -> ENVIADO | F21: =IF($J$10=TRUE,"DOCUMENTS","DOCUMENTOS") -> DOCUMENTOS
C22: =IF($J$10=TRUE,"Mandatory","Obrigatório") -> Obrigatório | F22: =IF($J$10=TRUE,"Government-issued operating license","Alvará da Prefeitura") -> Alvará da Prefeitura
C23: =IF($J$10=TRUE,"Mandatory","Obrigatório") -> Obrigatório | F23: =IF($J$10=TRUE,"Fire department license, if applicable","Auto de Vistoria do Corpo de Bombeiros (AVCB)") -> Auto de Vistoria do Corpo de Bombeiros (AVCB)
C24: =IF($J$10=TRUE,"Mandatory","Obrigatório") -> Obrigatório | F24: =IF($J$10=TRUE,"Declaration of technical responsibility of CEO","Anotação do Responsável Técnico (ART)") -> Anotação do Responsável Técnico (ART)
C25: =IF($J$10=TRUE,"Mandatory","Obrigatório") -> Obrigatório | F25: =IF($J$10=TRUE,"Occupational Health Medical Control Program","PCMSO (Programa de Controle Médico de Saúde Ocupacional)") -> PCMSO (Programa de Controle Médico de Saúde Ocupacional)
C26: =IF($J$10=TRUE,"Mandatory","Obrigatório") -> Obrigatório | F26: =IF($J$10=TRUE,"Training of all employees who work at heights above 2 meters from the lower level where there is a risk of falling","Treinamento de NR 35 de todos os colaboradores que fazem serviço em altura acima 2 metros do nível inferior onde há risco de queda") -> Treinamento de NR 35 de todos os colaboradores que fazem serviço em altura acima 2 metros do nível inferior onde há risco de queda
C27: =IF($J$10=TRUE,"Differencial","Diferencial") -> Diferencial | F27: =IF($J$10=TRUE,"Certifications: ISO 9000, among others","Certificações: ISO 9000, entre outros") -> Certificações: ISO 9000, entre outros
B33: =IF($J$10=TRUE,"Read each statement and mark with an X in the column according to the company's service in the item.","Por favor, leia cada enunciado e assinale com um X na coluna correspondente ao atendimento da empresa para o respectivo item.") -> Por favor, leia cada enunciado e assinale com um X na coluna correspondente ao atendimento da empresa para o respectivo item.
B34: =IF($J$10=TRUE,"QUALITY AND FOOD SAFETY MANAGEMENT SYSTEM","SISTEMA DE GESTÃO DA QUALIDADE E SEGURANÇA DE ALIMENTOS") -> SISTEMA DE GESTÃO DA QUALIDADE E SEGURANÇA DE ALIMENTOS
B35: =IF($J$10=TRUE,"Items (Answer the question with an X. If the answer is NA, please justify the answer at the Observation field.","Itens (Selecione a resposta com X) / Se NA, justificar em Observações") -> Itens (Selecione a resposta com X) / Se NA, justificar em Observações | D35: =IF($J$10=TRUE,"Yes","Sim") -> Sim | E35: =IF($J$10=TRUE,"No","Não") -> Não | F35: =IF($J$10=TRUE,"In progress","Em andamento") -> Em andamento | G35: =IF($J$10=TRUE,"NA (not applicable)","NA") -> NA | H35: =IF($J$10=TRUE,"Observation","Observações") -> Observações
B36: 1 | C36: =IF($J$10=TRUE,"Does the company have regularization documents?","A empresa possui documentos de regularização? ") -> A empresa possui documentos de regularização?
B37: =B36+1 -> 2 | C37: =IF($J$10=TRUE,"Does the company have a written service procedure?","A empresa possui procedimento por escrito do serviço prestado?") -> A empresa possui procedimento por escrito do serviço prestado?
B38: =B37+1 -> 3 | C38: =IF($J$10=TRUE,"Are all personnel involved in the process properly qualified and are there internal records of this qualification?","Todo pessoal envolvido no processo é devidamente qualificado e existem registros internos dessa qualificação?") -> Todo pessoal envolvido no processo é devidamente qualificado e existem registros internos dessa qualificação?
B39: =B38+1 -> 4 | C39: =IF($J$10=TRUE,"Are periodic health checks carried out and recorded for employees?","São realizados e registrados exames periódicos para controle de saúde dos funcionários?") -> São realizados e registrados exames periódicos para controle de saúde dos funcionários?
B40: =B39+1 -> 5 | C40: =IF($J$10=TRUE,"Does the Company have a responsible person who is legally responsible for the services provided? Describe the category (Example: Chemist; Engineer, etc.)","A Empresa tem um responsável que responde legalmente pelos serviços prestados? Descrever a categoria (Exemplo: Químico ; Engenheiro, etc)") -> A Empresa tem um responsável que responde legalmente pelos serviços prestados? Descrever a categoria (Exemplo: Químico ; Engenheiro, etc)
B41: =B40+1 -> 6 | C41: =IF($J$10=TRUE,"Are there documented records of all services provided?","Há registros documentados de todo serviço prestado?") -> Há registros documentados de todo serviço prestado?
B42: =B41+1 -> 7 | C42: =IF($J$10=TRUE,"Is the deadline allowed for performing the service met?","É cumprido o prazo permitido para realização do serviço?") -> É cumprido o prazo permitido para realização do serviço?
B43: =B42+1 -> 8 | C43: =IF($J$10=TRUE,"Is there professional competence in performing the service?","Há competência profissional na execução do serviço?") -> Há competência profissional na execução do serviço?
B44: =B43+1 -> 9 | C44: =IF($J$10=TRUE,"Is there sufficient resource use? (people, tools, materials)","Há uso de recursos em quantidade suficiente? (pessoas, ferramentas, materiais)") -> Há uso de recursos em quantidade suficiente? (pessoas, ferramentas, materiais)
B45: =B44+1 -> 10 | C45: =IF($J$10=TRUE,"Are the employees of the providing company able to comply with the Contracting Company’s Standards?","Os colaboradores da empresa prestadora estão aptos a cumprir com as Normas da Empresa contratante?") -> Os colaboradores da empresa prestadora estão aptos a cumprir com as Normas da Empresa contratante?
B46: =B45+1 -> 11 | C46: =IF($J$10=TRUE,"Do employee employees dress appropriately for their role?","Os colaboradores prestadores vestem-se adequadamente para o exercício do cargo?") -> Os colaboradores prestadores vestem-se adequadamente para o exercício do cargo?
B47: =B46+1 -> 12 | C47: =IF($J$10=TRUE,"Do provider employees use PPE when necessary?","Os colaboradores prestadores usam EPI'S quando necessário?") -> Os colaboradores prestadores usam EPI'S quando necessário?
B48: =B47+1 -> 13 | C48: =IF($J$10=TRUE,"Is the company committed to sending update information when there are any changes to the process/service?","A empresa está comprometida em enviar informações de atualização quando houver qualquer alteração no processo/e ou serviço?") -> A empresa está comprometida em enviar informações de atualização quando houver qualquer alteração no processo/e ou serviço?
B49: =B48+1 -> 14 | C49: =IF($J$10=TRUE,"Does the company develop activities that optimize the use of natural resources (e.g.: control of consumption of water, energy, materials/inputs, etc.)?","A empresa desenvolve atividades que otimiza a utilização de recursos naturais (p.ex.: controle do consumo de água, energia, materiais/insumos, etc.)?") -> A empresa desenvolve atividades que otimiza a utilização de recursos naturais (p.ex.: controle do consumo de água, energia, materiais/insumos, etc.)?
B50: =B49+1 -> 15 | C50: =IF($J$10=TRUE,"Does the company maintain activities, linked to production processes and/or services, that minimize impacts on the Environment? (e.g.: control of adequate waste disposal, reduction of noise generation, etc.)","A empresa mantém atividades, ligadas aos processos produtivos e/ou serviços, que minimizem os impactos ao Meio Ambiente? (p.ex.: controle do descarte adequado de resíduos, redução da geração de ruídos, etc.) ") -> A empresa mantém atividades, ligadas aos processos produtivos e/ou serviços, que minimizem os impactos ao Meio Ambiente? (p.ex.: controle do descarte adequado de resíduos, redução da geração de ruídos, etc.)
B51: =B50+1 -> 16 | C51: =IF($J$10=TRUE,"Supervision of the work performed? (problem detection and execution before service delivery)","Há supervisão do trabalho executado? (detecção e execução de problema antes da entrega do serviço)") -> Há supervisão do trabalho executado? (detecção e execução de problema antes da entrega do serviço)
B52: =B51+1 -> 17 | C52: =IF($J$10=TRUE,"Is there quality of the materials provided by the Contractor?","Existe qualidade dos materiais fornecidos pela Contratada?") -> Existe qualidade dos materiais fornecidos pela Contratada?
B53: =B52+1 -> 18 | C53: =IF($J$10=TRUE,"Are there criteria for selecting suppliers that ensure the quality of the product/service purchased?","Existem critérios para a seleção de fornecedores, que assegurem a qualidade do produto/serviço adquirido?") -> Existem critérios para a seleção de fornecedores, que assegurem a qualidade do produto/serviço adquirido?
B55: =IF($J$10=TRUE,"I declare that all information is true and that any changes in the manufacturing process, specification, or any other changes that impact the quality and/or traceability of the product supplied will be duly communicated to ICC Brazil.","Declaro que todas as informações são verídicas e que qualquer alteração no processo de fabricação, especificação, ou quaisquer outras mudanças que impactem na qualidade e/ou rastreabilidade do produto fornecido serão devidamente comunicados a ICC Brazil.") -> Declaro que todas as informações são verídicas e que qualquer alteração no processo de fabricação, especificação, ou quaisquer outras mudanças que impactem na qualidade e/ou rastreabilidade do produto fornecido serão devidamente comunicados a ICC Brazil.
C57: =IF($J$10=TRUE,"Responsible for completing:","Responsável pelo preenchimento:") -> Responsável pelo preenchimento:
C58: =IF($J$10=TRUE,"Job Title:","Cargo:") -> Cargo:
C59: =IF($J$10=TRUE,"Date:","Data:") -> Data:
C64: =IF($J$10=TRUE,"Signature","Assinatura") -> Assinatura

Sheet TRANSPORTADORAS
C1: QUALIFICAÇÃO DE FORNECEDORES - TRANSPORTADORAS QUALIFICATION OF SUPPLIERS - SHIPPING COMPANY | J1: RQ-COR-GQ-13
J3: Revisão 03
B5: Para efetuar o preenchimento do formulário em inglês, solicitamos que selecione o botão abaixo./To fill out the form in English, we kindly request that you select the button below.
B10: =IF($J$10=TRUE,"Corporate Name:","Razão Social:") -> Razão Social: | J10: FALSE
B11: =IF($J$10=TRUE,"Fantasy Name:","Nome Fantasia:") -> Nome Fantasia:
B12: =IF($J$10=TRUE,"Tax Code:","CNPJ:") -> CNPJ:
B13: =IF($J$10=TRUE,"Adress:","Endereço:") -> Endereço:
B14: =IF($J$10=TRUE,"Service supplied to ICC Brazil:","Serviço prestado à ICC Brasil:") -> Serviço prestado à ICC Brasil:
B15: =IF($J$10=TRUE,"CEO:","Responsável Técnico:") -> Responsável Técnico:
C20: =IF($J$10=TRUE,"Please select the submitted documents below","Selecione abaixo os documentos enviados.") -> Selecione abaixo os documentos enviados.
C21: =IF($J$10=TRUE,"REQUIREMENT","REQUISITO") -> REQUISITO | D21: =IF($J$10=TRUE,"SENT","ENVIADO") -> ENVIADO | F21: =IF($J$10=TRUE,"DOCUMENTS","DOCUMENTOS") -> DOCUMENTOS
C22: =IF($J$10=TRUE,"Mandatory","Obrigatório") -> Obrigatório | F22: =IF($J$10=TRUE,"Social contract or last amendment","Contrato social ou última alteração") -> Contrato social ou última alteração
C23: =IF($J$10=TRUE,"Mandatory","Obrigatório") -> Obrigatório | F23: =IF($J$10=TRUE,"Current insurance policy","Apólice de seguro vigente") -> Apólice de seguro vigente
C24: =IF($J$10=TRUE,"","Obrigatório") -> Obrigatório | F24: =IF($J$10=TRUE,"","Cartão CNPJ") -> Cartão CNPJ
C25: =IF($J$10=TRUE,"","Obrigatório") -> Obrigatório | F25: =IF($J$10=TRUE,"","Documento do Sintegra") -> Documento do Sintegra
C26: =IF($J$10=TRUE,"","Obrigatório") -> Obrigatório | F26: =IF($J$10=TRUE,"","Comprovante de Registro RNTRC/ANTT") -> Comprovante de Registro RNTRC/ANTT
C27: =IF($J$10=TRUE,"Differencial","Diferencial") -> Diferencial | F27: =IF($J$10=TRUE,"Certifications: ISO 9000, among others","Certificações: ISO 9000, entre outros") -> Certificações: ISO 9000, entre outros
B34: =IF($J$10=TRUE,"Read each statement and mark with an X in the column according to the company's service in the item.","Por favor, leia cada enunciado e assinale com um X na coluna correspondente ao atendimento da empresa para o respectivo item.") -> Por favor, leia cada enunciado e assinale com um X na coluna correspondente ao atendimento da empresa para o respectivo item.
B35: =IF($J$10=TRUE,"QUALITY AND FOOD SAFETY MANAGEMENT SYSTEM","SISTEMA DE GESTÃO DA QUALIDADE E SEGURANÇA DE ALIMENTOS") -> SISTEMA DE GESTÃO DA QUALIDADE E SEGURANÇA DE ALIMENTOS
B36: =IF($J$10=TRUE,"Items (Answer the question with an X. If the answer is NA, please justify the answer at the Observation field.","Itens (Selecione a resposta com X) / Se NA, justificar em Observações") -> Itens (Selecione a resposta com X) / Se NA, justificar em Observações | D36: =IF($J$10=TRUE,"Yes","Sim") -> Sim | E36: =IF($J$10=TRUE,"No","Não") -> Não | F36: =IF($J$10=TRUE,"In progress","Em andamento") -> Em andamento | G36: =IF($J$10=TRUE,"NA (not applicable)","NA") -> NA | H36: =IF($J$10=TRUE,"Observation","Observações") -> Observações
B37: 1 | C37: =IF($J$10=TRUE,"The loading compartments are clean, dry, empty and free of undersible odours?","Os veículos são limpos, secos e ausentes de odores indesejáveis?") -> Os veículos são limpos, secos e ausentes de odores indesejáveis?
B38: 2 | C38: =IF($J$10=TRUE,"The loading compartments are absent of elements that may have a negative impact on the safety of the products to be loaded, such as residues of previous loads and/or impurities?","Os veículos são ausentes de elementos que possam ter impacto negativo nos produtos?") -> Os veículos são ausentes de elementos que possam ter impacto negativo nos produtos?
B39: 3 | C39: =IF($J$10=TRUE,"The loading compartments are absent of insects or pests?","Os veículos são ausentes de insetos ou pragas?") -> Os veículos são ausentes de insetos ou pragas?
B40: 4 | C40: =IF($J$10=TRUE,"The loading compartments are closable and in good condition?","Os veículos estão integros e estão em boas condições?") -> Os veículos estão integros e estão em boas condições?
B41: 5 | C41: =IF($J$10=TRUE,"The loading compartments are free from residuos of previous loads?","Os veículos são livres de resíduos de carregamentos anteriores?") -> Os veículos são livres de resíduos de carregamentos anteriores?
B42: 6 | C42: =IF($J$10=TRUE,"Does the company mantain registration of the previous three loads (including cleaning operations) in the loading compartment provided with date and signature of the company responsible for the transport of feed?","A empresa mantém registo das três cargas anteriores (incluindo operações de limpeza) no compartimento de carga fornecido com data e assinatura da empresa responsável pelo transporte da ração?") -> A empresa mantém registo das três cargas anteriores (incluindo operações de limpeza) no compartimento de carga fornecido com data e assinatura da empresa responsável pelo transporte da ração?
B43: 7 | C43: =IF($J$10=TRUE,"Does the company maintain documentation related to the successive transports?","A empresa mantém registro de todos os carregamentos efetuados, incluindo limpeza das carretas?") -> A empresa mantém registro de todos os carregamentos efetuados, incluindo limpeza das carretas?
B44: 8 | C44: =IF($J$10=TRUE,"Does the company maintain documentation related to cleaning operations between successive transports?","A empresa mantém documentação relacionada à operações de limpeza entre os carregamentos?") -> A empresa mantém documentação relacionada à operações de limpeza entre os carregamentos?
B45: 9 | C45: =IF($J$10=TRUE,"Does the company maintain documentation related to inspections and checks?","A empresa mantém documentação relacionada a verificações e checkagem das carretas?") -> A empresa mantém documentação relacionada a verificações e checkagem das carretas?
B46: 10 | C46: =IF($J$10=TRUE,"Does the company have written procedures related cleaning methods and frequency of cleaning?","A empresa mantém procedimentos escritos especificando métodos de limpeza e frequências?") -> A empresa mantém procedimentos escritos especificando métodos de limpeza e frequências?
B47: 11 | C47: =IF($J$10=TRUE,"The loading compartments are made from materials that can be cleaned and prevent contamination of feed?","As carretas são feitas de materiais que possam ser limpos e prevenir contaminação do produto?") -> As carretas são feitas de materiais que possam ser limpos e prevenir contaminação do produto?
B48: 12 | C48: =IF($J$10=TRUE,"Do the loading compartments are not accessible to unauthorized persons?","Os compartimentos de carga possuem meios que impeçam acesso de pessoas não autorizadas?") -> Os compartimentos de carga possuem meios que impeçam acesso de pessoas não autorizadas?
B49: 13 | C49: =IF($J$10=TRUE,"Does the company mantain the legally-required transport documents?","A empresa mantém documentação legal requerida à transportadoras?") -> A empresa mantém documentação legal requerida à transportadoras?
B50: 14 | C50: =IF($J$10=TRUE,"Do the company responsible for the transport of feed is able to demonstrate that no forbidden loads have been transported in the loading compartment?","A empresa responsável pelo transporte de ração consegue demonstrar que não foram transportadas cargas proibidas no compartimento de carga?") -> A empresa responsável pelo transporte de ração consegue demonstrar que não foram transportadas cargas proibidas no compartimento de carga?
B51: 15 | C51: =IF($J$10=TRUE,"Do the loading compartments enable good hygienic practices?","Os compartimentos de carga permitem boas práticas de higiene?") -> Os compartimentos de carga permitem boas práticas de higiene?
B52: =IF($J$10=TRUE,"Organizational Data","Dados Organizacionais") -> Dados Organizacionais
B53: =IF($J$10=TRUE,"Items (Answer the question with an X. If the answer is NA, please justify the answer at the Observation field.","Itens (Selecione a resposta com X) / Se NA, justificar em Observações") -> Itens (Selecione a resposta com X) / Se NA, justificar em Observações | D53: =IF($J$10=TRUE,"Yes","Sim") -> Sim | E53: =IF($J$10=TRUE,"No","Não") -> Não | F53: =IF($J$10=TRUE,"In progress","Em andamento") -> Em andamento | G53: =IF($J$10=TRUE,"NA (not applicable)","NA") -> NA | H53: =IF($J$10=TRUE,"Observation","Observações") -> Observações
B54: 16 | C54: =IF($J$10=TRUE,"What regions does the carrier service?","Quais regiões a transportadora atende?") -> Quais regiões a transportadora atende?
B55: 17 | C55: =IF($J$10=TRUE,"What is the load profile? Closed or fractional?","Qual é o perfil da carga? Fechada ou fracionada?") -> Qual é o perfil da carga? Fechada ou fracionada?
B56: 18 | C56: =IF($J$10=TRUE,"Does the company have its own vehicle?","A empresa possui veículo próprio?") -> A empresa possui veículo próprio?
B57: 19 | C57: =IF($J$10=TRUE,"Does the company have a third party vehicle?","A empresa possui veículo terceiro?") -> A empresa possui veículo terceiro?
B58: 20 | C58: =IF($J$10=TRUE,"Does the carrier have a cargo tracking service?","A transportadora possui serviço de rastreamento de carga?") -> A transportadora possui serviço de rastreamento de carga?
B59: 21 | C59: =IF($J$10=TRUE,"Does the transportation company work with a risk manager?","A transportadora trabalha com gerenciadora de risco?") -> A transportadora trabalha com gerenciadora de risco?
B61: =IF($J$10=TRUE,"I declare that all information is true and that any changes in the manufacturing process, specification, or any other changes that impact the quality and/or traceability of the product supplied will be duly communicated to ICC Brazil.","Declaro que todas as informações são verídicas e que qualquer alteração no processo de fabricação, especificação, ou quaisquer outras mudanças que impactem na qualidade e/ou rastreabilidade do produto fornecido serão devidamente comunicados a ICC Brazil.") -> Declaro que todas as informações são verídicas e que qualquer alteração no processo de fabricação, especificação, ou quaisquer outras mudanças que impactem na qualidade e/ou rastreabilidade do produto fornecido serão devidamente comunicados a ICC Brazil.
C63: =IF($J$10=TRUE,"Responsible for completing:","Responsável pelo preenchimento:") -> Responsável pelo preenchimento:
C64: =IF($J$10=TRUE,"Job Title:","Cargo:") -> Cargo:
C65: =IF($J$10=TRUE,"Date:","Data:") -> Data:
C70: =IF($J$10=TRUE,"Signature","Assinatura") -> Assinatura

Sheet AUDITORES EXTERNOS
C1: QUALIFICAÇÃO DE FORNECEDORES - AUDITORES EXTERNOS QUALIFICATION OF SUPPLIERS | J1: RQ-COR-GQ-13
J3: Revisão 03
B5: Para efetuar o preenchimento do formulário em inglês, solicitamos que selecione o botão abaixo./To fill out the form in English, we kindly request that you select the button below.
B10: =IF($J$10=TRUE,"Corporate Name:","Razão Social:") -> Razão Social: | J10: FALSE
B11: =IF($J$10=TRUE,"Fantasy Name:","Nome Fantasia:") -> Nome Fantasia:
B12: =IF($J$10=TRUE,"TIN:","CNPJ:") -> CNPJ:
B13: =IF($J$10=TRUE,"Adress:","Endereço:") -> Endereço:
B14: =IF($J$10=TRUE,"Product supplied to ICC Brazil:","Produto (s) fornecido (s) para a ICC:") -> Produto (s) fornecido (s) para a ICC:
B15: =IF($J$10=TRUE,"CEO:","Responsável Técnico:") -> Responsável Técnico:
C20: =IF($J$10=TRUE,"Please select the submitted documents below","Selecione abaixo os documentos enviados.") -> Selecione abaixo os documentos enviados.
C21: =IF($J$10=TRUE,"REQUIREMENT","REQUISITO") -> REQUISITO | D21: =IF($J$10=TRUE,"SENT","ENVIADO") -> ENVIADO | F21: =IF($J$10=TRUE,"DOCUMENTS","DOCUMENTOS") -> DOCUMENTOS
C22: =IF($J$10=TRUE,"Mandatory","Obrigatório") -> Obrigatório | F22: =IF($J$10=TRUE,"Certificates or document proving qualification","Certificados ou documento que comprove a qualificação") -> Certificados ou documento que comprove a qualificação
C23: =IF($J$10=TRUE,"Differencial","Diferencial") -> Diferencial | F23: =IF($J$10=TRUE,"Curriculum","Currículo") -> Currículo
B29: =IF($J$10=TRUE,"Read each statement and mark with an X in the column according to the company's service in the item.","Por favor, leia cada enunciado e assinale com um X na coluna correspondente ao atendimento da empresa para o respectivo item.") -> Por favor, leia cada enunciado e assinale com um X na coluna correspondente ao atendimento da empresa para o respectivo item.
B30: =IF($J$10=TRUE,"QUALITY AND FOOD SAFETY MANAGEMENT SYSTEM","SISTEMA DE GESTÃO DA QUALIDADE E SEGURANÇA DE ALIMENTOS") -> SISTEMA DE GESTÃO DA QUALIDADE E SEGURANÇA DE ALIMENTOS
B31: =IF($J$10=TRUE,"Items (Answer the question with an X. If the answer is NA, please justify the answer at the Observation field.","Itens (Selecione a resposta com X) / Se NA, justificar em Observações") -> Itens (Selecione a resposta com X) / Se NA, justificar em Observações | D31: =IF($J$10=TRUE,"Yes","Sim") -> Sim | E31: =IF($J$10=TRUE,"No","Não") -> Não | F31: =IF($J$10=TRUE,"In progress","Em andamento") -> Em andamento | G31: =IF($J$10=TRUE,"NA (not applicable)","NA") -> NA | H31: =IF($J$10=TRUE,"Observation","Observações") -> Observações
B32: 1 | C32: =IF($J$10=TRUE,"Does the company have regularization documents?","A empresa possui documentos de regularização? ") -> A empresa possui documentos de regularização?
B33: =B32+1 -> 2 | C33: =IF($J$10=TRUE,"Does the company have a written service procedure?","A empresa possui procedimento por escrito do serviço prestado?") -> A empresa possui procedimento por escrito do serviço prestado?
B34: =B33+1 -> 3 | C34: =IF($J$10=TRUE,"Are all personnel involved in the process properly qualified and are there internal records of this qualification?","Todo pessoal envolvido no processo é devidamente qualificado e existem registros internos dessa qualificação?") -> Todo pessoal envolvido no processo é devidamente qualificado e existem registros internos dessa qualificação?
B35: =B34+1 -> 4 | C35: =IF($J$10=TRUE,"Are periodic health checks carried out and recorded for employees?","São realizados e registrados exames periódicos para controle de saúde dos funcionários?") -> São realizados e registrados exames periódicos para controle de saúde dos funcionários?
B36: =B35+1 -> 5 | C36: =IF($J$10=TRUE,"Does the Company have a responsible person who is legally responsible for the services provided? Describe the category (Example: Chemist; Engineer, etc.)","A Empresa tem um responsável que responde legalmente pelos serviços prestados? Descrever a categoria (Exemplo: Químico ; Engenheiro, etc)") -> A Empresa tem um responsável que responde legalmente pelos serviços prestados? Descrever a categoria (Exemplo: Químico ; Engenheiro, etc)
B37: =B36+1 -> 6 | C37: =IF($J$10=TRUE,"Are there documented records of all services provided?","Há registros documentados de todo serviço prestado?") -> Há registros documentados de todo serviço prestado?
B38: =B37+1 -> 7 | C38: =IF($J$10=TRUE,"Is the deadline allowed for performing the service met?","É cumprido o prazo permitido para realização do serviço?") -> É cumprido o prazo permitido para realização do serviço?
B39: =B38+1 -> 8 | C39: =IF($J$10=TRUE,"Is there professional competence in performing the service?","Há competência profissional na execução do serviço?") -> Há competência profissional na execução do serviço?
B40: =B39+1 -> 9 | C40: =IF($J$10=TRUE,"Is there sufficient resource use? (people, tools, materials)","Há uso de recursos em quantidade suficiente? (pessoas, ferramentas, materiais)") -> Há uso de recursos em quantidade suficiente? (pessoas, ferramentas, materiais)
B41: =B40+1 -> 10 | C41: =IF($J$10=TRUE,"Are the employees of the providing company able to comply with the Contracting Company’s Standards?","Os colaboradores da empresa prestadora estão aptos a cumprir com as Normas da Empresa contratante?") -> Os colaboradores da empresa prestadora estão aptos a cumprir com as Normas da Empresa contratante?
B42: =B41+1 -> 11 | C42: =IF($J$10=TRUE,"Do employee employees dress appropriately for their role?","Os colaboradores prestadores vestem-se adequadamente para o exercício do cargo?") -> Os colaboradores prestadores vestem-se adequadamente para o exercício do cargo?
B43: =B42+1 -> 12 | C43: =IF($J$10=TRUE,"Do provider employees use PPE when necessary?","Os colaboradores prestadores usam EPI'S quando necessário?") -> Os colaboradores prestadores usam EPI'S quando necessário?
B44: =B43+1 -> 13 | C44: =IF($J$10=TRUE,"Is the company committed to sending update information when there are any changes to the process/service?","A empresa está comprometida em enviar informações de atualização quando houver qualquer alteração no processo/e ou serviço?") -> A empresa está comprometida em enviar informações de atualização quando houver qualquer alteração no processo/e ou serviço?
B45: =B44+1 -> 14 | C45: =IF($J$10=TRUE,"Does the company develop activities that optimize the use of natural resources (e.g.: control of consumption of water, energy, materials/inputs, etc.)?","A empresa desenvolve atividades que otimiza a utilização de recursos naturais (p.ex.: controle do consumo de água, energia, materiais/insumos, etc.)?") -> A empresa desenvolve atividades que otimiza a utilização de recursos naturais (p.ex.: controle do consumo de água, energia, materiais/insumos, etc.)?
B46: =B45+1 -> 15 | C46: =IF($J$10=TRUE,"Does the company maintain activities, linked to production processes and/or services, that minimize impacts on the Environment? (e.g.: control of adequate waste disposal, reduction of noise generation, etc.)","A empresa mantém atividades, ligadas aos processos produtivos e/ou serviços, que minimizem os impactos ao Meio Ambiente? (p.ex.: controle do descarte adequado de resíduos, redução da geração de ruídos, etc.) ") -> A empresa mantém atividades, ligadas aos processos produtivos e/ou serviços, que minimizem os impactos ao Meio Ambiente? (p.ex.: controle do descarte adequado de resíduos, redução da geração de ruídos, etc.)
B47: =B46+1 -> 16 | C47: =IF($J$10=TRUE,"Supervision of the work performed? (problem detection and execution before service delivery)","Há supervisão do trabalho executado? (detecção e execução de problema antes da entrega do serviço)") -> Há supervisão do trabalho executado? (detecção e execução de problema antes da entrega do serviço)
B49: =IF($J$10=TRUE,"I declare that all information is true and that any changes in the manufacturing process, specification, or any other changes that impact the quality and/or traceability of the product supplied will be duly communicated to ICC Brazil.","Declaro que todas as informações são verídicas e que qualquer alteração no processo de fabricação, especificação, ou quaisquer outras mudanças que impactem na qualidade e/ou rastreabilidade do produto fornecido serão devidamente comunicados a ICC Brazil.") -> Declaro que todas as informações são verídicas e que qualquer alteração no processo de fabricação, especificação, ou quaisquer outras mudanças que impactem na qualidade e/ou rastreabilidade do produto fornecido serão devidamente comunicados a ICC Brazil.
C51: =IF($J$10=TRUE,"Responsible for completing:","Responsável pelo preenchimento:") -> Responsável pelo preenchimento:
C52: =IF($J$10=TRUE,"Job Title:","Cargo:") -> Cargo:
C53: =IF($J$10=TRUE,"Date:","Data:") -> Data:
C58: =IF($J$10=TRUE,"Signature","Assinatura") -> Assinatura

Sheet LABORATÓRIO_LABORATORY
C1: QUALIFICAÇÃO DE FORNECEDORES - LABORATÓRIO QUALIFICATION OF SUPPLIERS - LABORATORY | J1: RQ-COR-GQ-13
J3: Revisão 03
B5: Para efetuar o preenchimento do formulário em inglês, solicitamos que selecione o botão abaixo./To fill out the form in English, we kindly request that you select the button below.
B10: =IF($J$10=TRUE,"Corporate Name:","Razão Social:") -> Razão Social: | J10: FALSE
B11: =IF($J$10=TRUE,"Fantasy Name:","Nome Fantasia:") -> Nome Fantasia:
B12: =IF($J$10=TRUE,"TIN:","CNPJ:") -> CNPJ:
B13: =IF($J$10=TRUE,"Adress:","Endereço:") -> Endereço:
B14: =IF($J$10=TRUE,"Product supplied to ICC Brazil:","Produto (s) fornecido (s) para a ICC:") -> Produto (s) fornecido (s) para a ICC:
B15: =IF($J$10=TRUE,"CEO:","Responsável Técnico:") -> Responsável Técnico:
C20: =IF($J$10=TRUE,"Please select the submitted documents below","Selecione abaixo os documentos enviados.") -> Selecione abaixo os documentos enviados.
C21: =IF($J$10=TRUE,"REQUIREMENT","REQUISITO") -> REQUISITO | D21: =IF($J$10=TRUE,"SENT","ENVIADO") -> ENVIADO | F21: =IF($J$10=TRUE,"DOCUMENTS","DOCUMENTOS") -> DOCUMENTOS
C22: =IF($J$10=TRUE,"Mandatory","Obrigatório") -> Obrigatório | F22: =IF($J$10=TRUE,"Government-issued operating license","Alvará da Prefeitura") -> Alvará da Prefeitura
C23: =IF($J$10=TRUE,"Mandatory","Obrigatório") -> Obrigatório | F23: =IF($J$10=TRUE,"Scope of analysis","Escopo de análises") -> Escopo de análises
C24: =IF($J$10=TRUE,"Mandatory","Obrigatório") -> Obrigatório | F24: =IF($J$10=TRUE,"License issued by the environmental agency","Licença de Operação") -> Licença de Operação
C25: =IF($J$10=TRUE,"Mandatory","Obrigatório") -> Obrigatório | F25: =IF($J$10=TRUE,"License issued by the health agency","Licença da Vigilância Sanitária") -> Licença da Vigilância Sanitária
C26: =IF($J$10=TRUE,"Mandatory","Obrigatório") -> Obrigatório | F26: =IF($J$10=TRUE,"Fire department license, if applicable","Auto de Vistoria do Corpo de Bombeiros (AVCB)") -> Auto de Vistoria do Corpo de Bombeiros (AVCB)
C27: =IF($J$10=TRUE,"Mandatory","Obrigatório") -> Obrigatório | F27: =IF($J$10=TRUE,"Declaration of technical responsibility of CEO","Anotação do Responsável Técnico (ART)") -> Anotação do Responsável Técnico (ART)
C28: =IF($J$10=TRUE,"Mandatory","Obrigatório") -> Obrigatório | F28: =IF($J$10=TRUE,"Police License, if applicable","Licença da Polícia Federal") -> Licença da Polícia Federal
C29: =IF($J$10=TRUE,"Mandatory","Obrigatório") -> Obrigatório | F29: =IF($J$10=TRUE,"Certifications","Certificações") -> Certificações
C30: =IF($J$10=TRUE,"Mandatory","Obrigatório") -> Obrigatório | F30: =IF($J$10=TRUE,"Scope of analysis for each certification","Escopo de análise de cada certificação") -> Escopo de análise de cada certificação
C31: =IF($J$10=TRUE,"Differencial","Diferencial") -> Diferencial | F31: =IF($J$10=TRUE,"Water Potability Report, in accordance with current legislation","Laudo de Potabilidade de Água, conforme legislação vigente") -> Laudo de Potabilidade de Água, conforme legislação vigente
C32: =IF($J$10=TRUE,"Differencial","Diferencial") -> Diferencial | F32: =IF($J$10=TRUE,"","Credenciamento ou Licença do MAPA") -> Credenciamento ou Licença do MAPA
B39: =IF($J$10=TRUE,"Read each statement and mark with an X in the column according to the company's service in the item.","Por favor, leia cada enunciado e assinale com um X na coluna correspondente ao atendimento da empresa para o respectivo item.") -> Por favor, leia cada enunciado e assinale com um X na coluna correspondente ao atendimento da empresa para o respectivo item.
B40: =IF($J$10=TRUE,"QUALITY AND FOOD SAFETY MANAGEMENT SYSTEM","SISTEMA DE GESTÃO DA QUALIDADE E SEGURANÇA DE ALIMENTOS") -> SISTEMA DE GESTÃO DA QUALIDADE E SEGURANÇA DE ALIMENTOS
B41: =IF($J$10=TRUE,"Items (Answer the question with an X. If the answer is NA, please justify the answer at the Observation field.","Itens (Selecione a resposta com X) / Se NA, justificar em Observações") -> Itens (Selecione a resposta com X) / Se NA, justificar em Observações | D41: =IF($J$10=TRUE,"Yes","Sim") -> Sim | E41: =IF($J$10=TRUE,"No","Não") -> Não | F41: =IF($J$10=TRUE,"In progress","Em andamento") -> Em andamento | G41: =IF($J$10=TRUE,"NA (not applicable)","NA") -> NA | H41: =IF($J$10=TRUE,"Observation","Observações") -> Observações
B42: 1 | C42: =IF($J$10=TRUE,"Does the laboratory perform microbiological analyzes separately from other scope analyses?","O laboratório realiza as análises microbiológicas separadamente das demais análises do escopo?") -> O laboratório realiza as análises microbiológicas separadamente das demais análises do escopo?
B43: 2 | C43: =IF($J$10=TRUE,"Does the laboratory keep samples retained after analysis? If yes, what is the retention time?","O laboratório mantém as amostras retidas após as análise? Se sim, qual é o tempo de retenção?") -> O laboratório mantém as amostras retidas após as análise? Se sim, qual é o tempo de retenção? | H43: Resposta obrigatória/Required answer:
B44: 3 | C44: =IF($J$10=TRUE,"Does the laboratory accept customer audits?","O laboratório aceita auditoria de clientes?") -> O laboratório aceita auditoria de clientes?
B45: 4 | C45: =IF($J$10=TRUE,"Are measures taken to prevent cross-contamination?","São tomadas medidas para prevenir contaminação cruzada?") -> São tomadas medidas para prevenir contaminação cruzada?
B46: 5 | C46: =IF($J$10=TRUE,"Is access control carried out to areas that affect the quality of tests/calibrations?","É realizado o controle de acesso às áreas que afetam a qualidade dos ensaios/calibrações?") -> É realizado o controle de acesso às áreas que afetam a qualidade dos ensaios/calibrações?
B47: 6 | C47: =IF($J$10=TRUE,"Are safety equipment (eyewash, showers, fire extinguishers and fume hoods) and PPE available and working?","Equipamentos de segurança (lavador de olhos, chuveiros, extintores e capelas) e EPIs estão disponiveis e funcionando?") -> Equipamentos de segurança (lavador de olhos, chuveiros, extintores e capelas) e EPIs estão disponiveis e funcionando?
B48: 7 | C48: =IF($J$10=TRUE,"Does the equipment/glassware/accessories exist, are they in good condition and in good working order?","Os equipamentos/vidrarias/acessórios existem, estão em bom estado de conservação e funcionamento?") -> Os equipamentos/vidrarias/acessórios existem, estão em bom estado de conservação e funcionamento?
B49: 8 | C49: =IF($J$10=TRUE,"Is the laboratory approved by other companies? List your top three customers.","O laboratório é homologado por outras empresas? Liste os três principais clientes.") -> O laboratório é homologado por outras empresas? Liste os três principais clientes. | H49: Resposta obrigatória/Required answer:
B50: 9 | C50: =IF($J$10=TRUE,"The laboratory ensures that no loss, damage or contamination occurs to the sample during storage, handling, preparation and analysis. How? (Make a short summary)","O laboratório garante que nenhuma perda, dano ou contaminação ocorre na amostra durante a armazenagem, manuseio, preparação e análise. Como? (Faça um breve resumo)") -> O laboratório garante que nenhuma perda, dano ou contaminação ocorre na amostra durante a armazenagem, manuseio, preparação e análise. Como? (Faça um breve resumo) | H50: Resposta obrigatória/Required answer:
B51: 10 | C51: =IF($J$10=TRUE,"Are the analytical results evaluated and validated by the laboratory manager?","Os resultados analíticos são avaliados e validados pelo responsável do Laboratório?") -> Os resultados analíticos são avaliados e validados pelo responsável do Laboratório?
B53: =IF($J$10=TRUE,"I declare that all information is true and that any changes in the manufacturing process, specification, or any other changes that impact the quality and/or traceability of the product supplied will be duly communicated to ICC Brazil.","Declaro que todas as informações são verídicas e que qualquer alteração no processo de fabricação, especificação, ou quaisquer outras mudanças que impactem na qualidade e/ou rastreabilidade do produto fornecido serão devidamente comunicados a ICC Brazil.") -> Declaro que todas as informações são verídicas e que qualquer alteração no processo de fabricação, especificação, ou quaisquer outras mudanças que impactem na qualidade e/ou rastreabilidade do produto fornecido serão devidamente comunicados a ICC Brazil.
C55: =IF($J$10=TRUE,"Responsible for completing:","Responsável pelo preenchimento:") -> Responsável pelo preenchimento:
C56: =IF($J$10=TRUE,"Job Title:","Cargo:") -> Cargo:
C57: =IF($J$10=TRUE,"Date:","Data:") -> Data:
C62: =IF($J$10=TRUE,"Signature","Assinatura") -> Assinatura

Sheet DESPACHANTE
C1: QUALIFICAÇÃO DE FORNECEDORES - DESPACHANTE QUALIFICATION OF SUPPLIERS - FORWARDING AGENT | J1: RQ-COR-GQ-13
J3: Revisão 03
B5: Para efetuar o preenchimento do formulário em inglês, solicitamos que selecione o botão abaixo./To fill out the form in English, we kindly request that you select the button below.
B10: =IF($J$10=TRUE,"Corporate Name:","Razão Social:") -> Razão Social: | J10: FALSE
B11: =IF($J$10=TRUE,"Fantasy Name:","Nome Fantasia:") -> Nome Fantasia:
B12: =IF($J$10=TRUE,"TIN:","CNPJ:") -> CNPJ:
B13: =IF($J$10=TRUE,"Adress:","Endereço:") -> Endereço:
B14: =IF($J$10=TRUE,"Product supplied to ICC Brazil:","Produto (s) fornecido (s) para a ICC:") -> Produto (s) fornecido (s) para a ICC:
B15: =IF($J$10=TRUE,"CEO:","Responsável Técnico:") -> Responsável Técnico:
C20: =IF($J$10=TRUE,"Please select the submitted documents below","Selecione abaixo os documentos enviados.") -> Selecione abaixo os documentos enviados.
C21: =IF($J$10=TRUE,"REQUIREMENT","REQUISITO") -> REQUISITO | D21: =IF($J$10=TRUE,"SENT","ENVIADO") -> ENVIADO | F21: =IF($J$10=TRUE,"DOCUMENTS","DOCUMENTOS") -> DOCUMENTOS
C22: =IF($J$10=TRUE,"Mandatory","Obrigatório") -> Obrigatório | F22: =IF($J$10=TRUE,"Government-issued operating license","Alvará da Prefeitura") -> Alvará da Prefeitura
C23: =IF($J$10=TRUE,"Mandatory","Obrigatório") -> Obrigatório | F23: =IF($J$10=TRUE,"Declaration of technical responsibility of CEO","Anotação do Responsável Técnico (ART)") -> Anotação do Responsável Técnico (ART)
C24: =IF($J$10=TRUE,"Mandatory","Obrigatório") -> Obrigatório | F24: =IF($J$10=TRUE,"Technical proposal","Proposta técnica") -> Proposta técnica
C25: =IF($J$10=TRUE,"Mandatory","Obrigatório") -> Obrigatório | F25: =IF($J$10=TRUE,"Power of attorney for foreign trade purposes","Procuração para fins de Comercio exterior") -> Procuração para fins de Comercio exterior
C26: =IF($J$10=TRUE,"","Obrigatório") -> Obrigatório | F26: =IF($J$10=TRUE,"","AFE - Autorização de Funcionamento Anvisa") -> AFE - Autorização de Funcionamento Anvisa
C27: =IF($J$10=TRUE,"","Obrigatório") -> Obrigatório | F27: =IF($J$10=TRUE,"","Licença de Funcionamento - Polícia Federal") -> Licença de Funcionamento - Polícia Federal
C28: =IF($J$10=TRUE,"Differencial","Diferencial") -> Diferencial | F28: =IF($J$10=TRUE,"Food Safety Certificates (e.g., GMP+FSA, FSSC 22000, FAMI QS, BRC...)","Certificados de Segurança de Alimentos (por exemplo, GMP+FSA, FSSC 22000, FAMI QS, BRC...)") -> Certificados de Segurança de Alimentos (por exemplo, GMP+FSA, FSSC 22000, FAMI QS, BRC...)
B34: =IF($J$10=TRUE,"Read each statement and mark with an X in the column according to the company's service in the item.","Por favor, leia cada enunciado e assinale com um X na coluna correspondente ao atendimento da empresa para o respectivo item.") -> Por favor, leia cada enunciado e assinale com um X na coluna correspondente ao atendimento da empresa para o respectivo item.
B35: =IF($J$10=TRUE,"GENERAL ITEMS","ITENS GERAIS") -> ITENS GERAIS
B36: =IF($J$10=TRUE,"Items (Answer the question with an X. If the answer is NA, please justify the answer at the Observation field.","Itens (Selecione a resposta com X) / Se NA, justificar em Observações") -> Itens (Selecione a resposta com X) / Se NA, justificar em Observações | D36: =IF($J$10=TRUE,"Yes","Sim") -> Sim | E36: =IF($J$10=TRUE,"No","Não") -> Não | F36: =IF($J$10=TRUE,"In progress","Em andamento") -> Em andamento | G36: =IF($J$10=TRUE,"NA (not applicable)","NA") -> NA | H36: =IF($J$10=TRUE,"Observation","Observações") -> Observações
B37: 1 | C37: =IF($J$10=TRUE,"Does the company perform Import and Export services?","A empresa executa serviços de Importação e Exportação?") -> A empresa executa serviços de Importação e Exportação?
B38: =B37+1 -> 2 | C38: =IF($J$10=TRUE,"Is the dispatcher approved by the Federal Revenue Service?","O despachante é homologado junto à receita federal ?") -> O despachante é homologado junto à receita federal ?
B39: =IF($J$10=TRUE,"IMPORT","IMPORTAÇÃO") -> IMPORTAÇÃO
B40: =IF($J$10=TRUE,"Items (Answer the question with an X. If the answer is NA, please justify the answer at the Observation field.","Itens (Selecione a resposta com X) / Se NA, justificar em Observações") -> Itens (Selecione a resposta com X) / Se NA, justificar em Observações | D40: =IF($J$10=TRUE,"Yes","Sim") -> Sim | E40: =IF($J$10=TRUE,"No","Não") -> Não | F40: =IF($J$10=TRUE,"In progress","Em andamento") -> Em andamento | G40: =IF($J$10=TRUE,"NA (not applicable)","NA") -> NA | H40: =IF($J$10=TRUE,"Observation","Observações") -> Observações
B41: =B38+1 -> 3 | C41: =IF($J$10=TRUE,"Does the company carry out analysis, interpretation and classification of the goods subject to import?","A empresa realiza análise, interpretação e enquadramento dos bens objeto da importação?") -> A empresa realiza análise, interpretação e enquadramento dos bens objeto da importação?
B42: =B41+1 -> 4 | C42: =IF($J$10=TRUE,"Does the company present real import costs after the process is completed?"," A empresa realiza apresentação de custos reais de importação após o encerramento do processo?") -> A empresa realiza apresentação de custos reais de importação após o encerramento do processo?
B43: =B42+1 -> 5 | C43: =IF($J$10=TRUE,"Does the company carry out analysis, review and preparation of the Import License?","A empresa realiza análise, revisão e preparação da Licença de Importação?") -> A empresa realiza análise, revisão e preparação da Licença de Importação?
B44: =B43+1 -> 6 | C44: =IF($J$10=TRUE,"Does the company monitor the shipment with the freight agent from collection to delivery at the destination?","A empresa realiza o acompanhamento do embarque junto ao agente de carga desde a coleta até a entrega no destino?") -> A empresa realiza o acompanhamento do embarque junto ao agente de carga desde a coleta até a entrega no destino?
B45: =B44+1 -> 7 | C45: =IF($J$10=TRUE,"Does the company monitor the shipment with the freight agent from collection to delivery at the destination?","A empresa realiza o acompanhamento do embarque junto ao agente de cargas desde a coleta até entrega no destino?") -> A empresa realiza o acompanhamento do embarque junto ao agente de cargas desde a coleta até entrega no destino?
B46: =B45+1 -> 8 | C46: =IF($J$10=TRUE,"Does the company collect original BLs from cargo agents?","A empresa realiza a retirada de BLs originais com os agentes de carga?") -> A empresa realiza a retirada de BLs originais com os agentes de carga?
B47: =B46+1 -> 9 | C47: =IF($J$10=TRUE,"Does the company carry out the evaluation and issuance of LIs by NCM, prior to shipment?","A empresa realiza a avaliação e emissão de LI’s por NCM, anterior ao embarque?") -> A empresa realiza a avaliação e emissão de LI’s por NCM, anterior ao embarque?
B48: =B47+1 -> 10 | C48: =IF($J$10=TRUE,"Does the company carry out customs clearance for DI, DTA’s?","A empresa realiza desembaraço aduaneiro de DI, DTA’s?") -> A empresa realiza desembaraço aduaneiro de DI, DTA’s?
B49: =B48+1 -> 11 | C49: =IF($J$10=TRUE,"Does the company control tax/cash payments?","A empresa realiza Controle de pagamentos de impostos / numerários?") -> A empresa realiza Controle de pagamentos de impostos / numerários?
B50: =B49+1 -> 12 | C50: =IF($J$10=TRUE,"Does the company control tax/cash payments?","A empresa realiza Controle de pagamentos de impostos / numerários?") -> A empresa realiza Controle de pagamentos de impostos / numerários?
B51: =B50+1 -> 13 | C51: =IF($J$10=TRUE,"Does the company send the completed import process to the customer, with original documents and receipts and service provision invoice?","A empresa realiza o envio do processo de importação finalizado ao cliente, com documentos e recibos originais e NF de prestação de serviços?") -> A empresa realiza o envio do processo de importação finalizado ao cliente, com documentos e recibos originais e NF de prestação de serviços?
B52: =IF($J$10=TRUE,"EXPORT","EXPORTAÇÃO") -> EXPORTAÇÃO
B53: =IF($J$10=TRUE,"Items (Answer the question with an X. If the answer is NA, please justify the answer at the Observation field.","Itens (Selecione a resposta com X) / Se NA, justificar em Observações") -> Itens (Selecione a resposta com X) / Se NA, justificar em Observações | D53: =IF($J$10=TRUE,"Yes","Sim") -> Sim | E53: =IF($J$10=TRUE,"No","Não") -> Não | F53: =IF($J$10=TRUE,"In progress","Em andamento") -> Em andamento | G53: =IF($J$10=TRUE,"NA (not applicable)","NA") -> NA | H53: =IF($J$10=TRUE,"Observation","Observações") -> Observações
B54: =B51+1 -> 14 | C54: =IF($J$10=TRUE,"Does the company issue a Single Export Declaration (DU-e)?","A empreas emite Declaração Única de Exportação (DU-e)?") -> A empreas emite Declaração Única de Exportação (DU-e)?
B55: =B54+1 -> 15 | C55: =IF($J$10=TRUE,"Does the company carry out the Clearance process at the main borders?","A empresa realiza o processo de Desembaraço nas principais fronteiras?") -> A empresa realiza o processo de Desembaraço nas principais fronteiras?
B56: =B55+1 -> 16 | C56: =IF($J$10=TRUE,"Does the company carry out the Customs Clearance and Release process?","A empresa realiza o processo de Desembaraço e Liberação Aduaneira?") -> A empresa realiza o processo de Desembaraço e Liberação Aduaneira?
B57: =B56+1 -> 17 | C57: =IF($J$10=TRUE,"Does the company control expense payments?","A empresa realiza controle de pagamento de despesas?") -> A empresa realiza controle de pagamento de despesas?
